Workbook
Name Afectación_Económica: '3 PROBABIL E IMPACTO INHERENTE'!$X$8:$X$12
Name Definicion_tratamiento: '11 FORMULAS'!#REF!
Name E_Relaciones_Laborales: '11 FORMULAS'!$C$12:$C$17
Name F_Usuarios_Productos_y_Prácticas_Organizacionales: '11 FORMULAS'!$C$18:$C$23
Name G_Daños_Activos_Físicos: '11 FORMULAS'!$C$24:$C$26
Name IMPACTO_PROCESOS: '[1]LISTAS FORMULAS'!$C$3:$C$7
Name IMPACTO_PROCESOS: '[1]LISTAS FORMULAS'!$C$3:$C$7
Name IMPACTO_PROCESOS: '[1]LISTAS FORMULAS'!$C$3:$C$7
Name IMPACTO_PROCESOS: '[1]LISTAS FORMULAS'!$C$3:$C$7
Name IMPACTO_PROCESOS: '[1]LISTAS FORMULAS'!$C$3:$C$7
Name IMPACTO_PROCESOS: '[1]LISTAS FORMULAS'!$C$3:$C$7
Name opciones: '[1]LISTAS FORMULAS'!$F$3:$F$4
Name opciones: '[1]LISTAS FORMULAS'!$F$3:$F$4
Name opciones: '[1]LISTAS FORMULAS'!$F$3:$F$4
Name opciones: '[1]LISTAS FORMULAS'!$F$3:$F$4
Name opciones: '[1]LISTAS FORMULAS'!$F$3:$F$4
Name opciones: '[1]LISTAS FORMULAS'!$F$3:$F$4
Name opciones2: '[1]LISTAS FORMULAS'!$G$3:$G$5
Name opciones2: '[1]LISTAS FORMULAS'!$G$3:$G$5
Name opciones2: '[1]LISTAS FORMULAS'!$G$3:$G$5
Name opciones2: '[1]LISTAS FORMULAS'!$G$3:$G$5
Name opciones2: '[1]LISTAS FORMULAS'!$G$3:$G$5
Name opciones2: '[1]LISTAS FORMULAS'!$G$3:$G$5
Name Plan_accion: '11 FORMULAS'!#REF!
Name Plan_acción: '11 FORMULAS'!#REF!
Name Plan_de_acción: '11 FORMULAS'!#REF!
Name Quince_Cero: '[1]LISTAS FORMULAS'!$F$14:$F$15
Name Quince_Cero: '[1]LISTAS FORMULAS'!$F$14:$F$15
Name Quince_Cero: '[1]LISTAS FORMULAS'!$F$14:$F$15
Name Quince_Cero: '[1]LISTAS FORMULAS'!$F$14:$F$15
Name Quince_Cero: '[1]LISTAS FORMULAS'!$F$14:$F$15
Name Quince_Cero: '[1]LISTAS FORMULAS'!$F$14:$F$15
Name Rango_Calificacion_Ejecucion: '[1]LISTAS FORMULAS'!$H$3:$H$5
Name Rango_Calificacion_Ejecucion: '[1]LISTAS FORMULAS'!$H$3:$H$5
Name Rango_Calificacion_Ejecucion: '[1]LISTAS FORMULAS'!$H$3:$H$5
Name Rango_Calificacion_Ejecucion: '[1]LISTAS FORMULAS'!$H$3:$H$5
Name Rango_Calificacion_Ejecucion: '[1]LISTAS FORMULAS'!$H$3:$H$5
Name Rango_Calificacion_Ejecucion: '[1]LISTAS FORMULAS'!$H$3:$H$5
Name Reducir_mitigar_Transferir_Evitar: '8 MAPA RIESGOS'!$AJ$15:$AJ$17
Name Reputacional: '3 PROBABIL E IMPACTO INHERENTE'!$Y$8:$Y$12
Name Requiere_Plan_de_Acción: '8 MAPA RIESGOS'!$AJ$15:$AJ$17
Name TIPO: '[1]CONTEXTO E IDENTIFICACIÓN'!$E$29:$E$32
Name TIPO: '[1]CONTEXTO E IDENTIFICACIÓN'!$E$29:$E$32
Name TIPO: '[1]CONTEXTO E IDENTIFICACIÓN'!$E$29:$E$32
Name TIPO: '[1]CONTEXTO E IDENTIFICACIÓN'!$E$29:$E$32
Name TIPO: '[1]CONTEXTO E IDENTIFICACIÓN'!$E$29:$E$32
Name Tipo: '11 FORMULAS'!$A$4:$A$11

Sheet 1 INSTRUCTIVO
B2: Matriz Mapa de Riesgos
B4: Con la expedición del Decreto 1499 de 2017 “Por medio del cual se modifica el Decreto 1083 de 2015, Decreto Único Reglamentario del Sector Función Pública, en lo relacionado con el Sistema de Gestión establecido en el artículo 133 de la Ley 1753 de 2015”, se crea un solo Sistema de Gestión y se alinea con el Sistema de Control Interno, hoy todas las entidades públicas requieren actualizar y/o implementar el Modelo Integrado de Planeación y Gestión MIPG, modelo que incorpora el Modelo Estándar de Control Interno MECI a través de la 7a dimensión del mismo. En este marco general, el proceso de administración del riesgo es un esfuerzo conjunto entre la Alta Dirección y los servidores en todos sus niveles, ejercicio que inicia con la formulación de la política de Administración del Riesgo, la cual incluye los niveles de responsabilidad frente al seguimiento y evaluación, aspectos que deberán definirse acorde con el Esquema de Líneas de Defensa vinculado a la Dimensión 7. Teniendo en cuenta lo anterior y dada la necesidad de las entidades frente a la estructuración de los mapas de riesgos, como herramienta fundamental frente a la gestión del riesgo, el presente formato desarrolla un esquema completo acorde con los contenidos metodológicos de la Guía para la Administración del Riesgo y el diseño de controles V5. El formato cuenta con celdas parametrizadas y permite contar con los respectivos mapas de calor para riesgo inherente y riesgo residual.
B6: Orientaciones Generales
B7: Antes de iniciar con el diligenciamiento de la información en la matriz, se requiere haber avanzado en el análisis del proceso, su objetivo, alcance, actividades clave, considere los lineamientos establecidos en el Paso 2: identificación del riesgo, donde se explica ampliamente las bases para adelantar este análisis. Así mismo, considere en el Paso 3: valoración del riesgo los lineamientos para definir el No. de veces que se hace la actividad con la cual se relaciona el riesgo y su impacto en términos económicos o reputacionales. En este mismo paso se analizan los controles que deben responder a los atributos de eficiencia e informativos.
B9: Las hojas se encuentran protegidas para evidar dañar las formulas, para desprotegerlas no se requiere contraseña
B11: Se debe ingresar información solo en las celdas identificadas con color NARANJA CLARO, las demás contienen formulas de autollenado
B13: El formato de fecha es: DD/MM/AAAA
B15: El archivo contiene las siguientes hojas:
B17: 1 INSTRUCTIVO: Identifica el contenido del archivo y su funcionalidad
B19: 2 CONTEXTO E IDENTIFICACIÓN: Se establece el Número, Descripción y Factor del riesgo
C21: Columna | E21: Descripción - Lineamientos para el diligenciamiento
C22: Proceso | E22: Diligencie el nombre del proceso al cual se le identificarán y valorarán los riesgos.
C23: Objetivo del Proceso | E23: Diligencie el objetivo del proceso.
C24: Elaboración o Actualización: | E24: Fecha en la que realiza el diligenciamiento o actualización del mapa de riesgos, formato (DD/MM/AAAA)
C25: Vigencia del Al: | E25: Vigencia que tiene el mapa de riesgos fecha inicio fecha final, formato (DD/MM/AAAA)
C26: No. de Riesgo | E26: Permite definir unl consecutivo de riesgos. Una entidad puede ir en el riesgo 150, pero tener 70 riesgos, lo que permite llevar una traza de los riesgos. Esta información la debe administrar la oficina asesora de planeación o gerencia de riesgos. Cuando un el riesgo salga del mapa no existirá otro riesgo con el mismo número.
C27: ¿QUÉ? IMPACTO | E27: Analice las consecuencias que puede ocasionar a la organización la materialización del riesgo, Seleccione de la lista desplegable entre: Posibilidad de pérdida Económica Posibilidad de pérdida Reputacional Posibilidad de pérdida Económica y Reputacional
C28: ¿CÓMO? CAUSA INMEDIATA | E28: Circunstancias bajo las cuales se presenta el riesgo, es la situación más evidente frente al riesgo, redacte de la forma más concreta posible. (Iniciar con la palabra por)
C29: ¿PORQUÉ? CAUSA RAÍZ | E29: Causa principal o básica, corresponde a las razones por la cuales se puede presentar el riesgo, redacte de la forma más concreta posible. (Iniciar con debido a)
C30: DESCRIPCIÓN DEL RIESGO | E30: Consolida o resume los análisis sobre impacto + causa inmediata + causa raíz, permitiendo contar con una redacción clara y concreta del riesgo indentificado. Tenga en cuenta la estructura de alto nivel establecida en al guía, inicia con POSIBILIDAD DE + Impacto para la entidad (Qué) + Causa Inmediata (Cómo) + Causa Raíz (Por qué) (Se genera automáticamente)
C31: FACTOR DEL RIESGO / TIPO | E31: Seleccione de la lista desplegable entre las opiciones: A_Ejecución_y_Administración_de_procesos B_Fraude_Externo C_Fraude_Interno D_Fallas_Tecnológicas E_Relaciones_Laborales F_Usuarios_Productos_y_Prácticas_Organizacionales G_Daños_Activos_Físicos
C32: FACTOR DEL RIESGO / SELECCIONE FUENTE GENERADORA DEL EVENTO PARA TIPO E,F,G | E32: Si en TIPO seleccioneó las opiciones: E_Relaciones_Laborales F_Usuarios_Productos_y_Prácticas_Organizacionales G_Daños_Activos_Físicos Debe definir la fuente generadora de la lista desplegable
C33: RESULTADO FUENTE GENERADORA DEL EVENTO | E33: Se rellena automáticamente según lo seleccinado de FACTOR DEL RIESGO
B35: 3 PROBABIL E IMPACTO INHERENTE:
C37: Columna | E37: Descripción - Lineamientos para el diligenciamiento
C38: No. veces que realiza la actividad al año | E38: Defina el número de veces que se ejecuta la actividad durante el año, (Recuerde la probabilidad e ocurrencia del riesgo se define como el No. de veces que se pasa por el punto de riesgo en el periodo de 1 año). La matriz automáticamente hará el cálculo para el nivel de probabilidad inherente. La matriz calcula automáticamente: Frecuencia de la Actividad % Probabilidad Nivel Probabilidad
C39: Afectación Económica | E39: Selecciona de la lista desplegable el rango de afectación económica y la matriz calcula: % Nivel
C40: Reputacional | E40: Selecciona de la lista desplegable el rango de afectación reputacional y la matriz calcula: % Nivel
C41: Resultado / Porcentaje de Impacto / Nivel de Impacto | E41: Se calcula automáticamente según la información de afectación económica y reputacional
B43: 4 MAPA CALOR INHERENTE: Representación gráfica de la ubicación de cada riesgo inherente en el mapa de calor (En esta hoja no se ingresan datos)
B45: 5 VALORACIÓN DEL CONTROL: Se realiza la descripción y atributos del control, calcula automáticamente el Valor Total del Control, Probabilidad residual e Impacto Residual
C47: Columna | E47: Descripción - Lineamientos para el diligenciamiento
C48: Descripción del Control | E48: Recuerde que el control se define como la medida que permite reducir o mitigar un riesgo. Defina el control (es) que atacan la causa raíz del riesgo, considere la estructura explicada en la guía: Responsable de ejecutar el control + Acción + Complemento
C49: Tipo de control | E49: Debe seleccionar de lista desplegable entre: Preventivo Detectivo Correctivo
C50: Peso del Control | E50: Se calcula automáticamente según lo seleccionado en Tipo de Control Preventivo: 25 % Detectivo: 15 % Correctivo: 10 %
C51: Afectación o Desplazamiento en la Matriz | E51: Se calcula automáticamente según lo seleccionado en Tipo de Control Preventivo: 25 % Detectivo: 15 % Correctivo: 10 %
C52: Implementación | E52: Debe seleccionar de lista desplegable entre: Automático: 25 % Manual: 15 %
C53: Peso de la implementación | E53: Se calcula automáticamente según lo seleccionado en Implementación Manual Automático
C54: Informativos | E54: Debe seleccionar de listas desplegables Documentación: Documentado - Sin Documentar Frecuencia: Continua - Aleatoria Evidencia: Con registro - Sin registro
C55: Valor Total del Control | E55: Se calcula automáticamente: Peso del Control + Peso de la implementación
C56: Probabilidad residual | E56: Se calcula automáticamente: % Probabilidad Riesgo Inherente-(% Probabilidad Riesgo Inherente*Valor Total del Control)
C57: Impacto Residual | E57: % Impacto Riesgo Inherente-(% Impacto Riesgo Inherente*Valor Total del Control)
B59: 6 MAPA CALOR RESIDUAL: Representación gráfica de la ubicación de cada riesgo residual en el mapa de calor (En esta hoja no se ingresan datos)
B61: 7 MAPA CALOR INHEREN Y RESIDUAL: Comparación gráfica de la ubicación de cada riesgo inherente y residual en el mapa de calor (En esta hoja no se ingresan dados)
B63: 8 MAPA RIESGOS: Establece el Tratamiento, Plan de Acción, Seguimientos por parte del Líder del Proceso, Verificación por parte de segunda línea de defensa o quien haga sus veces, Verificación por parte de la Oficina de Control Interno o quien haga sus veces y el estado de la acción.
C65: Columna | E65: Descripción - Lineamientos para el diligenciamiento
C66: SEVERIDAD (NIVEL DE RIESGO) | E66: Se calcula automáticamente según CALIFICACIÓN RIESGO RESIDUAL / PROBABILIDAD E IMPACTO
C67: Tratamiento | E67: Se calcula automáticamente según SEVERIDAD (NIVEL DE RIESGO): Extremo, Alto, Moderado: Reducir, mitigar, Transferir, Evitar Bajo: Aceptar
C68: ¿Requiere Plan de Acción? | E68: Se calcula automáticamente según Tratamiento Reducir, mitigar, Transferir, Evitar: Requiere plan de acción Aceptar: No requiere plan de acción
C69: Plan de Acción Descripción de la Acción, basado en el análisis de causas Responsable (Cargo) Fecha de Inicio Fecha de Finalización | E69: Esta casilla dependerá del tratamiento establecido, si es Aceptar no se requieren acciones adicionales, en caso de escoger Reducir (mitigar) se deben diligenciar las acciones que se adelantarán como complemento a los controles establecidos, no necesariamente son controles adicionales. Para Reducir (compartir), es viable diligenciar la acción que deriva de esta (ejemplo póliza seguros, terceración), indicando información relevante.
C70: Seguimientos por parte del Líder del Proceso | E70: Realizar descripción de los seguimientos por parte del proceso
C71: Verificación por parte de segunda línea de defensa o quien haga sus veces (Fecha y Descripción) | E71: Realizar descripción de las verificaciones de la segunda línea de defensa
C72: Verificación por parte de la Oficina de Control Interno o quien haga sus veces (Fecha y Descripción) | E72: Realizar descripción de las verificaciones que realiza Control Interno o quien haga sus veces.
C73: Estado | E73: Utilice la lista de despligue que se encuentra parametrizada, le aparecerán las opciones: Sin Iniciar, En proceso, Cerrado, la selección en este caso dependerá de las acciones del plan que se hayan establecido en cada caso.
B75: 9 RIESGO DEL PROCESO: Calcula el nivel de riesgo del proceso (En esta hoja no se ingresan datos)
B77: 10 CONTROL DE CAMBIOS: En ella se debe registrar los cambios al formato y al contenido del mismo
B79: 11 FORMULAS: La información que contiene se utiliza para realizar operaciones en las demás hojas (En esta hoja no se ingresan datos)
B82: Lista de datos de la matriz:
B85: Hoja | C85: Columna | E85: Descripción - Lineamientos para el diligenciamiento
B86: 2 | C86: Proceso | E86: Diligencie el nombre del proceso al cual se le identificarán y valorarán los riesgos.
B87: 2 | C87: Objetivo del Proceso | E87: Diligencie el objetivo del proceso.
B88: 2 | C88: Elaboración o Actualización: | E88: Fecha en la que realiza el diligenciamiento o actualización del mapa de riesgos, formato (DD/MM/AAAA)
B89: 2 | C89: Vigencia del Al: | E89: Vigencia que tiene el mapa de riesgos fecha inicio fecha final, formato (DD/MM/AAAA)
B90: 2 | C90: No. de Riesgo | E90: Permite definir unl consecutivo de riesgos. Una entidad puede ir en el riesgo 150, pero tener 70 riesgos, lo que permite llevar una traza de los riesgos. Esta información la debe administrar la oficina asesora de planeación o gerencia de riesgos. Cuando un el riesgo salga del mapa no existirá otro riesgo con el mismo número.
B91: 2 | C91: ¿QUÉ? IMPACTO | E91: Analice las consecuencias que puede ocasionar a la organización la materialización del riesgo, Seleccione de la lista desplegable entre: Posibilidad de pérdida Económica Posibilidad de pérdida Reputacional Posibilidad de pérdida Económica y Reputacional
B92: 2 | C92: ¿CÓMO? CAUSA INMEDIATA | E92: Circunstancias bajo las cuales se presenta el riesgo, es la situación más evidente frente al riesgo, redacte de la forma más concreta posible. (Iniciar con la palabra por)
B93: 2 | C93: ¿PORQUÉ? CAUSA RAÍZ | E93: Causa principal o básica, corresponde a las razones por la cuales se puede presentar el riesgo, redacte de la forma más concreta posible. (Iniciar con debido a)
B94: 2 | C94: DESCRIPCIÓN DEL RIESGO | E94: Consolida o resume los análisis sobre impacto + causa inmediata + causa raíz, permitiendo contar con una redacción clara y concreta del riesgo indentificado. Tenga en cuenta la estructura de alto nivel establecida en al guía, inicia con POSIBILIDAD DE + Impacto para la entidad (Qué) + Causa Inmediata (Cómo) + Causa Raíz (Por qué) (Se genera automáticamente)
B95: 2 | C95: FACTOR DEL RIESGO / TIPO | E95: Seleccione de la lista desplegable entre las opiciones: A_Ejecución_y_Administración_de_procesos B_Fraude_Externo C_Fraude_Interno D_Fallas_Tecnológicas E_Relaciones_Laborales F_Usuarios_Productos_y_Prácticas_Organizacionales G_Daños_Activos_Físicos
B96: 2 | C96: FACTOR DEL RIESGO / SELECCIONE FUENTE GENERADORA DEL EVENTO PARA TIPO E,F,G | E96: Si en TIPO seleccioneó las opiciones: E_Relaciones_Laborales F_Usuarios_Productos_y_Prácticas_Organizacionales G_Daños_Activos_Físicos Debe definir la fuente generadora de la lista desplegable
B97: 2 | C97: RESULTADO FUENTE GENERADORA DEL EVENTO | E97: Se rellena automáticamente según lo seleccinado de FACTOR DEL RIESGO
... B119: 8 | C119: Estado | E119: Utilice la lista de despligue que se encuentra parametrizada, le aparecerán las opciones: Sin Iniciar, En proceso, Cerrado, la selección en este caso dependerá de las acciones del plan que se hayan establecido en cada caso.
B126: Archivo creado por:
B127: Gobernación del Meta - Secretaría Administrativa - Gerencia de Desarrollo Organizacional
B128: 44342

Sheet 2 CONTEXTO E IDENTIFICACIÓN
A1: #VALUE! | B1: MAPA Y PLAN DE TRATAMIENTO DE RIESGOS DE GESTIÓN COMERCIAL | D1: #VALUE!
A3: PROCESO: | B3: GESTIÓN COMERCIAL
A5: No. de Riesgo (Mismo consecutivo para toda la entidad) | B5: ¿QUÉ? IMPACTO | C5: ¿CÓMO? CAUSA INMEDIATA (Iniciar con la palabra por) | D5: ¿PORQUÉ? CAUSA RAÍZ (Iniciar con debido a) | E5: DESCRIPCIÓN DEL RIESGO | F5: FACTOR DEL RIESGO
F6: TIPO | G6: SELECCIONE FUENTE GENERADORA DEL EVENTO PARA TIPO E,F,G | H6: VALIDACIÓN FUENTE GENERADORA DEL EVENTO PARA TIPO A,B,C,D | I6: RESULTADO FUENTE GENERADORA DEL EVENTO
A7: R1 | B7: Posibilidad de pérdida Reputacional | C7: por no realizar medidas correctivas de acuerdos a los resultados que arroja la encuesta de satisfacción | D7: debido a ausencias de planes de mejora que orienten el fortalecimiento del servicio. | E7: =+CONCATENATE(B7," ",C7," ",D7) -> Posibilidad de pérdida Reputacional por no realizar medidas correctivas de acuerdos a los resultados que arroja la encuesta de satisfacción debido a ausencias de planes de mejora que orienten el fortalecimiento del servicio. | F7: F_Usuarios_Productos_y_Prácticas_Organizacionales | G7: Talento_Humano | H7: =+IF(F7='11 FORMULAS'!$B$4,'11 FORMULAS'!$C$4,IF(F7='11 FORMULAS'!$B$6,'11 FORMULAS'!$C$6,IF(F7='11 FORMULAS'!$B$8,'11 FORMULAS'!$C$8,IF(F7='11 FORMULAS'!$B$10,'11 FORMULAS'!$C$10,"")))) | I7: =+G7&H7 -> Talento_Humano
A8: R2 | B8: Posibilidad de pérdida Económica y Reputacional | C8: por incumplimiento en los términos de ley para la atención de PQRS | D8: debido a la falta de seguimiento y control a los tiempos de respuesta de los PQRS. | E8: =+CONCATENATE(B8," ",C8," ",D8) -> Posibilidad de pérdida Económica y Reputacional por incumplimiento en los términos de ley para la atención de PQRS debido a la falta de seguimiento y control a los tiempos de respuesta de los PQRS. | F8: F_Usuarios_Productos_y_Prácticas_Organizacionales | G8: Talento_Humano | H8: =+IF(F8='11 FORMULAS'!$B$4,'11 FORMULAS'!$C$4,IF(F8='11 FORMULAS'!$B$6,'11 FORMULAS'!$C$6,IF(F8='11 FORMULAS'!$B$8,'11 FORMULAS'!$C$8,IF(F8='11 FORMULAS'!$B$10,'11 FORMULAS'!$C$10,"")))) | I8: =+G8&H8 -> Talento_Humano
A9: R3 | B9: Posibilidad de pérdida Reputacional | C9: por incumplimiento en la atención de los servicios complementarios solicitados por los usuarios | D9: debido a deficiencias en el seguimiento y control en la atención de los servicios complementarios. | E9: =+CONCATENATE(B9," ",C9," ",D9) -> Posibilidad de pérdida Reputacional por incumplimiento en la atención de los servicios complementarios solicitados por los usuarios debido a deficiencias en el seguimiento y control en la atención de los servicios complementarios. | F9: F_Usuarios_Productos_y_Prácticas_Organizacionales | G9: Talento_Humano | H9: =+IF(F9='11 FORMULAS'!$B$4,'11 FORMULAS'!$C$4,IF(F9='11 FORMULAS'!$B$6,'11 FORMULAS'!$C$6,IF(F9='11 FORMULAS'!$B$8,'11 FORMULAS'!$C$8,IF(F9='11 FORMULAS'!$B$10,'11 FORMULAS'!$C$10,"")))) | I9: =+G9&H9 -> Talento_Humano
A10: R4 | B10: Posibilidad de pérdida Reputacional | C10: por incumplimiento en la entrega de bienes y servicios por parte de los proveedores | D10: debido a deficiencias en el seguimiento y control de la gestión contractual. | E10: =+CONCATENATE(B10," ",C10," ",D10) -> Posibilidad de pérdida Reputacional por incumplimiento en la entrega de bienes y servicios por parte de los proveedores debido a deficiencias en el seguimiento y control de la gestión contractual. | F10: F_Usuarios_Productos_y_Prácticas_Organizacionales | G10: Talento_Humano | H10: =+IF(F10='11 FORMULAS'!$B$4,'11 FORMULAS'!$C$4,IF(F10='11 FORMULAS'!$B$6,'11 FORMULAS'!$C$6,IF(F10='11 FORMULAS'!$B$8,'11 FORMULAS'!$C$8,IF(F10='11 FORMULAS'!$B$10,'11 FORMULAS'!$C$10,"")))) | I10: =+G10&H10 -> Talento_Humano
A11: R5 | B11: Posibilidad de pérdida Reputacional | C11: por fallas en el software de facturación | D11: debido a deficiencias en el funcionamiento o mantenimiento del sistema de facturación | E11: =+CONCATENATE(B11," ",C11," ",D11) -> Posibilidad de pérdida Reputacional por fallas en el software de facturación debido a deficiencias en el funcionamiento o mantenimiento del sistema de facturación | F11: D_Fallas_Tecnológicas | G11: Talento_Humano | H11: =+IF(F11='11 FORMULAS'!$B$4,'11 FORMULAS'!$C$4,IF(F11='11 FORMULAS'!$B$6,'11 FORMULAS'!$C$6,IF(F11='11 FORMULAS'!$B$8,'11 FORMULAS'!$C$8,IF(F11='11 FORMULAS'!$B$10,'11 FORMULAS'!$C$10,"")))) -> Tecnologías | I11: Procesos
A12: R6 | B12: Posibilidad de afectación operativa y financiera | C12: por sabotaje cibernético en los pagos de insumos | D12: debido a vulnerabilidades en la seguridad de los medios digitales utilizados para las transacciones. | E12: =+CONCATENATE(B12," ",C12," ",D12) -> Posibilidad de afectación operativa y financiera por sabotaje cibernético en los pagos de insumos debido a vulnerabilidades en la seguridad de los medios digitales utilizados para las transacciones. | F12: B_Fraude_Externo | G12: Talento_Humano | H12: =+IF(F12='11 FORMULAS'!$B$4,'11 FORMULAS'!$C$4,IF(F12='11 FORMULAS'!$B$6,'11 FORMULAS'!$C$6,IF(F12='11 FORMULAS'!$B$8,'11 FORMULAS'!$C$8,IF(F12='11 FORMULAS'!$B$10,'11 FORMULAS'!$C$10,"")))) -> Evento_Externo | I12: Procesos
A13: R7 | H13: =+IF(F13='11 FORMULAS'!$B$4,'11 FORMULAS'!$C$4,IF(F13='11 FORMULAS'!$B$6,'11 FORMULAS'!$C$6,IF(F13='11 FORMULAS'!$B$8,'11 FORMULAS'!$C$8,IF(F13='11 FORMULAS'!$B$10,'11 FORMULAS'!$C$10,"")))) | I13: =+G13&H13
A14: R8 | H14: =+IF(F14='11 FORMULAS'!$B$4,'11 FORMULAS'!$C$4,IF(F14='11 FORMULAS'!$B$6,'11 FORMULAS'!$C$6,IF(F14='11 FORMULAS'!$B$8,'11 FORMULAS'!$C$8,IF(F14='11 FORMULAS'!$B$10,'11 FORMULAS'!$C$10,"")))) | I14: =+G14&H14
A15: R9 | E15: =+CONCATENATE(B15," ",C15," ",D15) | H15: =+IF(F15='11 FORMULAS'!$B$4,'11 FORMULAS'!$C$4,IF(F15='11 FORMULAS'!$B$6,'11 FORMULAS'!$C$6,IF(F15='11 FORMULAS'!$B$8,'11 FORMULAS'!$C$8,IF(F15='11 FORMULAS'!$B$10,'11 FORMULAS'!$C$10,"")))) | I15: =+G15&H15
A16: R10 | E16: =+CONCATENATE(B16," ",C16," ",D16) | H16: =+IF(F16='11 FORMULAS'!$B$4,'11 FORMULAS'!$C$4,IF(F16='11 FORMULAS'!$B$6,'11 FORMULAS'!$C$6,IF(F16='11 FORMULAS'!$B$8,'11 FORMULAS'!$C$8,IF(F16='11 FORMULAS'!$B$10,'11 FORMULAS'!$C$10,"")))) | I16: =+G16&H16
A17: R11 | E17: =+CONCATENATE(B17," ",C17," ",D17) | H17: =+IF(F17='11 FORMULAS'!$B$4,'11 FORMULAS'!$C$4,IF(F17='11 FORMULAS'!$B$6,'11 FORMULAS'!$C$6,IF(F17='11 FORMULAS'!$B$8,'11 FORMULAS'!$C$8,IF(F17='11 FORMULAS'!$B$10,'11 FORMULAS'!$C$10,"")))) | I17: =+G17&H17
A18: R12 | E18: =+CONCATENATE(B18," ",C18," ",D18) | H18: =+IF(F18='11 FORMULAS'!$B$4,'11 FORMULAS'!$C$4,IF(F18='11 FORMULAS'!$B$6,'11 FORMULAS'!$C$6,IF(F18='11 FORMULAS'!$B$8,'11 FORMULAS'!$C$8,IF(F18='11 FORMULAS'!$B$10,'11 FORMULAS'!$C$10,"")))) | I18: =+G18&H18
A19: R13 | E19: =+CONCATENATE(B19," ",C19," ",D19) | H19: =+IF(F19='11 FORMULAS'!$B$4,'11 FORMULAS'!$C$4,IF(F19='11 FORMULAS'!$B$6,'11 FORMULAS'!$C$6,IF(F19='11 FORMULAS'!$B$8,'11 FORMULAS'!$C$8,IF(F19='11 FORMULAS'!$B$10,'11 FORMULAS'!$C$10,"")))) | I19: =+G19&H19
A20: R16 | E20: =+CONCATENATE(B20," ",C20," ",D20) | H20: =+IF(F20='11 FORMULAS'!$B$4,'11 FORMULAS'!$C$4,IF(F20='11 FORMULAS'!$B$6,'11 FORMULAS'!$C$6,IF(F20='11 FORMULAS'!$B$8,'11 FORMULAS'!$C$8,IF(F20='11 FORMULAS'!$B$10,'11 FORMULAS'!$C$10,"")))) | I20: =+G20&H20
A21: R17 | E21: =+CONCATENATE(B21," ",C21," ",D21) | H21: =+IF(F21='11 FORMULAS'!$B$4,'11 FORMULAS'!$C$4,IF(F21='11 FORMULAS'!$B$6,'11 FORMULAS'!$C$6,IF(F21='11 FORMULAS'!$B$8,'11 FORMULAS'!$C$8,IF(F21='11 FORMULAS'!$B$10,'11 FORMULAS'!$C$10,"")))) | I21: =+G21&H21
A22: R18 | E22: =+CONCATENATE(B22," ",C22," ",D22) | H22: =+IF(F22='11 FORMULAS'!$B$4,'11 FORMULAS'!$C$4,IF(F22='11 FORMULAS'!$B$6,'11 FORMULAS'!$C$6,IF(F22='11 FORMULAS'!$B$8,'11 FORMULAS'!$C$8,IF(F22='11 FORMULAS'!$B$10,'11 FORMULAS'!$C$10,"")))) | I22: =+G22&H22
A23: R19 | E23: =+CONCATENATE(B23," ",C23," ",D23) | H23: =+IF(F23='11 FORMULAS'!$B$4,'11 FORMULAS'!$C$4,IF(F23='11 FORMULAS'!$B$6,'11 FORMULAS'!$C$6,IF(F23='11 FORMULAS'!$B$8,'11 FORMULAS'!$C$8,IF(F23='11 FORMULAS'!$B$10,'11 FORMULAS'!$C$10,"")))) | I23: =+G23&H23
A24: R20 | E24: =+CONCATENATE(B24," ",C24," ",D24) | H24: =+IF(F24='11 FORMULAS'!$B$4,'11 FORMULAS'!$C$4,IF(F24='11 FORMULAS'!$B$6,'11 FORMULAS'!$C$6,IF(F24='11 FORMULAS'!$B$8,'11 FORMULAS'!$C$8,IF(F24='11 FORMULAS'!$B$10,'11 FORMULAS'!$C$10,"")))) | I24: =+G24&H24

Sheet 3 PROBABIL E IMPACTO INHERENTE
A1: #VALUE! | B1: MAPA Y PLAN DE TRATAMIENTO DE RIESGOS DE GESTIÓN COMERCIAL | D1: #VALUE!
A3: PROCESO: | B3: =+IF('2 CONTEXTO E IDENTIFICACIÓN'!$B$3="","",'2 CONTEXTO E IDENTIFICACIÓN'!$B$3) -> GESTIÓN COMERCIAL
B4: =+IF('2 CONTEXTO E IDENTIFICACIÓN'!$D$3="","",'2 CONTEXTO E IDENTIFICACIÓN'!$D$3)
G5: IMPACTO INHERENTE
C6: PROBABILIDAD INHERENTE | G6: Afectación Económica | J6: Reputacional | M6: Resultado | P6: PROBABILIDAD | V6: IMPACTO
A7: No. Riesgo | B7: Riesgo | C7: No. veces que realiza la actividad al año | D7: Frecuencia de la Actividad | E7: % Probabilidad | F7: Nivel Probabilidad | G7: Afectación Económica | H7: % | I7: Nivel | J7: Reputacional | K7: % | L7: Nivel | M7: Porcentaje de Impacto | N7: Nivel de Impacto | P7: Nivel | Q7: Frecuencia de la Actividad | R7: Mínimo | S7: Máximo | T7: Probabilidad | V7: Nivel | W7: % Impacto | X7: Afectación_Económica | Y7: Reputacional
A8: ='2 CONTEXTO E IDENTIFICACIÓN'!A7 -> R1 | B8: =+'2 CONTEXTO E IDENTIFICACIÓN'!E7 -> Posibilidad de pérdida Reputacional por no realizar medidas correctivas de acuerdos a los resultados que arroja la encuesta de satisfacción debido a ausencias de planes de mejora que orienten el fortalecimiento del servicio. | C8: 1 | D8: =+IF(C8="","",IF(C8<=$S$8,$Q$8,IF(C8<=$S$9,$Q$9,IF(C8<=$S$10,$Q$10,IF(C8<=$S$11,$Q$11,IF(C8>=$R$12,$Q$12,"")))))) -> La actividad que conlleva el riesgo se ejecuta como máximos 2 veces por año | E8: =+IF(D8="","",IF(D8=$Q$8,$T$8,IF(D8=$Q$9,$T$9,IF(D8=$Q$10,$T$10,IF(D8=$Q$11,$T$11,IF(D8=$Q$12,$T$12)))))) -> 0.2 | F8: =+IF(D8="","",IF(D8=$Q$8,$P$8,IF(D8=$Q$9,$P$9,IF(D8=$Q$10,$P$10,IF(D8=$Q$11,$P$11,IF(D8=$Q$12,$P$12)))))) -> Muy Baja | G8: N/A | H8: =+IF(G8="","",IF(G8="N/A","",IF(OR(G8=$X$8,G8=$Y$8),$W$8,IF(OR(G8=$X$9,G8=$Y$9),$W$9,IF(OR(G8=$X$10,G8=$Y$10),$W$10,IF(OR(G8=$X$11,G8=$Y$11),$W$11,IF(OR(G8=#REF!,G8=#REF!),#REF!))))))) | I8: =+IF(G8="","",IF(G8="N/A","",IF(OR(G8=$X$8,G8=$Y$8),$V$8,IF(OR(G8=$X$9,G8=$Y$9),$V$9,IF(OR(G8=$X$10,G8=$Y$10),$V$10,IF(OR(G8=$X$11,G8=$Y$11),$V$11,IF(OR(G8=#REF!,G8=#REF!),#REF!))))))) | J8: El riesgo afecta la imagen de la entidad con algunos usuarios de relevancia frente al logro de los objetivos. | K8: =+IF(J8="","",IF(J8="N/A","",IF(OR(J8=$X$8,J8=$Y$8),$W$8,IF(OR(J8=$X$9,J8=$Y$9),$W$9,IF(OR(J8=$X$10,J8=$Y$10),$W$10,IF(OR(J8=$X$11,J8=$Y$11),$W$11,IF(OR(J8=#REF!,J8=#REF!),#REF!))))))) -> 0.6 | L8: =+IF(J8="","",IF(J8="N/A","",IF(OR(J8=$X$8,J8=$Y$8),$V$8,IF(OR(J8=$X$9,J8=$Y$9),$V$9,IF(OR(J8=$X$10,J8=$Y$10),$V$10,IF(OR(J8=$X$11,J8=$Y$11),$V$11,IF(OR(J8=#REF!,J8=#REF!),#REF!))))))) -> Moderado | M8: =+IF(H8="",K8,IF(K8="",H8,IF(H8>K8,H8,K8))) -> 0.6 | N8: =+IF(M8="","",IF(M8=$W$8,$V$8,IF(M8=$W$9,$V$9,IF(M8=$W$10,$V$10,IF(M8=$W$11,$V$11,IF(M8=$W$12,$V$12)))))) -> Moderado | P8: Muy Baja | Q8: La actividad que conlleva el riesgo se ejecuta como máximos 2 veces por año | R8: 0 | S8: 2 | T8: 0.2 | V8: Leve | W8: 0.2 | X8: Menor a 10 SMLMV | Y8: El riesgo afecta la imagen de algún área de la organización.
A9: ='2 CONTEXTO E IDENTIFICACIÓN'!A8 -> R2 | B9: =+'2 CONTEXTO E IDENTIFICACIÓN'!E8 -> Posibilidad de pérdida Económica y Reputacional por incumplimiento en los términos de ley para la atención de PQRS debido a la falta de seguimiento y control a los tiempos de respuesta de los PQRS. | C9: 500 | D9: =+IF(C9="","",IF(C9<=$S$8,$Q$8,IF(C9<=$S$9,$Q$9,IF(C9<=$S$10,$Q$10,IF(C9<=$S$11,$Q$11,IF(C9>=$R$12,$Q$12,"")))))) -> La actividad que conlleva el riesgo se ejecuta de 24 a 500 veces por año | E9: =+IF(D9="","",IF(D9=$Q$8,$T$8,IF(D9=$Q$9,$T$9,IF(D9=$Q$10,$T$10,IF(D9=$Q$11,$T$11,IF(D9=$Q$12,$T$12)))))) -> 0.6 | F9: =+IF(D9="","",IF(D9=$Q$8,$P$8,IF(D9=$Q$9,$P$9,IF(D9=$Q$10,$P$10,IF(D9=$Q$11,$P$11,IF(D9=$Q$12,$P$12)))))) -> Media | G9: Entre 50 y 100 SMLMV | H9: =+IF(G9="","",IF(G9="N/A","",IF(OR(G9=$X$8,G9=$Y$8),$W$8,IF(OR(G9=$X$9,G9=$Y$9),$W$9,IF(OR(G9=$X$10,G9=$Y$10),$W$10,IF(OR(G9=$X$11,G9=$Y$11),$W$11,IF(OR(G9=#REF!,G9=#REF!),#REF!))))))) -> 0.6 | I9: =+IF(G9="","",IF(G9="N/A","",IF(OR(G9=$X$8,G9=$Y$8),$V$8,IF(OR(G9=$X$9,G9=$Y$9),$V$9,IF(OR(G9=$X$10,G9=$Y$10),$V$10,IF(OR(G9=$X$11,G9=$Y$11),$V$11,IF(OR(G9=#REF!,G9=#REF!),#REF!))))))) -> Moderado | J9: N/A | K9: =+IF(J9="","",IF(J9="N/A","",IF(OR(J9=$X$8,J9=$Y$8),$W$8,IF(OR(J9=$X$9,J9=$Y$9),$W$9,IF(OR(J9=$X$10,J9=$Y$10),$W$10,IF(OR(J9=$X$11,J9=$Y$11),$W$11,IF(OR(J9=#REF!,J9=#REF!),#REF!))))))) | L9: =+IF(J9="","",IF(J9="N/A","",IF(OR(J9=$X$8,J9=$Y$8),$V$8,IF(OR(J9=$X$9,J9=$Y$9),$V$9,IF(OR(J9=$X$10,J9=$Y$10),$V$10,IF(OR(J9=$X$11,J9=$Y$11),$V$11,IF(OR(J9=#REF!,J9=#REF!),#REF!))))))) | M9: =+IF(H9="",K9,IF(K9="",H9,IF(H9>K9,H9,K9))) -> 0.6 | N9: =+IF(M9="","",IF(M9=$W$8,$V$8,IF(M9=$W$9,$V$9,IF(M9=$W$10,$V$10,IF(M9=$W$11,$V$11,IF(M9=$W$12,$V$12)))))) -> Moderado | P9: Baja | Q9: La actividad que conlleva el riesgo se ejecuta de 3 a 24 veces por año | R9: 3 | S9: 24 | T9: 0.4 | V9: Menor | W9: 0.4 | X9: Entre 10 y 50 SMLMV | Y9: El riesgo afecta la imagen de la entidad internamente, de conocimiento general nivel interno, de junta directiva y accionistas y/o de proveedores.
A10: ='2 CONTEXTO E IDENTIFICACIÓN'!A9 -> R3 | B10: =+'2 CONTEXTO E IDENTIFICACIÓN'!E9 -> Posibilidad de pérdida Reputacional por incumplimiento en la atención de los servicios complementarios solicitados por los usuarios debido a deficiencias en el seguimiento y control en la atención de los servicios complementarios. | C10: 396 | D10: =+IF(C10="","",IF(C10<=$S$8,$Q$8,IF(C10<=$S$9,$Q$9,IF(C10<=$S$10,$Q$10,IF(C10<=$S$11,$Q$11,IF(C10>=$R$12,$Q$12,"")))))) -> La actividad que conlleva el riesgo se ejecuta de 24 a 500 veces por año | E10: =+IF(D10="","",IF(D10=$Q$8,$T$8,IF(D10=$Q$9,$T$9,IF(D10=$Q$10,$T$10,IF(D10=$Q$11,$T$11,IF(D10=$Q$12,$T$12)))))) -> 0.6 | F10: =+IF(D10="","",IF(D10=$Q$8,$P$8,IF(D10=$Q$9,$P$9,IF(D10=$Q$10,$P$10,IF(D10=$Q$11,$P$11,IF(D10=$Q$12,$P$12)))))) -> Media | G10: Entre 10 y 50 SMLMV | H10: =+IF(G10="","",IF(G10="N/A","",IF(OR(G10=$X$8,G10=$Y$8),$W$8,IF(OR(G10=$X$9,G10=$Y$9),$W$9,IF(OR(G10=$X$10,G10=$Y$10),$W$10,IF(OR(G10=$X$11,G10=$Y$11),$W$11,IF(OR(G10=#REF!,G10=#REF!),#REF!))))))) -> 0.4 | I10: =+IF(G10="","",IF(G10="N/A","",IF(OR(G10=$X$8,G10=$Y$8),$V$8,IF(OR(G10=$X$9,G10=$Y$9),$V$9,IF(OR(G10=$X$10,G10=$Y$10),$V$10,IF(OR(G10=$X$11,G10=$Y$11),$V$11,IF(OR(G10=#REF!,G10=#REF!),#REF!))))))) -> Menor | J10: El riesgo afecta la imagen de la entidad internamente, de conocimiento general nivel interno, de junta directiva y accionistas y/o de proveedores. | K10: =+IF(J10="","",IF(J10="N/A","",IF(OR(J10=$X$8,J10=$Y$8),$W$8,IF(OR(J10=$X$9,J10=$Y$9),$W$9,IF(OR(J10=$X$10,J10=$Y$10),$W$10,IF(OR(J10=$X$11,J10=$Y$11),$W$11,IF(OR(J10=#REF!,J10=#REF!),#REF!))))))) -> 0.4 | L10: =+IF(J10="","",IF(J10="N/A","",IF(OR(J10=$X$8,J10=$Y$8),$V$8,IF(OR(J10=$X$9,J10=$Y$9),$V$9,IF(OR(J10=$X$10,J10=$Y$10),$V$10,IF(OR(J10=$X$11,J10=$Y$11),$V$11,IF(OR(J10=#REF!,J10=#REF!),#REF!))))))) -> Menor | M10: =+IF(H10="",K10,IF(K10="",H10,IF(H10>K10,H10,K10))) -> 0.4 | N10: =+IF(M10="","",IF(M10=$W$8,$V$8,IF(M10=$W$9,$V$9,IF(M10=$W$10,$V$10,IF(M10=$W$11,$V$11,IF(M10=$W$12,$V$12)))))) -> Menor | P10: Media | Q10: La actividad que conlleva el riesgo se ejecuta de 24 a 500 veces por año | R10: 25 | S10: 500 | T10: 0.6 | V10: Moderado | W10: 0.6 | X10: Entre 50 y 100 SMLMV | Y10: El riesgo afecta la imagen de la entidad con algunos usuarios de relevancia frente al logro de los objetivos.
A11: ='2 CONTEXTO E IDENTIFICACIÓN'!A10 -> R4 | B11: =+'2 CONTEXTO E IDENTIFICACIÓN'!E10 -> Posibilidad de pérdida Reputacional por incumplimiento en la entrega de bienes y servicios por parte de los proveedores debido a deficiencias en el seguimiento y control de la gestión contractual. | C11: 50 | D11: =+IF(C11="","",IF(C11<=$S$8,$Q$8,IF(C11<=$S$9,$Q$9,IF(C11<=$S$10,$Q$10,IF(C11<=$S$11,$Q$11,IF(C11>=$R$12,$Q$12,"")))))) -> La actividad que conlleva el riesgo se ejecuta de 24 a 500 veces por año | E11: =+IF(D11="","",IF(D11=$Q$8,$T$8,IF(D11=$Q$9,$T$9,IF(D11=$Q$10,$T$10,IF(D11=$Q$11,$T$11,IF(D11=$Q$12,$T$12)))))) -> 0.6 | F11: =+IF(D11="","",IF(D11=$Q$8,$P$8,IF(D11=$Q$9,$P$9,IF(D11=$Q$10,$P$10,IF(D11=$Q$11,$P$11,IF(D11=$Q$12,$P$12)))))) -> Media | G11: Entre 10 y 50 SMLMV | H11: =+IF(G11="","",IF(G11="N/A","",IF(OR(G11=$X$8,G11=$Y$8),$W$8,IF(OR(G11=$X$9,G11=$Y$9),$W$9,IF(OR(G11=$X$10,G11=$Y$10),$W$10,IF(OR(G11=$X$11,G11=$Y$11),$W$11,IF(OR(G11=#REF!,G11=#REF!),#REF!))))))) -> 0.4 | I11: =+IF(G11="","",IF(G11="N/A","",IF(OR(G11=$X$8,G11=$Y$8),$V$8,IF(OR(G11=$X$9,G11=$Y$9),$V$9,IF(OR(G11=$X$10,G11=$Y$10),$V$10,IF(OR(G11=$X$11,G11=$Y$11),$V$11,IF(OR(G11=#REF!,G11=#REF!),#REF!))))))) -> Menor | J11: El riesgo afecta la imagen de algún área de la organización. | K11: =+IF(J11="","",IF(J11="N/A","",IF(OR(J11=$X$8,J11=$Y$8),$W$8,IF(OR(J11=$X$9,J11=$Y$9),$W$9,IF(OR(J11=$X$10,J11=$Y$10),$W$10,IF(OR(J11=$X$11,J11=$Y$11),$W$11,IF(OR(J11=#REF!,J11=#REF!),#REF!))))))) -> 0.2 | L11: =+IF(J11="","",IF(J11="N/A","",IF(OR(J11=$X$8,J11=$Y$8),$V$8,IF(OR(J11=$X$9,J11=$Y$9),$V$9,IF(OR(J11=$X$10,J11=$Y$10),$V$10,IF(OR(J11=$X$11,J11=$Y$11),$V$11,IF(OR(J11=#REF!,J11=#REF!),#REF!))))))) -> Leve | M11: =+IF(H11="",K11,IF(K11="",H11,IF(H11>K11,H11,K11))) -> 0.4 | N11: =+IF(M11="","",IF(M11=$W$8,$V$8,IF(M11=$W$9,$V$9,IF(M11=$W$10,$V$10,IF(M11=$W$11,$V$11,IF(M11=$W$12,$V$12)))))) -> Menor | P11: Alta | Q11: La actividad que conlleva el riesgo se ejecuta mínimo 500 veces al año y máximo 5.000 veces por año | R11: 501 | S11: 5000 | T11: 0.8 | V11: Mayor | W11: 0.8 | X11: Entre 100 y 500 SMLMV | Y11: El riesgo afecta la imagen de la entidad con efecto publicitario sostenido a nivel de sector administrativo, nivel departamental o municipal.
A12: ='2 CONTEXTO E IDENTIFICACIÓN'!A11 -> R5 | B12: =+'2 CONTEXTO E IDENTIFICACIÓN'!E11 -> Posibilidad de pérdida Reputacional por fallas en el software de facturación debido a deficiencias en el funcionamiento o mantenimiento del sistema de facturación | C12: 20 | D12: =+IF(C12="","",IF(C12<=$S$8,$Q$8,IF(C12<=$S$9,$Q$9,IF(C12<=$S$10,$Q$10,IF(C12<=$S$11,$Q$11,IF(C12>=$R$12,$Q$12,"")))))) -> La actividad que conlleva el riesgo se ejecuta de 3 a 24 veces por año | E12: =+IF(D12="","",IF(D12=$Q$8,$T$8,IF(D12=$Q$9,$T$9,IF(D12=$Q$10,$T$10,IF(D12=$Q$11,$T$11,IF(D12=$Q$12,$T$12)))))) -> 0.4 | F12: =+IF(D12="","",IF(D12=$Q$8,$P$8,IF(D12=$Q$9,$P$9,IF(D12=$Q$10,$P$10,IF(D12=$Q$11,$P$11,IF(D12=$Q$12,$P$12)))))) -> Baja | G12: Entre 10 y 50 SMLMV | H12: =+IF(G12="","",IF(G12="N/A","",IF(OR(G12=$X$8,G12=$Y$8),$W$8,IF(OR(G12=$X$9,G12=$Y$9),$W$9,IF(OR(G12=$X$10,G12=$Y$10),$W$10,IF(OR(G12=$X$11,G12=$Y$11),$W$11,IF(OR(G12=#REF!,G12=#REF!),#REF!))))))) -> 0.4 | I12: =+IF(G12="","",IF(G12="N/A","",IF(OR(G12=$X$8,G12=$Y$8),$V$8,IF(OR(G12=$X$9,G12=$Y$9),$V$9,IF(OR(G12=$X$10,G12=$Y$10),$V$10,IF(OR(G12=$X$11,G12=$Y$11),$V$11,IF(OR(G12=#REF!,G12=#REF!),#REF!))))))) -> Menor | J12: El riesgo afecta la imagen de algún área de la organización. | K12: =+IF(J12="","",IF(J12="N/A","",IF(OR(J12=$X$8,J12=$Y$8),$W$8,IF(OR(J12=$X$9,J12=$Y$9),$W$9,IF(OR(J12=$X$10,J12=$Y$10),$W$10,IF(OR(J12=$X$11,J12=$Y$11),$W$11,IF(OR(J12=#REF!,J12=#REF!),#REF!))))))) -> 0.2 | L12: =+IF(J12="","",IF(J12="N/A","",IF(OR(J12=$X$8,J12=$Y$8),$V$8,IF(OR(J12=$X$9,J12=$Y$9),$V$9,IF(OR(J12=$X$10,J12=$Y$10),$V$10,IF(OR(J12=$X$11,J12=$Y$11),$V$11,IF(OR(J12=#REF!,J12=#REF!),#REF!))))))) -> Leve | M12: =+IF(H12="",K12,IF(K12="",H12,IF(H12>K12,H12,K12))) -> 0.4 | N12: =+IF(M12="","",IF(M12=$W$8,$V$8,IF(M12=$W$9,$V$9,IF(M12=$W$10,$V$10,IF(M12=$W$11,$V$11,IF(M12=$W$12,$V$12)))))) -> Menor | P12: Muy Alta | Q12: La actividad que conlleva el riesgo se ejecuta más de 5.000 veces por año | R12: 5001 | T12: 1 | V12: Catastrófico | W12: 1 | X12: Mayor a 500 SMLMV | Y12: El riesgo afecta la imagen de la entidad a nivel nacional, con efecto publicitario sostenido a nivel país
A13: ='2 CONTEXTO E IDENTIFICACIÓN'!A12 -> R6 | B13: =+'2 CONTEXTO E IDENTIFICACIÓN'!E12 -> Posibilidad de afectación operativa y financiera por sabotaje cibernético en los pagos de insumos debido a vulnerabilidades en la seguridad de los medios digitales utilizados para las transacciones. | C13: 10 | D13: =+IF(C13="","",IF(C13<=$S$8,$Q$8,IF(C13<=$S$9,$Q$9,IF(C13<=$S$10,$Q$10,IF(C13<=$S$11,$Q$11,IF(C13>=$R$12,$Q$12,"")))))) -> La actividad que conlleva el riesgo se ejecuta de 3 a 24 veces por año | E13: =+IF(D13="","",IF(D13=$Q$8,$T$8,IF(D13=$Q$9,$T$9,IF(D13=$Q$10,$T$10,IF(D13=$Q$11,$T$11,IF(D13=$Q$12,$T$12)))))) -> 0.4 | F13: =+IF(D13="","",IF(D13=$Q$8,$P$8,IF(D13=$Q$9,$P$9,IF(D13=$Q$10,$P$10,IF(D13=$Q$11,$P$11,IF(D13=$Q$12,$P$12)))))) -> Baja | G13: Entre 50 y 100 SMLMV | H13: =+IF(G13="","",IF(G13="N/A","",IF(OR(G13=$X$8,G13=$Y$8),$W$8,IF(OR(G13=$X$9,G13=$Y$9),$W$9,IF(OR(G13=$X$10,G13=$Y$10),$W$10,IF(OR(G13=$X$11,G13=$Y$11),$W$11,IF(OR(G13=#REF!,G13=#REF!),#REF!))))))) -> 0.6 | I13: =+IF(G13="","",IF(G13="N/A","",IF(OR(G13=$X$8,G13=$Y$8),$V$8,IF(OR(G13=$X$9,G13=$Y$9),$V$9,IF(OR(G13=$X$10,G13=$Y$10),$V$10,IF(OR(G13=$X$11,G13=$Y$11),$V$11,IF(OR(G13=#REF!,G13=#REF!),#REF!))))))) -> Moderado | J13: El riesgo afecta la imagen de algún área de la organización. | K13: =+IF(J13="","",IF(J13="N/A","",IF(OR(J13=$X$8,J13=$Y$8),$W$8,IF(OR(J13=$X$9,J13=$Y$9),$W$9,IF(OR(J13=$X$10,J13=$Y$10),$W$10,IF(OR(J13=$X$11,J13=$Y$11),$W$11,IF(OR(J13=#REF!,J13=#REF!),#REF!))))))) -> 0.2 | L13: =+IF(J13="","",IF(J13="N/A","",IF(OR(J13=$X$8,J13=$Y$8),$V$8,IF(OR(J13=$X$9,J13=$Y$9),$V$9,IF(OR(J13=$X$10,J13=$Y$10),$V$10,IF(OR(J13=$X$11,J13=$Y$11),$V$11,IF(OR(J13=#REF!,J13=#REF!),#REF!))))))) -> Leve | M13: =+IF(H13="",K13,IF(K13="",H13,IF(H13>K13,H13,K13))) -> 0.6 | N13: =+IF(M13="","",IF(M13=$W$8,$V$8,IF(M13=$W$9,$V$9,IF(M13=$W$10,$V$10,IF(M13=$W$11,$V$11,IF(M13=$W$12,$V$12)))))) -> Moderado
A14: ='2 CONTEXTO E IDENTIFICACIÓN'!A13 -> R7 | B14: =+'2 CONTEXTO E IDENTIFICACIÓN'!E13 -> 0 | D14: =+IF(C14="","",IF(C14<=$S$8,$Q$8,IF(C14<=$S$9,$Q$9,IF(C14<=$S$10,$Q$10,IF(C14<=$S$11,$Q$11,IF(C14>=#REF!,#REF!,"")))))) | E14: =+IF(D14="","",IF(D14=$Q$8,$T$8,IF(D14=$Q$9,$T$9,IF(D14=$Q$10,$T$10,IF(D14=$Q$11,$T$11,IF(D14=#REF!,#REF!)))))) | F14: =+IF(D14="","",IF(D14=$Q$8,$P$8,IF(D14=$Q$9,$P$9,IF(D14=$Q$10,$P$10,IF(D14=$Q$11,$P$11,IF(D14=#REF!,#REF!)))))) | H14: =+IF(G14="","",IF(G14="N/A","",IF(OR(G14=$X$8,G14=$Y$8),$W$8,IF(OR(G14=$X$9,G14=$Y$9),$W$9,IF(OR(G14=$X$10,G14=$Y$10),$W$10,IF(OR(G14=$X$11,G14=$Y$11),$W$11,IF(OR(G14=#REF!,G14=#REF!),#REF!))))))) | I14: =+IF(G14="","",IF(G14="N/A","",IF(OR(G14=$X$8,G14=$Y$8),$V$8,IF(OR(G14=$X$9,G14=$Y$9),$V$9,IF(OR(G14=$X$10,G14=$Y$10),$V$10,IF(OR(G14=$X$11,G14=$Y$11),$V$11,IF(OR(G14=#REF!,G14=#REF!),#REF!))))))) | K14: =+IF(J14="","",IF(J14="N/A","",IF(OR(J14=$X$8,J14=$Y$8),$W$8,IF(OR(J14=$X$9,J14=$Y$9),$W$9,IF(OR(J14=$X$10,J14=$Y$10),$W$10,IF(OR(J14=$X$11,J14=$Y$11),$W$11,IF(OR(J14=#REF!,J14=#REF!),#REF!))))))) | L14: =+IF(J14="","",IF(J14="N/A","",IF(OR(J14=$X$8,J14=$Y$8),$V$8,IF(OR(J14=$X$9,J14=$Y$9),$V$9,IF(OR(J14=$X$10,J14=$Y$10),$V$10,IF(OR(J14=$X$11,J14=$Y$11),$V$11,IF(OR(J14=#REF!,J14=#REF!),#REF!))))))) | M14: =+IF(H14="",K14,IF(K14="",H14,IF(H14>K14,H14,K14))) | N14: =+IF(M14="","",IF(M14=$W$8,$V$8,IF(M14=$W$9,$V$9,IF(M14=$W$10,$V$10,IF(M14=$W$11,$V$11,IF(M14=#REF!,#REF!))))))
A15: ='2 CONTEXTO E IDENTIFICACIÓN'!A14 -> R8 | B15: =+'2 CONTEXTO E IDENTIFICACIÓN'!E14 -> 0 | D15: =+IF(C15="","",IF(C15<=$S$8,$Q$8,IF(C15<=$S$9,$Q$9,IF(C15<=$S$10,$Q$10,IF(C15<=$S$11,$Q$11,IF(C15>=#REF!,#REF!,"")))))) | E15: =+IF(D15="","",IF(D15=$Q$8,$T$8,IF(D15=$Q$9,$T$9,IF(D15=$Q$10,$T$10,IF(D15=$Q$11,$T$11,IF(D15=#REF!,#REF!)))))) | F15: =+IF(D15="","",IF(D15=$Q$8,$P$8,IF(D15=$Q$9,$P$9,IF(D15=$Q$10,$P$10,IF(D15=$Q$11,$P$11,IF(D15=#REF!,#REF!)))))) | H15: =+IF(G15="","",IF(G15="N/A","",IF(OR(G15=$X$8,G15=$Y$8),$W$8,IF(OR(G15=$X$9,G15=$Y$9),$W$9,IF(OR(G15=$X$10,G15=$Y$10),$W$10,IF(OR(G15=$X$11,G15=$Y$11),$W$11,IF(OR(G15=#REF!,G15=#REF!),#REF!))))))) | I15: =+IF(G15="","",IF(G15="N/A","",IF(OR(G15=$X$8,G15=$Y$8),$V$8,IF(OR(G15=$X$9,G15=$Y$9),$V$9,IF(OR(G15=$X$10,G15=$Y$10),$V$10,IF(OR(G15=$X$11,G15=$Y$11),$V$11,IF(OR(G15=#REF!,G15=#REF!),#REF!))))))) | K15: =+IF(J15="","",IF(J15="N/A","",IF(OR(J15=$X$8,J15=$Y$8),$W$8,IF(OR(J15=$X$9,J15=$Y$9),$W$9,IF(OR(J15=$X$10,J15=$Y$10),$W$10,IF(OR(J15=$X$11,J15=$Y$11),$W$11,IF(OR(J15=#REF!,J15=#REF!),#REF!))))))) | L15: =+IF(J15="","",IF(J15="N/A","",IF(OR(J15=$X$8,J15=$Y$8),$V$8,IF(OR(J15=$X$9,J15=$Y$9),$V$9,IF(OR(J15=$X$10,J15=$Y$10),$V$10,IF(OR(J15=$X$11,J15=$Y$11),$V$11,IF(OR(J15=#REF!,J15=#REF!),#REF!))))))) | M15: =+IF(H15="",K15,IF(K15="",H15,IF(H15>K15,H15,K15))) | N15: =+IF(M15="","",IF(M15=$W$8,$V$8,IF(M15=$W$9,$V$9,IF(M15=$W$10,$V$10,IF(M15=$W$11,$V$11,IF(M15=#REF!,#REF!))))))
A16: ='2 CONTEXTO E IDENTIFICACIÓN'!A15 -> R9 | B16: =+'2 CONTEXTO E IDENTIFICACIÓN'!E15 | D16: =+IF(C16="","",IF(C16<=$S$8,$Q$8,IF(C16<=$S$9,$Q$9,IF(C16<=$S$10,$Q$10,IF(C16<=$S$11,$Q$11,IF(C16>=#REF!,#REF!,"")))))) | E16: =+IF(D16="","",IF(D16=$Q$8,$T$8,IF(D16=$Q$9,$T$9,IF(D16=$Q$10,$T$10,IF(D16=$Q$11,$T$11,IF(D16=#REF!,#REF!)))))) | F16: =+IF(D16="","",IF(D16=$Q$8,$P$8,IF(D16=$Q$9,$P$9,IF(D16=$Q$10,$P$10,IF(D16=$Q$11,$P$11,IF(D16=#REF!,#REF!)))))) | H16: =+IF(G16="","",IF(G16="N/A","",IF(OR(G16=$X$8,G16=$Y$8),$W$8,IF(OR(G16=$X$9,G16=$Y$9),$W$9,IF(OR(G16=$X$10,G16=$Y$10),$W$10,IF(OR(G16=$X$11,G16=$Y$11),$W$11,IF(OR(G16=#REF!,G16=#REF!),#REF!))))))) | I16: =+IF(G16="","",IF(G16="N/A","",IF(OR(G16=$X$8,G16=$Y$8),$V$8,IF(OR(G16=$X$9,G16=$Y$9),$V$9,IF(OR(G16=$X$10,G16=$Y$10),$V$10,IF(OR(G16=$X$11,G16=$Y$11),$V$11,IF(OR(G16=#REF!,G16=#REF!),#REF!))))))) | K16: =+IF(J16="","",IF(J16="N/A","",IF(OR(J16=$X$8,J16=$Y$8),$W$8,IF(OR(J16=$X$9,J16=$Y$9),$W$9,IF(OR(J16=$X$10,J16=$Y$10),$W$10,IF(OR(J16=$X$11,J16=$Y$11),$W$11,IF(OR(J16=#REF!,J16=#REF!),#REF!))))))) | L16: =+IF(J16="","",IF(J16="N/A","",IF(OR(J16=$X$8,J16=$Y$8),$V$8,IF(OR(J16=$X$9,J16=$Y$9),$V$9,IF(OR(J16=$X$10,J16=$Y$10),$V$10,IF(OR(J16=$X$11,J16=$Y$11),$V$11,IF(OR(J16=#REF!,J16=#REF!),#REF!))))))) | M16: =+IF(H16="",K16,IF(K16="",H16,IF(H16>K16,H16,K16))) | N16: =+IF(M16="","",IF(M16=$W$8,$V$8,IF(M16=$W$9,$V$9,IF(M16=$W$10,$V$10,IF(M16=$W$11,$V$11,IF(M16=#REF!,#REF!))))))
A17: ='2 CONTEXTO E IDENTIFICACIÓN'!A16 -> R10 | B17: =+'2 CONTEXTO E IDENTIFICACIÓN'!E16 | D17: =+IF(C17="","",IF(C17<=$S$8,$Q$8,IF(C17<=$S$9,$Q$9,IF(C17<=$S$10,$Q$10,IF(C17<=$S$11,$Q$11,IF(C17>=#REF!,#REF!,"")))))) | E17: =+IF(D17="","",IF(D17=$Q$8,$T$8,IF(D17=$Q$9,$T$9,IF(D17=$Q$10,$T$10,IF(D17=$Q$11,$T$11,IF(D17=#REF!,#REF!)))))) | F17: =+IF(D17="","",IF(D17=$Q$8,$P$8,IF(D17=$Q$9,$P$9,IF(D17=$Q$10,$P$10,IF(D17=$Q$11,$P$11,IF(D17=#REF!,#REF!)))))) | H17: =+IF(G17="","",IF(G17="N/A","",IF(OR(G17=$X$8,G17=$Y$8),$W$8,IF(OR(G17=$X$9,G17=$Y$9),$W$9,IF(OR(G17=$X$10,G17=$Y$10),$W$10,IF(OR(G17=$X$11,G17=$Y$11),$W$11,IF(OR(G17=#REF!,G17=#REF!),#REF!))))))) | I17: =+IF(G17="","",IF(G17="N/A","",IF(OR(G17=$X$8,G17=$Y$8),$V$8,IF(OR(G17=$X$9,G17=$Y$9),$V$9,IF(OR(G17=$X$10,G17=$Y$10),$V$10,IF(OR(G17=$X$11,G17=$Y$11),$V$11,IF(OR(G17=#REF!,G17=#REF!),#REF!))))))) | K17: =+IF(J17="","",IF(J17="N/A","",IF(OR(J17=$X$8,J17=$Y$8),$W$8,IF(OR(J17=$X$9,J17=$Y$9),$W$9,IF(OR(J17=$X$10,J17=$Y$10),$W$10,IF(OR(J17=$X$11,J17=$Y$11),$W$11,IF(OR(J17=#REF!,J17=#REF!),#REF!))))))) | L17: =+IF(J17="","",IF(J17="N/A","",IF(OR(J17=$X$8,J17=$Y$8),$V$8,IF(OR(J17=$X$9,J17=$Y$9),$V$9,IF(OR(J17=$X$10,J17=$Y$10),$V$10,IF(OR(J17=$X$11,J17=$Y$11),$V$11,IF(OR(J17=#REF!,J17=#REF!),#REF!))))))) | M17: =+IF(H17="",K17,IF(K17="",H17,IF(H17>K17,H17,K17))) | N17: =+IF(M17="","",IF(M17=$W$8,$V$8,IF(M17=$W$9,$V$9,IF(M17=$W$10,$V$10,IF(M17=$W$11,$V$11,IF(M17=#REF!,#REF!))))))
A18: ='2 CONTEXTO E IDENTIFICACIÓN'!A17 -> R11 | B18: =+'2 CONTEXTO E IDENTIFICACIÓN'!E17 | D18: =+IF(C18="","",IF(C18<=$S$8,$Q$8,IF(C18<=$S$9,$Q$9,IF(C18<=$S$10,$Q$10,IF(C18<=$S$11,$Q$11,IF(C18>=#REF!,#REF!,"")))))) | E18: =+IF(D18="","",IF(D18=$Q$8,$T$8,IF(D18=$Q$9,$T$9,IF(D18=$Q$10,$T$10,IF(D18=$Q$11,$T$11,IF(D18=#REF!,#REF!)))))) | F18: =+IF(D18="","",IF(D18=$Q$8,$P$8,IF(D18=$Q$9,$P$9,IF(D18=$Q$10,$P$10,IF(D18=$Q$11,$P$11,IF(D18=#REF!,#REF!)))))) | H18: =+IF(G18="","",IF(G18="N/A","",IF(OR(G18=$X$8,G18=$Y$8),$W$8,IF(OR(G18=$X$9,G18=$Y$9),$W$9,IF(OR(G18=$X$10,G18=$Y$10),$W$10,IF(OR(G18=$X$11,G18=$Y$11),$W$11,IF(OR(G18=#REF!,G18=#REF!),#REF!))))))) | I18: =+IF(G18="","",IF(G18="N/A","",IF(OR(G18=$X$8,G18=$Y$8),$V$8,IF(OR(G18=$X$9,G18=$Y$9),$V$9,IF(OR(G18=$X$10,G18=$Y$10),$V$10,IF(OR(G18=$X$11,G18=$Y$11),$V$11,IF(OR(G18=#REF!,G18=#REF!),#REF!))))))) | K18: =+IF(J18="","",IF(J18="N/A","",IF(OR(J18=$X$8,J18=$Y$8),$W$8,IF(OR(J18=$X$9,J18=$Y$9),$W$9,IF(OR(J18=$X$10,J18=$Y$10),$W$10,IF(OR(J18=$X$11,J18=$Y$11),$W$11,IF(OR(J18=#REF!,J18=#REF!),#REF!))))))) | L18: =+IF(J18="","",IF(J18="N/A","",IF(OR(J18=$X$8,J18=$Y$8),$V$8,IF(OR(J18=$X$9,J18=$Y$9),$V$9,IF(OR(J18=$X$10,J18=$Y$10),$V$10,IF(OR(J18=$X$11,J18=$Y$11),$V$11,IF(OR(J18=#REF!,J18=#REF!),#REF!))))))) | M18: =+IF(H18="",K18,IF(K18="",H18,IF(H18>K18,H18,K18))) | N18: =+IF(M18="","",IF(M18=$W$8,$V$8,IF(M18=$W$9,$V$9,IF(M18=$W$10,$V$10,IF(M18=$W$11,$V$11,IF(M18=#REF!,#REF!))))))
A19: ='2 CONTEXTO E IDENTIFICACIÓN'!A18 -> R12 | B19: =+'2 CONTEXTO E IDENTIFICACIÓN'!E18 | D19: =+IF(C19="","",IF(C19<=$S$8,$Q$8,IF(C19<=$S$9,$Q$9,IF(C19<=$S$10,$Q$10,IF(C19<=$S$11,$Q$11,IF(C19>=#REF!,#REF!,"")))))) | E19: =+IF(D19="","",IF(D19=$Q$8,$T$8,IF(D19=$Q$9,$T$9,IF(D19=$Q$10,$T$10,IF(D19=$Q$11,$T$11,IF(D19=#REF!,#REF!)))))) | F19: =+IF(D19="","",IF(D19=$Q$8,$P$8,IF(D19=$Q$9,$P$9,IF(D19=$Q$10,$P$10,IF(D19=$Q$11,$P$11,IF(D19=#REF!,#REF!)))))) | H19: =+IF(G19="","",IF(G19="N/A","",IF(OR(G19=$X$8,G19=$Y$8),$W$8,IF(OR(G19=$X$9,G19=$Y$9),$W$9,IF(OR(G19=$X$10,G19=$Y$10),$W$10,IF(OR(G19=$X$11,G19=$Y$11),$W$11,IF(OR(G19=#REF!,G19=#REF!),#REF!))))))) | I19: =+IF(G19="","",IF(G19="N/A","",IF(OR(G19=$X$8,G19=$Y$8),$V$8,IF(OR(G19=$X$9,G19=$Y$9),$V$9,IF(OR(G19=$X$10,G19=$Y$10),$V$10,IF(OR(G19=$X$11,G19=$Y$11),$V$11,IF(OR(G19=#REF!,G19=#REF!),#REF!))))))) | K19: =+IF(J19="","",IF(J19="N/A","",IF(OR(J19=$X$8,J19=$Y$8),$W$8,IF(OR(J19=$X$9,J19=$Y$9),$W$9,IF(OR(J19=$X$10,J19=$Y$10),$W$10,IF(OR(J19=$X$11,J19=$Y$11),$W$11,IF(OR(J19=#REF!,J19=#REF!),#REF!))))))) | L19: =+IF(J19="","",IF(J19="N/A","",IF(OR(J19=$X$8,J19=$Y$8),$V$8,IF(OR(J19=$X$9,J19=$Y$9),$V$9,IF(OR(J19=$X$10,J19=$Y$10),$V$10,IF(OR(J19=$X$11,J19=$Y$11),$V$11,IF(OR(J19=#REF!,J19=#REF!),#REF!))))))) | M19: =+IF(H19="",K19,IF(K19="",H19,IF(H19>K19,H19,K19))) | N19: =+IF(M19="","",IF(M19=$W$8,$V$8,IF(M19=$W$9,$V$9,IF(M19=$W$10,$V$10,IF(M19=$W$11,$V$11,IF(M19=#REF!,#REF!))))))
A20: ='2 CONTEXTO E IDENTIFICACIÓN'!A19 -> R13 | B20: =+'2 CONTEXTO E IDENTIFICACIÓN'!E19 | D20: =+IF(C20="","",IF(C20<=$S$8,$Q$8,IF(C20<=$S$9,$Q$9,IF(C20<=$S$10,$Q$10,IF(C20<=$S$11,$Q$11,IF(C20>=#REF!,#REF!,"")))))) | E20: =+IF(D20="","",IF(D20=$Q$8,$T$8,IF(D20=$Q$9,$T$9,IF(D20=$Q$10,$T$10,IF(D20=$Q$11,$T$11,IF(D20=#REF!,#REF!)))))) | F20: =+IF(D20="","",IF(D20=$Q$8,$P$8,IF(D20=$Q$9,$P$9,IF(D20=$Q$10,$P$10,IF(D20=$Q$11,$P$11,IF(D20=#REF!,#REF!)))))) | H20: =+IF(G20="","",IF(G20="N/A","",IF(OR(G20=$X$8,G20=$Y$8),$W$8,IF(OR(G20=$X$9,G20=$Y$9),$W$9,IF(OR(G20=$X$10,G20=$Y$10),$W$10,IF(OR(G20=$X$11,G20=$Y$11),$W$11,IF(OR(G20=#REF!,G20=#REF!),#REF!))))))) | I20: =+IF(G20="","",IF(G20="N/A","",IF(OR(G20=$X$8,G20=$Y$8),$V$8,IF(OR(G20=$X$9,G20=$Y$9),$V$9,IF(OR(G20=$X$10,G20=$Y$10),$V$10,IF(OR(G20=$X$11,G20=$Y$11),$V$11,IF(OR(G20=#REF!,G20=#REF!),#REF!))))))) | K20: =+IF(J20="","",IF(J20="N/A","",IF(OR(J20=$X$8,J20=$Y$8),$W$8,IF(OR(J20=$X$9,J20=$Y$9),$W$9,IF(OR(J20=$X$10,J20=$Y$10),$W$10,IF(OR(J20=$X$11,J20=$Y$11),$W$11,IF(OR(J20=#REF!,J20=#REF!),#REF!))))))) | L20: =+IF(J20="","",IF(J20="N/A","",IF(OR(J20=$X$8,J20=$Y$8),$V$8,IF(OR(J20=$X$9,J20=$Y$9),$V$9,IF(OR(J20=$X$10,J20=$Y$10),$V$10,IF(OR(J20=$X$11,J20=$Y$11),$V$11,IF(OR(J20=#REF!,J20=#REF!),#REF!))))))) | M20: =+IF(H20="",K20,IF(K20="",H20,IF(H20>K20,H20,K20))) | N20: =+IF(M20="","",IF(M20=$W$8,$V$8,IF(M20=$W$9,$V$9,IF(M20=$W$10,$V$10,IF(M20=$W$11,$V$11,IF(M20=#REF!,#REF!))))))
A21: ='2 CONTEXTO E IDENTIFICACIÓN'!A20 -> R16 | B21: =+'2 CONTEXTO E IDENTIFICACIÓN'!E20 | D21: =+IF(C21="","",IF(C21<=$S$8,$Q$8,IF(C21<=$S$9,$Q$9,IF(C21<=$S$10,$Q$10,IF(C21<=$S$11,$Q$11,IF(C21>=#REF!,#REF!,"")))))) | E21: =+IF(D21="","",IF(D21=$Q$8,$T$8,IF(D21=$Q$9,$T$9,IF(D21=$Q$10,$T$10,IF(D21=$Q$11,$T$11,IF(D21=#REF!,#REF!)))))) | F21: =+IF(D21="","",IF(D21=$Q$8,$P$8,IF(D21=$Q$9,$P$9,IF(D21=$Q$10,$P$10,IF(D21=$Q$11,$P$11,IF(D21=#REF!,#REF!)))))) | H21: =+IF(G21="","",IF(G21="N/A","",IF(OR(G21=$X$8,G21=$Y$8),$W$8,IF(OR(G21=$X$9,G21=$Y$9),$W$9,IF(OR(G21=$X$10,G21=$Y$10),$W$10,IF(OR(G21=$X$11,G21=$Y$11),$W$11,IF(OR(G21=#REF!,G21=#REF!),#REF!))))))) | I21: =+IF(G21="","",IF(G21="N/A","",IF(OR(G21=$X$8,G21=$Y$8),$V$8,IF(OR(G21=$X$9,G21=$Y$9),$V$9,IF(OR(G21=$X$10,G21=$Y$10),$V$10,IF(OR(G21=$X$11,G21=$Y$11),$V$11,IF(OR(G21=#REF!,G21=#REF!),#REF!))))))) | K21: =+IF(J21="","",IF(J21="N/A","",IF(OR(J21=$X$8,J21=$Y$8),$W$8,IF(OR(J21=$X$9,J21=$Y$9),$W$9,IF(OR(J21=$X$10,J21=$Y$10),$W$10,IF(OR(J21=$X$11,J21=$Y$11),$W$11,IF(OR(J21=#REF!,J21=#REF!),#REF!))))))) | L21: =+IF(J21="","",IF(J21="N/A","",IF(OR(J21=$X$8,J21=$Y$8),$V$8,IF(OR(J21=$X$9,J21=$Y$9),$V$9,IF(OR(J21=$X$10,J21=$Y$10),$V$10,IF(OR(J21=$X$11,J21=$Y$11),$V$11,IF(OR(J21=#REF!,J21=#REF!),#REF!))))))) | M21: =+IF(H21="",K21,IF(K21="",H21,IF(H21>K21,H21,K21))) | N21: =+IF(M21="","",IF(M21=$W$8,$V$8,IF(M21=$W$9,$V$9,IF(M21=$W$10,$V$10,IF(M21=$W$11,$V$11,IF(M21=#REF!,#REF!))))))
A22: ='2 CONTEXTO E IDENTIFICACIÓN'!A21 -> R17 | B22: =+'2 CONTEXTO E IDENTIFICACIÓN'!E21 | D22: =+IF(C22="","",IF(C22<=$S$8,$Q$8,IF(C22<=$S$9,$Q$9,IF(C22<=$S$10,$Q$10,IF(C22<=$S$11,$Q$11,IF(C22>=#REF!,#REF!,"")))))) | E22: =+IF(D22="","",IF(D22=$Q$8,$T$8,IF(D22=$Q$9,$T$9,IF(D22=$Q$10,$T$10,IF(D22=$Q$11,$T$11,IF(D22=#REF!,#REF!)))))) | F22: =+IF(D22="","",IF(D22=$Q$8,$P$8,IF(D22=$Q$9,$P$9,IF(D22=$Q$10,$P$10,IF(D22=$Q$11,$P$11,IF(D22=#REF!,#REF!)))))) | H22: =+IF(G22="","",IF(G22="N/A","",IF(OR(G22=$X$8,G22=$Y$8),$W$8,IF(OR(G22=$X$9,G22=$Y$9),$W$9,IF(OR(G22=$X$10,G22=$Y$10),$W$10,IF(OR(G22=$X$11,G22=$Y$11),$W$11,IF(OR(G22=#REF!,G22=#REF!),#REF!))))))) | I22: =+IF(G22="","",IF(G22="N/A","",IF(OR(G22=$X$8,G22=$Y$8),$V$8,IF(OR(G22=$X$9,G22=$Y$9),$V$9,IF(OR(G22=$X$10,G22=$Y$10),$V$10,IF(OR(G22=$X$11,G22=$Y$11),$V$11,IF(OR(G22=#REF!,G22=#REF!),#REF!))))))) | K22: =+IF(J22="","",IF(J22="N/A","",IF(OR(J22=$X$8,J22=$Y$8),$W$8,IF(OR(J22=$X$9,J22=$Y$9),$W$9,IF(OR(J22=$X$10,J22=$Y$10),$W$10,IF(OR(J22=$X$11,J22=$Y$11),$W$11,IF(OR(J22=#REF!,J22=#REF!),#REF!))))))) | L22: =+IF(J22="","",IF(J22="N/A","",IF(OR(J22=$X$8,J22=$Y$8),$V$8,IF(OR(J22=$X$9,J22=$Y$9),$V$9,IF(OR(J22=$X$10,J22=$Y$10),$V$10,IF(OR(J22=$X$11,J22=$Y$11),$V$11,IF(OR(J22=#REF!,J22=#REF!),#REF!))))))) | M22: =+IF(H22="",K22,IF(K22="",H22,IF(H22>K22,H22,K22))) | N22: =+IF(M22="","",IF(M22=$W$8,$V$8,IF(M22=$W$9,$V$9,IF(M22=$W$10,$V$10,IF(M22=$W$11,$V$11,IF(M22=#REF!,#REF!))))))
A23: ='2 CONTEXTO E IDENTIFICACIÓN'!A22 -> R18 | B23: =+'2 CONTEXTO E IDENTIFICACIÓN'!E22 | D23: =+IF(C23="","",IF(C23<=$S$8,$Q$8,IF(C23<=$S$9,$Q$9,IF(C23<=$S$10,$Q$10,IF(C23<=$S$11,$Q$11,IF(C23>=#REF!,#REF!,"")))))) | E23: =+IF(D23="","",IF(D23=$Q$8,$T$8,IF(D23=$Q$9,$T$9,IF(D23=$Q$10,$T$10,IF(D23=$Q$11,$T$11,IF(D23=#REF!,#REF!)))))) | F23: =+IF(D23="","",IF(D23=$Q$8,$P$8,IF(D23=$Q$9,$P$9,IF(D23=$Q$10,$P$10,IF(D23=$Q$11,$P$11,IF(D23=#REF!,#REF!)))))) | H23: =+IF(G23="","",IF(G23="N/A","",IF(OR(G23=$X$8,G23=$Y$8),$W$8,IF(OR(G23=$X$9,G23=$Y$9),$W$9,IF(OR(G23=$X$10,G23=$Y$10),$W$10,IF(OR(G23=$X$11,G23=$Y$11),$W$11,IF(OR(G23=#REF!,G23=#REF!),#REF!))))))) | I23: =+IF(G23="","",IF(G23="N/A","",IF(OR(G23=$X$8,G23=$Y$8),$V$8,IF(OR(G23=$X$9,G23=$Y$9),$V$9,IF(OR(G23=$X$10,G23=$Y$10),$V$10,IF(OR(G23=$X$11,G23=$Y$11),$V$11,IF(OR(G23=#REF!,G23=#REF!),#REF!))))))) | K23: =+IF(J23="","",IF(J23="N/A","",IF(OR(J23=$X$8,J23=$Y$8),$W$8,IF(OR(J23=$X$9,J23=$Y$9),$W$9,IF(OR(J23=$X$10,J23=$Y$10),$W$10,IF(OR(J23=$X$11,J23=$Y$11),$W$11,IF(OR(J23=#REF!,J23=#REF!),#REF!))))))) | L23: =+IF(J23="","",IF(J23="N/A","",IF(OR(J23=$X$8,J23=$Y$8),$V$8,IF(OR(J23=$X$9,J23=$Y$9),$V$9,IF(OR(J23=$X$10,J23=$Y$10),$V$10,IF(OR(J23=$X$11,J23=$Y$11),$V$11,IF(OR(J23=#REF!,J23=#REF!),#REF!))))))) | M23: =+IF(H23="",K23,IF(K23="",H23,IF(H23>K23,H23,K23))) | N23: =+IF(M23="","",IF(M23=$W$8,$V$8,IF(M23=$W$9,$V$9,IF(M23=$W$10,$V$10,IF(M23=$W$11,$V$11,IF(M23=#REF!,#REF!))))))
A24: ='2 CONTEXTO E IDENTIFICACIÓN'!A23 -> R19 | B24: =+'2 CONTEXTO E IDENTIFICACIÓN'!E23 | D24: =+IF(C24="","",IF(C24<=$S$8,$Q$8,IF(C24<=$S$9,$Q$9,IF(C24<=$S$10,$Q$10,IF(C24<=$S$11,$Q$11,IF(C24>=#REF!,#REF!,"")))))) | E24: =+IF(D24="","",IF(D24=$Q$8,$T$8,IF(D24=$Q$9,$T$9,IF(D24=$Q$10,$T$10,IF(D24=$Q$11,$T$11,IF(D24=#REF!,#REF!)))))) | F24: =+IF(D24="","",IF(D24=$Q$8,$P$8,IF(D24=$Q$9,$P$9,IF(D24=$Q$10,$P$10,IF(D24=$Q$11,$P$11,IF(D24=#REF!,#REF!)))))) | H24: =+IF(G24="","",IF(G24="N/A","",IF(OR(G24=$X$8,G24=$Y$8),$W$8,IF(OR(G24=$X$9,G24=$Y$9),$W$9,IF(OR(G24=$X$10,G24=$Y$10),$W$10,IF(OR(G24=$X$11,G24=$Y$11),$W$11,IF(OR(G24=#REF!,G24=#REF!),#REF!))))))) | I24: =+IF(G24="","",IF(G24="N/A","",IF(OR(G24=$X$8,G24=$Y$8),$V$8,IF(OR(G24=$X$9,G24=$Y$9),$V$9,IF(OR(G24=$X$10,G24=$Y$10),$V$10,IF(OR(G24=$X$11,G24=$Y$11),$V$11,IF(OR(G24=#REF!,G24=#REF!),#REF!))))))) | K24: =+IF(J24="","",IF(J24="N/A","",IF(OR(J24=$X$8,J24=$Y$8),$W$8,IF(OR(J24=$X$9,J24=$Y$9),$W$9,IF(OR(J24=$X$10,J24=$Y$10),$W$10,IF(OR(J24=$X$11,J24=$Y$11),$W$11,IF(OR(J24=#REF!,J24=#REF!),#REF!))))))) | L24: =+IF(J24="","",IF(J24="N/A","",IF(OR(J24=$X$8,J24=$Y$8),$V$8,IF(OR(J24=$X$9,J24=$Y$9),$V$9,IF(OR(J24=$X$10,J24=$Y$10),$V$10,IF(OR(J24=$X$11,J24=$Y$11),$V$11,IF(OR(J24=#REF!,J24=#REF!),#REF!))))))) | M24: =+IF(H24="",K24,IF(K24="",H24,IF(H24>K24,H24,K24))) | N24: =+IF(M24="","",IF(M24=$W$8,$V$8,IF(M24=$W$9,$V$9,IF(M24=$W$10,$V$10,IF(M24=$W$11,$V$11,IF(M24=#REF!,#REF!))))))
A25: ='2 CONTEXTO E IDENTIFICACIÓN'!A24 -> R20 | B25: =+'2 CONTEXTO E IDENTIFICACIÓN'!E24 | D25: =+IF(C25="","",IF(C25<=$S$8,$Q$8,IF(C25<=$S$9,$Q$9,IF(C25<=$S$10,$Q$10,IF(C25<=$S$11,$Q$11,IF(C25>=#REF!,#REF!,"")))))) | E25: =+IF(D25="","",IF(D25=$Q$8,$T$8,IF(D25=$Q$9,$T$9,IF(D25=$Q$10,$T$10,IF(D25=$Q$11,$T$11,IF(D25=#REF!,#REF!)))))) | F25: =+IF(D25="","",IF(D25=$Q$8,$P$8,IF(D25=$Q$9,$P$9,IF(D25=$Q$10,$P$10,IF(D25=$Q$11,$P$11,IF(D25=#REF!,#REF!)))))) | H25: =+IF(G25="","",IF(G25="N/A","",IF(OR(G25=$X$8,G25=$Y$8),$W$8,IF(OR(G25=$X$9,G25=$Y$9),$W$9,IF(OR(G25=$X$10,G25=$Y$10),$W$10,IF(OR(G25=$X$11,G25=$Y$11),$W$11,IF(OR(G25=#REF!,G25=#REF!),#REF!))))))) | I25: =+IF(G25="","",IF(G25="N/A","",IF(OR(G25=$X$8,G25=$Y$8),$V$8,IF(OR(G25=$X$9,G25=$Y$9),$V$9,IF(OR(G25=$X$10,G25=$Y$10),$V$10,IF(OR(G25=$X$11,G25=$Y$11),$V$11,IF(OR(G25=#REF!,G25=#REF!),#REF!))))))) | K25: =+IF(J25="","",IF(J25="N/A","",IF(OR(J25=$X$8,J25=$Y$8),$W$8,IF(OR(J25=$X$9,J25=$Y$9),$W$9,IF(OR(J25=$X$10,J25=$Y$10),$W$10,IF(OR(J25=$X$11,J25=$Y$11),$W$11,IF(OR(J25=#REF!,J25=#REF!),#REF!))))))) | L25: =+IF(J25="","",IF(J25="N/A","",IF(OR(J25=$X$8,J25=$Y$8),$V$8,IF(OR(J25=$X$9,J25=$Y$9),$V$9,IF(OR(J25=$X$10,J25=$Y$10),$V$10,IF(OR(J25=$X$11,J25=$Y$11),$V$11,IF(OR(J25=#REF!,J25=#REF!),#REF!))))))) | M25: =+IF(H25="",K25,IF(K25="",H25,IF(H25>K25,H25,K25))) | N25: =+IF(M25="","",IF(M25=$W$8,$V$8,IF(M25=$W$9,$V$9,IF(M25=$W$10,$V$10,IF(M25=$W$11,$V$11,IF(M25=#REF!,#REF!))))))

Sheet 4 MAPA CALOR INHERENTE
A1: #VALUE! | B1: MAPA Y PLAN DE TRATAMIENTO DE RIESGOS DE GESTIÓN COMERCIAL | D1: #VALUE!
A3: PROCESO: | B3: =+IF('2 CONTEXTO E IDENTIFICACIÓN'!$B$3="","",'2 CONTEXTO E IDENTIFICACIÓN'!$B$3) -> GESTIÓN COMERCIAL
G5: MAPA DE CALOR RIESGO INHERENTE | R5: Impacto
C6: CALIFICACIÓN RIESGO INHERENTE | I6: Impacto | R6: 0.2 | S6: 0.4 | T6: 0.6 | U6: 0.8 | V6: 1
A7: No. DEL RIESGO | B7: RIESGO | C7: PROBABILIDAD | D7: IMPACTO | E7: SEVERIDAD (NIVEL DE RIESGO) | I7: Leve | J7: Menor | K7: Moderado | L7: Mayor | M7: Catastrófico | R7: Leve | S7: Menor | T7: Moderado | U7: Mayor | V7: Catastrófico
A8: ='2 CONTEXTO E IDENTIFICACIÓN'!A7 -> R1 | B8: =+'2 CONTEXTO E IDENTIFICACIÓN'!E7 -> Posibilidad de pérdida Reputacional por no realizar medidas correctivas de acuerdos a los resultados que arroja la encuesta de satisfacción debido a ausencias de planes de mejora que orienten el fortalecimiento del servicio. | C8: =+'3 PROBABIL E IMPACTO INHERENTE'!F8 -> Muy Baja | D8: =+'3 PROBABIL E IMPACTO INHERENTE'!N8 -> Moderado | E8: =+IF(C8=$Q$8,IF(D8=$R$7,$R$8,IF(D8=$S$7,$S$8,IF(D8=$T$7,$T$8,IF(D8=$U$7,$U$8,IF(D8=$V$7,$V$8))))),IF(C8=$Q$9,IF(D8=$R$7,$R$9,IF(D8=$S$7,$S$9,IF(D8=$T$7,$T$9,IF(D8=$U$7,$U$9,IF(D8=$V$7,$V$9))))),IF(C8=$Q$10,IF(D8=$R$7,$R$10,IF(D8=$S$7,$S$10,IF(D8=$T$7,$T$10,IF(D8=$U$7,$U$10,IF(D8=$V$7,$V$10))))),IF(C8=$Q$11,IF(D8=$R$7,$R$11,IF(D8=$S$7,$S$11,IF(D8=$T$7,$T$11,IF(D8=$U$7,$U$11,IF(D8=$V$7,$V$11))))),IF(C8=$Q$12,IF(D8=$R$7,$R$12,IF(D8=$S$7,$S$12,IF(D8=$T$7,$T$12,IF(D8=$U$7,$U$12,IF(D8=$V$7,$V$12))))),""))))) -> Moderado | G8: Probabilidad | H8: Muy Alta | I8: =+IF(AND(C8=$Q$8,D8=$R$7),A8,"")&" "&IF(AND(C9=$Q$8,D9=$R$7),A9,"")&" "&IF(AND(C10=$Q$8,D10=$R$7),A10,"")&" "&IF(AND(C11=$Q$8,D11=$R$7),A11,"")&" "&IF(AND(C12=$Q$8,D12=$R$7),A12,"")&" "&IF(AND(C13=$Q$8,D13=$R$7),A13,"")&" "&IF(AND(C14=$Q$8,D14=$R$7),A14,"")&" "&IF(AND(C15=$Q$8,D15=$R$7),A15,"")&" "&IF(AND(C16=$Q$8,D16=$R$7),A16,"")&" "&IF(AND(C17=$Q$8,D17=$R$7),A17,"")&" "&IF(AND(C18=$Q$8,D18=$R$7),A18,"")&" "&IF(AND(C19=$Q$8,D19=$R$7),A19,"")&" "&IF(AND(C20=$Q$8,D20=$R$7),A20,"")&" "&IF(AND(C21=$Q$8,D21=$R$7),A21,"")&" "&IF(AND(C22=$Q$8,D22=$R$7),A22,"")&" "&IF(AND(C23=$Q$8,D23=$R$7),A23,"")&" "&IF(AND(C24=$Q$8,D24=$R$7),A24,"")&" "&IF(AND(C25=$Q$8,D25=$R$7),A25,"")&" "&IF(AND(C26=$Q$8,D26=$R$7),A26,"")&" "&IF(AND(C27=$Q$8,D27=$R$7),A27,"") | J8: =+IF(AND(C8=$Q$8,D8=$S$7),A8,"")&" "&IF(AND(C9=$Q$8,D9=$S$7),A9,"")&" "&IF(AND(C10=$Q$8,D10=$S$7),A10,"")&" "&IF(AND(C11=$Q$8,D11=$S$7),A11,"")&" "&IF(AND(C12=$Q$8,D12=$S$7),A12,"")&" "&IF(AND(C13=$Q$8,D13=$S$7),A13,"")&" "&IF(AND(C14=$Q$8,D14=$S$7),A14,"")&" "&IF(AND(C15=$Q$8,D15=$S$7),A15,"")&" "&IF(AND(C16=$Q$8,D16=$S$7),A16,"")&" "&IF(AND(C17=$Q$8,D17=$S$7),A17,"")&" "&IF(AND(C18=$Q$8,D18=$S$7),A18,"")&" "&IF(AND(C19=$Q$8,D19=$S$7),A19,"")&" "&IF(AND(C20=$Q$8,D20=$S$7),A20,"")&" "&IF(AND(C21=$Q$8,D21=$S$7),A21,"")&" "&IF(AND(C22=$Q$8,D22=$S$7),A22,"")&" "&IF(AND(C23=$Q$8,D23=$S$7),A23,"")&" "&IF(AND(C24=$Q$8,D24=$S$7),A24,"")&" "&IF(AND(C25=$Q$8,D25=$S$7),A25,"")&" "&IF(AND(C26=$Q$8,D26=$S$7),A26,"")&" "&IF(AND(C27=$Q$8,D27=$S$7),A27,"") | K8: =+IF(AND(C8=$Q$8,D8=$T$7),A8,"")&" "&IF(AND(C9=$Q$8,D9=$T$7),A9,"")&" "&IF(AND(C10=$Q$8,D10=$T$7),A10,"")&" "&IF(AND(C11=$Q$8,D11=$T$7),A11,"")&" "&IF(AND(C12=$Q$8,D12=$T$7),A12,"")&" "&IF(AND(C13=$Q$8,D13=$T$7),A13,"")&" "&IF(AND(C14=$Q$8,D14=$T$7),A14,"")&" "&IF(AND(C15=$Q$8,D15=$T$7),A15,"")&" "&IF(AND(C16=$Q$8,D16=$T$7),A16,"")&" "&IF(AND(C17=$Q$8,D17=$T$7),A17,"")&" "&IF(AND(C18=$Q$8,D18=$T$7),A18,"")&" "&IF(AND(C19=$Q$8,D19=$T$7),A19,"")&" "&IF(AND(C20=$Q$8,D20=$T$7),A20,"")&" "&IF(AND(C21=$Q$8,D21=$T$7),A21,"")&" "&IF(AND(C22=$Q$8,D22=$T$7),A22,"")&" "&IF(AND(C23=$Q$8,D23=$T$7),A23,"")&" "&IF(AND(C24=$Q$8,D24=$T$7),A24,"")&" "&IF(AND(C25=$Q$8,D25=$T$7),A25,"")&" "&IF(AND(C26=$Q$8,D26=$T$7),A26,"")&" "&IF(AND(C27=$Q$8,D27=$T$7),A27,"") | L8: =+IF(AND(C8=$Q$8,D8=$U$7),A8,"")&" "&IF(AND(C9=$Q$8,D9=$U$7),A9,"")&" "&IF(AND(C10=$Q$8,D10=$U$7),A10,"")&" "&IF(AND(C11=$Q$8,D11=$U$7),A11,"")&" "&IF(AND(C12=$Q$8,D12=$U$7),A12,"")&" "&IF(AND(C13=$Q$8,D13=$U$7),A13,"")&" "&IF(AND(C14=$Q$8,D14=$U$7),A14,"")&" "&IF(AND(C15=$Q$8,D15=$U$7),A15,"")&" "&IF(AND(C16=$Q$8,D16=$U$7),A16,"")&" "&IF(AND(C17=$Q$8,D17=$U$7),A17,"")&" "&IF(AND(C18=$Q$8,D18=$U$7),A18,"")&" "&IF(AND(C19=$Q$8,D19=$U$7),A19,"")&" "&IF(AND(C20=$Q$8,D20=$U$7),A20,"")&" "&IF(AND(C21=$Q$8,D21=$U$7),A21,"")&" "&IF(AND(C22=$Q$8,D22=$U$7),A22,"")&" "&IF(AND(C23=$Q$8,D23=$U$7),A23,"")&" "&IF(AND(C24=$Q$8,D24=$U$7),A24,"")&" "&IF(AND(C25=$Q$8,D25=$U$7),A25,"")&" "&IF(AND(C26=$Q$8,D26=$U$7),A26,"")&" "&IF(AND(C27=$Q$8,D27=$U$7),A27,"") | M8: =+IF(AND(C8=$Q$8,D8=$V$7),A8,"")&" "&IF(AND(C9=$Q$8,D9=$V$7),A9,"")&" "&IF(AND(C10=$Q$8,D10=$V$7),A10,"")&" "&IF(AND(C11=$Q$8,D11=$V$7),A11,"")&" "&IF(AND(C12=$Q$8,D12=$V$7),A12,"")&" "&IF(AND(C13=$Q$8,D13=$V$7),A13,"")&" "&IF(AND(C14=$Q$8,D14=$V$7),A14,"")&" "&IF(AND(C15=$Q$8,D15=$V$7),A15,"")&" "&IF(AND(C16=$Q$8,D16=$V$7),A16,"")&" "&IF(AND(C17=$Q$8,D17=$V$7),A17,"")&" "&IF(AND(C18=$Q$8,D18=$V$7),A18,"")&" "&IF(AND(C19=$Q$8,D19=$V$7),A19,"")&" "&IF(AND(C20=$Q$8,D20=$V$7),A20,"")&" "&IF(AND(C21=$Q$8,D21=$V$7),A21,"")&" "&IF(AND(C22=$Q$8,D22=$V$7),A22,"")&" "&IF(AND(C23=$Q$8,D23=$V$7),A23,"")&" "&IF(AND(C24=$Q$8,D24=$V$7),A24,"")&" "&IF(AND(C25=$Q$8,D25=$V$7),A25,"")&" "&IF(AND(C26=$Q$8,D26=$V$7),A26,"")&" "&IF(AND(C27=$Q$8,D27=$V$7),A27,"") | O8: Probabilidad | P8: 1 | Q8: Muy Alta | R8: Alto | S8: Alto | T8: Alto | U8: Alto | V8: Extremo
A9: ='2 CONTEXTO E IDENTIFICACIÓN'!A8 -> R2 | B9: =+'2 CONTEXTO E IDENTIFICACIÓN'!E8 -> Posibilidad de pérdida Económica y Reputacional por incumplimiento en los términos de ley para la atención de PQRS debido a la falta de seguimiento y control a los tiempos de respuesta de los PQRS. | C9: =+'3 PROBABIL E IMPACTO INHERENTE'!F9 -> Media | D9: =+'3 PROBABIL E IMPACTO INHERENTE'!N9 -> Moderado | E9: =+IF(C9=$Q$8,IF(D9=$R$7,$R$8,IF(D9=$S$7,$S$8,IF(D9=$T$7,$T$8,IF(D9=$U$7,$U$8,IF(D9=$V$7,$V$8))))),IF(C9=$Q$9,IF(D9=$R$7,$R$9,IF(D9=$S$7,$S$9,IF(D9=$T$7,$T$9,IF(D9=$U$7,$U$9,IF(D9=$V$7,$V$9))))),IF(C9=$Q$10,IF(D9=$R$7,$R$10,IF(D9=$S$7,$S$10,IF(D9=$T$7,$T$10,IF(D9=$U$7,$U$10,IF(D9=$V$7,$V$10))))),IF(C9=$Q$11,IF(D9=$R$7,$R$11,IF(D9=$S$7,$S$11,IF(D9=$T$7,$T$11,IF(D9=$U$7,$U$11,IF(D9=$V$7,$V$11))))),IF(C9=$Q$12,IF(D9=$R$7,$R$12,IF(D9=$S$7,$S$12,IF(D9=$T$7,$T$12,IF(D9=$U$7,$U$12,IF(D9=$V$7,$V$12))))),""))))) -> Moderado | H9: Alta | I9: =+IF(AND(C8=$Q$9,D8=$R$7),A8,"")&" "&IF(AND(C9=$Q$9,D9=$R$7),A9,"")&" "&IF(AND(C10=$Q$9,D10=$R$7),A10,"")&" "&IF(AND(C11=$Q$9,D11=$R$7),A11,"")&" "&IF(AND(C12=$Q$9,D12=$R$7),A12,"")&" "&IF(AND(C13=$Q$9,D13=$R$7),A13,"")&" "&IF(AND(C14=$Q$9,D14=$R$7),A14,"")&" "&IF(AND(C15=$Q$9,D15=$R$7),A15,"")&" "&IF(AND(C16=$Q$9,D16=$R$7),A16,"")&" "&IF(AND(C17=$Q$9,D17=$R$7),A17,"")&" "&IF(AND(C18=$Q$9,D18=$R$7),A18,"")&" "&IF(AND(C19=$Q$9,D19=$R$7),A19,"")&" "&IF(AND(C20=$Q$9,D20=$R$7),A20,"")&" "&IF(AND(C21=$Q$9,D21=$R$7),A21,"")&" "&IF(AND(C22=$Q$9,D22=$R$7),A22,"")&" "&IF(AND(C23=$Q$9,D23=$R$7),A23,"")&" "&IF(AND(C24=$Q$9,D24=$R$7),A24,"")&" "&IF(AND(C25=$Q$9,D25=$R$7),A25,"")&" "&IF(AND(C26=$Q$9,D26=$R$7),A26,"")&" "&IF(AND(C27=$Q$9,D27=$R$7),A27,"") | J9: =+IF(AND(C8=$Q$9,D8=$S$7),A8,"")&" "&IF(AND(C9=$Q$9,D9=$S$7),A9,"")&" "&IF(AND(C10=$Q$9,D10=$S$7),A10,"")&" "&IF(AND(C11=$Q$9,D11=$S$7),A11,"")&" "&IF(AND(C12=$Q$9,D12=$S$7),A12,"")&" "&IF(AND(C13=$Q$9,D13=$S$7),A13,"")&" "&IF(AND(C14=$Q$9,D14=$S$7),A14,"")&" "&IF(AND(C15=$Q$9,D15=$S$7),A15,"")&" "&IF(AND(C16=$Q$9,D16=$S$7),A16,"")&" "&IF(AND(C17=$Q$9,D17=$S$7),A17,"")&" "&IF(AND(C18=$Q$9,D18=$S$7),A18,"")&" "&IF(AND(C19=$Q$9,D19=$S$7),A19,"")&" "&IF(AND(C20=$Q$9,D20=$S$7),A20,"")&" "&IF(AND(C21=$Q$9,D21=$S$7),A21,"")&" "&IF(AND(C22=$Q$9,D22=$S$7),A22,"")&" "&IF(AND(C23=$Q$9,D23=$S$7),A23,"")&" "&IF(AND(C24=$Q$9,D24=$S$7),A24,"")&" "&IF(AND(C25=$Q$9,D25=$S$7),A25,"")&" "&IF(AND(C26=$Q$9,D26=$S$7),A26,"")&" "&IF(AND(C27=$Q$9,D27=$S$7),A27,"") | K9: =+IF(AND(C8=$Q$9,D8=$T$7),A8,"")&" "&IF(AND(C9=$Q$9,D9=$T$7),A9,"")&" "&IF(AND(C10=$Q$9,D10=$T$7),A10,"")&" "&IF(AND(C11=$Q$9,D11=$T$7),A11,"")&" "&IF(AND(C12=$Q$9,D12=$T$7),A12,"")&" "&IF(AND(C13=$Q$9,D13=$T$7),A13,"")&" "&IF(AND(C14=$Q$9,D14=$T$7),A14,"")&" "&IF(AND(C15=$Q$9,D15=$T$7),A15,"")&" "&IF(AND(C16=$Q$9,D16=$T$7),A16,"")&" "&IF(AND(C17=$Q$9,D17=$T$7),A17,"")&" "&IF(AND(C18=$Q$9,D18=$T$7),A18,"")&" "&IF(AND(C19=$Q$9,D19=$T$7),A19,"")&" "&IF(AND(C20=$Q$9,D20=$T$7),A20,"")&" "&IF(AND(C21=$Q$9,D21=$T$7),A21,"")&" "&IF(AND(C22=$Q$9,D22=$T$7),A22,"")&" "&IF(AND(C23=$Q$9,D23=$T$7),A23,"")&" "&IF(AND(C24=$Q$9,D24=$T$7),A24,"")&" "&IF(AND(C25=$Q$9,D25=$T$7),A25,"")&" "&IF(AND(C26=$Q$9,D26=$T$7),A26,"")&" "&IF(AND(C27=$Q$9,D27=$T$7),A27,"") | L9: =+IF(AND(C8=$Q$9,D8=$U$7),A8,"")&" "&IF(AND(C9=$Q$9,D9=$U$7),A9,"")&" "&IF(AND(C10=$Q$9,D10=$U$7),A10,"")&" "&IF(AND(C11=$Q$9,D11=$U$7),A11,"")&" "&IF(AND(C12=$Q$9,D12=$U$7),A12,"")&" "&IF(AND(C13=$Q$9,D13=$U$7),A13,"")&" "&IF(AND(C14=$Q$9,D14=$U$7),A14,"")&" "&IF(AND(C15=$Q$9,D15=$U$7),A15,"")&" "&IF(AND(C16=$Q$9,D16=$U$7),A16,"")&" "&IF(AND(C17=$Q$9,D17=$U$7),A17,"")&" "&IF(AND(C18=$Q$9,D18=$U$7),A18,"")&" "&IF(AND(C19=$Q$9,D19=$U$7),A19,"")&" "&IF(AND(C20=$Q$9,D20=$U$7),A20,"")&" "&IF(AND(C21=$Q$9,D21=$U$7),A21,"")&" "&IF(AND(C22=$Q$9,D22=$U$7),A22,"")&" "&IF(AND(C23=$Q$9,D23=$U$7),A23,"")&" "&IF(AND(C24=$Q$9,D24=$U$7),A24,"")&" "&IF(AND(C25=$Q$9,D25=$U$7),A25,"")&" "&IF(AND(C26=$Q$9,D26=$U$7),A26,"")&" "&IF(AND(C27=$Q$9,D27=$U$7),A27,"") | M9: =+IF(AND(C8=$Q$9,D8=$V$7),A8,"")&" "&IF(AND(C9=$Q$9,D9=$V$7),A9,"")&" "&IF(AND(C10=$Q$9,D10=$V$7),A10,"")&" "&IF(AND(C11=$Q$9,D11=$V$7),A11,"")&" "&IF(AND(C12=$Q$9,D12=$V$7),A12,"")&" "&IF(AND(C13=$Q$9,D13=$V$7),A13,"")&" "&IF(AND(C14=$Q$9,D14=$V$7),A14,"")&" "&IF(AND(C15=$Q$9,D15=$V$7),A15,"")&" "&IF(AND(C16=$Q$9,D16=$V$7),A16,"")&" "&IF(AND(C17=$Q$9,D17=$V$7),A17,"")&" "&IF(AND(C18=$Q$9,D18=$V$7),A18,"")&" "&IF(AND(C19=$Q$9,D19=$V$7),A19,"")&" "&IF(AND(C20=$Q$9,D20=$V$7),A20,"")&" "&IF(AND(C21=$Q$9,D21=$V$7),A21,"")&" "&IF(AND(C22=$Q$9,D22=$V$7),A22,"")&" "&IF(AND(C23=$Q$9,D23=$V$7),A23,"")&" "&IF(AND(C24=$Q$9,D24=$V$7),A24,"")&" "&IF(AND(C25=$Q$9,D25=$V$7),A25,"")&" "&IF(AND(C26=$Q$9,D26=$V$7),A26,"")&" "&IF(AND(C27=$Q$9,D27=$V$7),A27,"") | P9: 0.8 | Q9: Alta | R9: Moderado | S9: Moderado | T9: Alto | U9: Alto | V9: Extremo
A10: ='2 CONTEXTO E IDENTIFICACIÓN'!A9 -> R3 | B10: =+'2 CONTEXTO E IDENTIFICACIÓN'!E9 -> Posibilidad de pérdida Reputacional por incumplimiento en la atención de los servicios complementarios solicitados por los usuarios debido a deficiencias en el seguimiento y control en la atención de los servicios complementarios. | C10: =+'3 PROBABIL E IMPACTO INHERENTE'!F10 -> Media | D10: =+'3 PROBABIL E IMPACTO INHERENTE'!N10 -> Menor | E10: =+IF(C10=$Q$8,IF(D10=$R$7,$R$8,IF(D10=$S$7,$S$8,IF(D10=$T$7,$T$8,IF(D10=$U$7,$U$8,IF(D10=$V$7,$V$8))))),IF(C10=$Q$9,IF(D10=$R$7,$R$9,IF(D10=$S$7,$S$9,IF(D10=$T$7,$T$9,IF(D10=$U$7,$U$9,IF(D10=$V$7,$V$9))))),IF(C10=$Q$10,IF(D10=$R$7,$R$10,IF(D10=$S$7,$S$10,IF(D10=$T$7,$T$10,IF(D10=$U$7,$U$10,IF(D10=$V$7,$V$10))))),IF(C10=$Q$11,IF(D10=$R$7,$R$11,IF(D10=$S$7,$S$11,IF(D10=$T$7,$T$11,IF(D10=$U$7,$U$11,IF(D10=$V$7,$V$11))))),IF(C10=$Q$12,IF(D10=$R$7,$R$12,IF(D10=$S$7,$S$12,IF(D10=$T$7,$T$12,IF(D10=$U$7,$U$12,IF(D10=$V$7,$V$12))))),""))))) -> Moderado | H10: Media | I10: =+IF(AND(C8=$Q$10,D8=$R$7),A8,"")&" "&IF(AND(C9=$Q$10,D9=$R$7),A9,"")&" "&IF(AND(C10=$Q$10,D10=$R$7),A10,"")&" "&IF(AND(C11=$Q$10,D11=$R$7),A11,"")&" "&IF(AND(C12=$Q$10,D12=$R$7),A12,"")&" "&IF(AND(C13=$Q$10,D13=$R$7),A13,"")&" "&IF(AND(C14=$Q$10,D14=$R$7),A14,"")&" "&IF(AND(C15=$Q$10,D15=$R$7),A15,"")&" "&IF(AND(C16=$Q$10,D16=$R$7),A16,"")&" "&IF(AND(C17=$Q$10,D17=$R$7),A17,"")&" "&IF(AND(C18=$Q$10,D18=$R$7),A18,"")&" "&IF(AND(C19=$Q$10,D19=$R$7),A19,"")&" "&IF(AND(C20=$Q$10,D20=$R$7),A20,"")&" "&IF(AND(C21=$Q$10,D21=$R$7),A21,"")&" "&IF(AND(C22=$Q$10,D22=$R$7),A22,"")&" "&IF(AND(C23=$Q$10,D23=$R$7),A23,"")&" "&IF(AND(C24=$Q$10,D24=$R$7),A24,"")&" "&IF(AND(C25=$Q$10,D25=$R$7),A25,"")&" "&IF(AND(C26=$Q$10,D26=$R$7),A26,"")&" "&IF(AND(C27=$Q$10,D27=$R$7),A27,"") | J10: =+IF(AND(C8=$Q$10,D8=$S$7),A8,"")&" "&IF(AND(C9=$Q$10,D9=$S$7),A9,"")&" "&IF(AND(C10=$Q$10,D10=$S$7),A10,"")&" "&IF(AND(C11=$Q$10,D11=$S$7),A11,"")&" "&IF(AND(C12=$Q$10,D12=$S$7),A12,"")&" "&IF(AND(C13=$Q$10,D13=$S$7),A13,"")&" "&IF(AND(C14=$Q$10,D14=$S$7),A14,"")&" "&IF(AND(C15=$Q$10,D15=$S$7),A15,"")&" "&IF(AND(C16=$Q$10,D16=$S$7),A16,"")&" "&IF(AND(C17=$Q$10,D17=$S$7),A17,"")&" "&IF(AND(C18=$Q$10,D18=$S$7),A18,"")&" "&IF(AND(C19=$Q$10,D19=$S$7),A19,"")&" "&IF(AND(C20=$Q$10,D20=$S$7),A20,"")&" "&IF(AND(C21=$Q$10,D21=$S$7),A21,"")&" "&IF(AND(C22=$Q$10,D22=$S$7),A22,"")&" "&IF(AND(C23=$Q$10,D23=$S$7),A23,"")&" "&IF(AND(C24=$Q$10,D24=$S$7),A24,"")&" "&IF(AND(C25=$Q$10,D25=$S$7),A25,"")&" "&IF(AND(C26=$Q$10,D26=$S$7),A26,"")&" "&IF(AND(C27=$Q$10,D27=$S$7),A27,"") -> R3 R4 | K10: =+IF(AND(C8=$Q$10,D8=$T$7),A8,"")&" "&IF(AND(C9=$Q$10,D9=$T$7),A9,"")&" "&IF(AND(C10=$Q$10,D10=$T$7),A10,"")&" "&IF(AND(C11=$Q$10,D11=$T$7),A11,"")&" "&IF(AND(C12=$Q$10,D12=$T$7),A12,"")&" "&IF(AND(C13=$Q$10,D13=$T$7),A13,"")&" "&IF(AND(C14=$Q$10,D14=$T$7),A14,"")&" "&IF(AND(C15=$Q$10,D15=$T$7),A15,"")&" "&IF(AND(C16=$Q$10,D16=$T$7),A16,"")&" "&IF(AND(C17=$Q$10,D17=$T$7),A17,"")&" "&IF(AND(C18=$Q$10,D18=$T$7),A18,"")&" "&IF(AND(C19=$Q$10,D19=$T$7),A19,"")&" "&IF(AND(C20=$Q$10,D20=$T$7),A20,"")&" "&IF(AND(C21=$Q$10,D21=$T$7),A21,"")&" "&IF(AND(C22=$Q$10,D22=$T$7),A22,"")&" "&IF(AND(C23=$Q$10,D23=$T$7),A23,"")&" "&IF(AND(C24=$Q$10,D24=$T$7),A24,"")&" "&IF(AND(C25=$Q$10,D25=$T$7),A25,"")&" "&IF(AND(C26=$Q$10,D26=$T$7),A26,"")&" "&IF(AND(C27=$Q$10,D27=$T$7),A27,"") -> R2 | L10: =+IF(AND(C8=$Q$10,D8=$U$7),A8,"")&" "&IF(AND(C9=$Q$10,D9=$U$7),A9,"")&" "&IF(AND(C10=$Q$10,D10=$U$7),A10,"")&" "&IF(AND(C11=$Q$10,D11=$U$7),A11,"")&" "&IF(AND(C12=$Q$10,D12=$U$7),A12,"")&" "&IF(AND(C13=$Q$10,D13=$U$7),A13,"")&" "&IF(AND(C14=$Q$10,D14=$U$7),A14,"")&" "&IF(AND(C15=$Q$10,D15=$U$7),A15,"")&" "&IF(AND(C16=$Q$10,D16=$U$7),A16,"")&" "&IF(AND(C17=$Q$10,D17=$U$7),A17,"")&" "&IF(AND(C18=$Q$10,D18=$U$7),A18,"")&" "&IF(AND(C19=$Q$10,D19=$U$7),A19,"")&" "&IF(AND(C20=$Q$10,D20=$U$7),A20,"")&" "&IF(AND(C21=$Q$10,D21=$U$7),A21,"")&" "&IF(AND(C22=$Q$10,D22=$U$7),A22,"")&" "&IF(AND(C23=$Q$10,D23=$U$7),A23,"")&" "&IF(AND(C24=$Q$10,D24=$U$7),A24,"")&" "&IF(AND(C25=$Q$10,D25=$U$7),A25,"")&" "&IF(AND(C26=$Q$10,D26=$U$7),A26,"")&" "&IF(AND(C27=$Q$10,D27=$U$7),A27,"") | M10: =+IF(AND(C8=$Q$10,D8=$V$7),A8,"")&" "&IF(AND(C9=$Q$10,D9=$V$7),A9,"")&" "&IF(AND(C10=$Q$10,D10=$V$7),A10,"")&" "&IF(AND(C11=$Q$10,D11=$V$7),A11,"")&" "&IF(AND(C12=$Q$10,D12=$V$7),A12,"")&" "&IF(AND(C13=$Q$10,D13=$V$7),A13,"")&" "&IF(AND(C14=$Q$10,D14=$V$7),A14,"")&" "&IF(AND(C15=$Q$10,D15=$V$7),A15,"")&" "&IF(AND(C16=$Q$10,D16=$V$7),A16,"")&" "&IF(AND(C17=$Q$10,D17=$V$7),A17,"")&" "&IF(AND(C18=$Q$10,D18=$V$7),A18,"")&" "&IF(AND(C19=$Q$10,D19=$V$7),A19,"")&" "&IF(AND(C20=$Q$10,D20=$V$7),A20,"")&" "&IF(AND(C21=$Q$10,D21=$V$7),A21,"")&" "&IF(AND(C22=$Q$10,D22=$V$7),A22,"")&" "&IF(AND(C23=$Q$10,D23=$V$7),A23,"")&" "&IF(AND(C24=$Q$10,D24=$V$7),A24,"")&" "&IF(AND(C25=$Q$10,D25=$V$7),A25,"")&" "&IF(AND(C26=$Q$10,D26=$V$7),A26,"")&" "&IF(AND(C27=$Q$10,D27=$V$7),A27,"") | P10: 0.6 | Q10: Media | R10: Moderado | S10: Moderado | T10: Moderado | U10: Alto | V10: Extremo
A11: ='2 CONTEXTO E IDENTIFICACIÓN'!A10 -> R4 | B11: =+'2 CONTEXTO E IDENTIFICACIÓN'!E10 -> Posibilidad de pérdida Reputacional por incumplimiento en la entrega de bienes y servicios por parte de los proveedores debido a deficiencias en el seguimiento y control de la gestión contractual. | C11: =+'3 PROBABIL E IMPACTO INHERENTE'!F11 -> Media | D11: =+'3 PROBABIL E IMPACTO INHERENTE'!N11 -> Menor | E11: =+IF(C11=$Q$8,IF(D11=$R$7,$R$8,IF(D11=$S$7,$S$8,IF(D11=$T$7,$T$8,IF(D11=$U$7,$U$8,IF(D11=$V$7,$V$8))))),IF(C11=$Q$9,IF(D11=$R$7,$R$9,IF(D11=$S$7,$S$9,IF(D11=$T$7,$T$9,IF(D11=$U$7,$U$9,IF(D11=$V$7,$V$9))))),IF(C11=$Q$10,IF(D11=$R$7,$R$10,IF(D11=$S$7,$S$10,IF(D11=$T$7,$T$10,IF(D11=$U$7,$U$10,IF(D11=$V$7,$V$10))))),IF(C11=$Q$11,IF(D11=$R$7,$R$11,IF(D11=$S$7,$S$11,IF(D11=$T$7,$T$11,IF(D11=$U$7,$U$11,IF(D11=$V$7,$V$11))))),IF(C11=$Q$12,IF(D11=$R$7,$R$12,IF(D11=$S$7,$S$12,IF(D11=$T$7,$T$12,IF(D11=$U$7,$U$12,IF(D11=$V$7,$V$12))))),""))))) -> Moderado | H11: Baja | I11: =+IF(AND(C8=$Q$11,D8=$R$7),A8,"")&" "&IF(AND(C9=$Q$11,D9=$R$7),A9,"")&" "&IF(AND(C10=$Q$11,D10=$R$7),A10,"")&" "&IF(AND(C11=$Q$11,D11=$R$7),A11,"")&" "&IF(AND(C12=$Q$11,D12=$R$7),A12,"")&" "&IF(AND(C13=$Q$11,D13=$R$7),A13,"")&" "&IF(AND(C14=$Q$11,D14=$R$7),A14,"")&" "&IF(AND(C15=$Q$11,D15=$R$7),A15,"")&" "&IF(AND(C16=$Q$11,D16=$R$7),A16,"")&" "&IF(AND(C17=$Q$11,D17=$R$7),A17,"")&" "&IF(AND(C18=$Q$11,D18=$R$7),A18,"")&" "&IF(AND(C19=$Q$11,D19=$R$7),A19,"")&" "&IF(AND(C20=$Q$11,D20=$R$7),A20,"")&" "&IF(AND(C21=$Q$11,D21=$R$7),A21,"")&" "&IF(AND(C22=$Q$11,D22=$R$7),A22,"")&" "&IF(AND(C23=$Q$11,D23=$R$7),A23,"")&" "&IF(AND(C24=$Q$11,D24=$R$7),A24,"")&" "&IF(AND(C25=$Q$11,D25=$R$7),A25,"")&" "&IF(AND(C26=$Q$11,D26=$R$7),A26,"")&" "&IF(AND(C27=$Q$11,D27=$R$7),A27,"") | J11: =+IF(AND(C8=$Q$11,D8=$S$7),A8,"")&" "&IF(AND(C9=$Q$11,D9=$S$7),A9,"")&" "&IF(AND(C10=$Q$11,D10=$S$7),A10,"")&" "&IF(AND(C11=$Q$11,D11=$S$7),A11,"")&" "&IF(AND(C12=$Q$11,D12=$S$7),A12,"")&" "&IF(AND(C13=$Q$11,D13=$S$7),A13,"")&" "&IF(AND(C14=$Q$11,D14=$S$7),A14,"")&" "&IF(AND(C15=$Q$11,D15=$S$7),A15,"")&" "&IF(AND(C16=$Q$11,D16=$S$7),A16,"")&" "&IF(AND(C17=$Q$11,D17=$S$7),A17,"")&" "&IF(AND(C18=$Q$11,D18=$S$7),A18,"")&" "&IF(AND(C19=$Q$11,D19=$S$7),A19,"")&" "&IF(AND(C20=$Q$11,D20=$S$7),A20,"")&" "&IF(AND(C21=$Q$11,D21=$S$7),A21,"")&" "&IF(AND(C22=$Q$11,D22=$S$7),A22,"")&" "&IF(AND(C23=$Q$11,D23=$S$7),A23,"")&" "&IF(AND(C24=$Q$11,D24=$S$7),A24,"")&" "&IF(AND(C25=$Q$11,D25=$S$7),A25,"")&" "&IF(AND(C26=$Q$11,D26=$S$7),A26,"")&" "&IF(AND(C27=$Q$11,D27=$S$7),A27,"") -> R5 | K11: =+IF(AND(C8=$Q$11,D8=$T$7),A8,"")&" "&IF(AND(C9=$Q$11,D9=$T$7),A9,"")&" "&IF(AND(C10=$Q$11,D10=$T$7),A10,"")&" "&IF(AND(C11=$Q$11,D11=$T$7),A11,"")&" "&IF(AND(C12=$Q$11,D12=$T$7),A12,"")&" "&IF(AND(C13=$Q$11,D13=$T$7),A13,"")&" "&IF(AND(C14=$Q$11,D14=$T$7),A14,"")&" "&IF(AND(C15=$Q$11,D15=$T$7),A15,"")&" "&IF(AND(C16=$Q$11,D16=$T$7),A16,"")&" "&IF(AND(C17=$Q$11,D17=$T$7),A17,"")&" "&IF(AND(C18=$Q$11,D18=$T$7),A18,"")&" "&IF(AND(C19=$Q$11,D19=$T$7),A19,"")&" "&IF(AND(C20=$Q$11,D20=$T$7),A20,"")&" "&IF(AND(C21=$Q$11,D21=$T$7),A21,"")&" "&IF(AND(C22=$Q$11,D22=$T$7),A22,"")&" "&IF(AND(C23=$Q$11,D23=$T$7),A23,"")&" "&IF(AND(C24=$Q$11,D24=$T$7),A24,"")&" "&IF(AND(C25=$Q$11,D25=$T$7),A25,"")&" "&IF(AND(C26=$Q$11,D26=$T$7),A26,"")&" "&IF(AND(C27=$Q$11,D27=$T$7),A27,"") -> R6 | L11: =+IF(AND(C8=$Q$11,D8=$U$7),A8,"")&" "&IF(AND(C9=$Q$11,D9=$U$7),A9,"")&" "&IF(AND(C10=$Q$11,D10=$U$7),A10,"")&" "&IF(AND(C11=$Q$11,D11=$U$7),A11,"")&" "&IF(AND(C12=$Q$11,D12=$U$7),A12,"")&" "&IF(AND(C13=$Q$11,D13=$U$7),A13,"")&" "&IF(AND(C14=$Q$11,D14=$U$7),A14,"")&" "&IF(AND(C15=$Q$11,D15=$U$7),A15,"")&" "&IF(AND(C16=$Q$11,D16=$U$7),A16,"")&" "&IF(AND(C17=$Q$11,D17=$U$7),A17,"")&" "&IF(AND(C18=$Q$11,D18=$U$7),A18,"")&" "&IF(AND(C19=$Q$11,D19=$U$7),A19,"")&" "&IF(AND(C20=$Q$11,D20=$U$7),A20,"")&" "&IF(AND(C21=$Q$11,D21=$U$7),A21,"")&" "&IF(AND(C22=$Q$11,D22=$U$7),A22,"")&" "&IF(AND(C23=$Q$11,D23=$U$7),A23,"")&" "&IF(AND(C24=$Q$11,D24=$U$7),A24,"")&" "&IF(AND(C25=$Q$11,D25=$U$7),A25,"")&" "&IF(AND(C26=$Q$11,D26=$U$7),A26,"")&" "&IF(AND(C27=$Q$11,D27=$U$7),A27,"") | M11: =+IF(AND(C8=$Q$11,D8=$V$7),A8,"")&" "&IF(AND(C9=$Q$11,D9=$V$7),A9,"")&" "&IF(AND(C10=$Q$11,D10=$V$7),A10,"")&" "&IF(AND(C11=$Q$11,D11=$V$7),A11,"")&" "&IF(AND(C12=$Q$11,D12=$V$7),A12,"")&" "&IF(AND(C13=$Q$11,D13=$V$7),A13,"")&" "&IF(AND(C14=$Q$11,D14=$V$7),A14,"")&" "&IF(AND(C15=$Q$11,D15=$V$7),A15,"")&" "&IF(AND(C16=$Q$11,D16=$V$7),A16,"")&" "&IF(AND(C17=$Q$11,D17=$V$7),A17,"")&" "&IF(AND(C18=$Q$11,D18=$V$7),A18,"")&" "&IF(AND(C19=$Q$11,D19=$V$7),A19,"")&" "&IF(AND(C20=$Q$11,D20=$V$7),A20,"")&" "&IF(AND(C21=$Q$11,D21=$V$7),A21,"")&" "&IF(AND(C22=$Q$11,D22=$V$7),A22,"")&" "&IF(AND(C23=$Q$11,D23=$V$7),A23,"")&" "&IF(AND(C24=$Q$11,D24=$V$7),A24,"")&" "&IF(AND(C25=$Q$11,D25=$V$7),A25,"")&" "&IF(AND(C26=$Q$11,D26=$V$7),A26,"")&" "&IF(AND(C27=$Q$11,D27=$V$7),A27,"") | P11: 0.4 | Q11: Baja | R11: Bajo | S11: Moderado | T11: Moderado | U11: Alto | V11: Extremo
A12: ='2 CONTEXTO E IDENTIFICACIÓN'!A11 -> R5 | B12: =+'2 CONTEXTO E IDENTIFICACIÓN'!E11 -> Posibilidad de pérdida Reputacional por fallas en el software de facturación debido a deficiencias en el funcionamiento o mantenimiento del sistema de facturación | C12: =+'3 PROBABIL E IMPACTO INHERENTE'!F12 -> Baja | D12: =+'3 PROBABIL E IMPACTO INHERENTE'!N12 -> Menor | E12: =+IF(C12=$Q$8,IF(D12=$R$7,$R$8,IF(D12=$S$7,$S$8,IF(D12=$T$7,$T$8,IF(D12=$U$7,$U$8,IF(D12=$V$7,$V$8))))),IF(C12=$Q$9,IF(D12=$R$7,$R$9,IF(D12=$S$7,$S$9,IF(D12=$T$7,$T$9,IF(D12=$U$7,$U$9,IF(D12=$V$7,$V$9))))),IF(C12=$Q$10,IF(D12=$R$7,$R$10,IF(D12=$S$7,$S$10,IF(D12=$T$7,$T$10,IF(D12=$U$7,$U$10,IF(D12=$V$7,$V$10))))),IF(C12=$Q$11,IF(D12=$R$7,$R$11,IF(D12=$S$7,$S$11,IF(D12=$T$7,$T$11,IF(D12=$U$7,$U$11,IF(D12=$V$7,$V$11))))),IF(C12=$Q$12,IF(D12=$R$7,$R$12,IF(D12=$S$7,$S$12,IF(D12=$T$7,$T$12,IF(D12=$U$7,$U$12,IF(D12=$V$7,$V$12))))),""))))) -> Moderado | H12: Muy Baja | I12: =+IF(AND(C8=$Q$12,D8=$R$7),A8,"")&" "&IF(AND(C9=$Q$12,D9=$R$7),A9,"")&" "&IF(AND(C10=$Q$12,D10=$R$7),A10,"")&" "&IF(AND(C11=$Q$12,D11=$R$7),A11,"")&" "&IF(AND(C12=$Q$12,D12=$R$7),A12,"")&" "&IF(AND(C13=$Q$12,D13=$R$7),A13,"")&" "&IF(AND(C14=$Q$12,D14=$R$7),A14,"")&" "&IF(AND(C15=$Q$12,D15=$R$7),A15,"")&" "&IF(AND(C16=$Q$12,D16=$R$7),A16,"")&" "&IF(AND(C17=$Q$12,D17=$R$7),A17,"")&" "&IF(AND(C18=$Q$12,D18=$R$7),A18,"")&" "&IF(AND(C19=$Q$12,D19=$R$7),A19,"")&" "&IF(AND(C20=$Q$12,D20=$R$7),A20,"")&" "&IF(AND(C21=$Q$12,D21=$R$7),A21,"")&" "&IF(AND(C22=$Q$12,D22=$R$7),A22,"")&" "&IF(AND(C23=$Q$12,D23=$R$7),A23,"")&" "&IF(AND(C24=$Q$12,D24=$R$7),A24,"")&" "&IF(AND(C25=$Q$12,D25=$R$7),A25,"")&" "&IF(AND(C26=$Q$12,D26=$R$7),A26,"")&" "&IF(AND(C27=$Q$12,D27=$R$7),A27,"") | J12: =+IF(AND(C8=$Q$12,D8=$S$7),A8,"")&" "&IF(AND(C9=$Q$12,D9=$S$7),A9,"")&" "&IF(AND(C10=$Q$12,D10=$S$7),A10,"")&" "&IF(AND(C11=$Q$12,D11=$S$7),A11,"")&" "&IF(AND(C12=$Q$12,D12=$S$7),A12,"")&" "&IF(AND(C13=$Q$12,D13=$S$7),A13,"")&" "&IF(AND(C14=$Q$12,D14=$S$7),A14,"")&" "&IF(AND(C15=$Q$12,D15=$S$7),A15,"")&" "&IF(AND(C16=$Q$12,D16=$S$7),A16,"")&" "&IF(AND(C17=$Q$12,D17=$S$7),A17,"")&" "&IF(AND(C18=$Q$12,D18=$S$7),A18,"")&" "&IF(AND(C19=$Q$12,D19=$S$7),A19,"")&" "&IF(AND(C20=$Q$12,D20=$S$7),A20,"")&" "&IF(AND(C21=$Q$12,D21=$S$7),A21,"")&" "&IF(AND(C22=$Q$12,D22=$S$7),A22,"")&" "&IF(AND(C23=$Q$12,D23=$S$7),A23,"")&" "&IF(AND(C24=$Q$12,D24=$S$7),A24,"")&" "&IF(AND(C25=$Q$12,D25=$S$7),A25,"")&" "&IF(AND(C26=$Q$12,D26=$S$7),A26,"")&" "&IF(AND(C27=$Q$12,D27=$S$7),A27,"") | K12: =+IF(AND(C8=$Q$12,D8=$T$7),A8,"")&" "&IF(AND(C9=$Q$12,D9=$T$7),A9,"")&" "&IF(AND(C10=$Q$12,D10=$T$7),A10,"")&" "&IF(AND(C11=$Q$12,D11=$T$7),A11,"")&" "&IF(AND(C12=$Q$12,D12=$T$7),A12,"")&" "&IF(AND(C13=$Q$12,D13=$T$7),A13,"")&" "&IF(AND(C14=$Q$12,D14=$T$7),A14,"")&" "&IF(AND(C15=$Q$12,D15=$T$7),A15,"")&" "&IF(AND(C16=$Q$12,D16=$T$7),A16,"")&" "&IF(AND(C17=$Q$12,D17=$T$7),A17,"")&" "&IF(AND(C18=$Q$12,D18=$T$7),A18,"")&" "&IF(AND(C19=$Q$12,D19=$T$7),A19,"")&" "&IF(AND(C20=$Q$12,D20=$T$7),A20,"")&" "&IF(AND(C21=$Q$12,D21=$T$7),A21,"")&" "&IF(AND(C22=$Q$12,D22=$T$7),A22,"")&" "&IF(AND(C23=$Q$12,D23=$T$7),A23,"")&" "&IF(AND(C24=$Q$12,D24=$T$7),A24,"")&" "&IF(AND(C25=$Q$12,D25=$T$7),A25,"")&" "&IF(AND(C26=$Q$12,D26=$T$7),A26,"")&" "&IF(AND(C27=$Q$12,D27=$T$7),A27,"") -> R1 | L12: =+IF(AND(C8=$Q$12,D8=$U$7),A8,"")&" "&IF(AND(C9=$Q$12,D9=$U$7),A9,"")&" "&IF(AND(C10=$Q$12,D10=$U$7),A10,"")&" "&IF(AND(C11=$Q$12,D11=$U$7),A11,"")&" "&IF(AND(C12=$Q$12,D12=$U$7),A12,"")&" "&IF(AND(C13=$Q$12,D13=$U$7),A13,"")&" "&IF(AND(C14=$Q$12,D14=$U$7),A14,"")&" "&IF(AND(C15=$Q$12,D15=$U$7),A15,"")&" "&IF(AND(C16=$Q$12,D16=$U$7),A16,"")&" "&IF(AND(C17=$Q$12,D17=$U$7),A17,"")&" "&IF(AND(C18=$Q$12,D18=$U$7),A18,"")&" "&IF(AND(C19=$Q$12,D19=$U$7),A19,"")&" "&IF(AND(C20=$Q$12,D20=$U$7),A20,"")&" "&IF(AND(C21=$Q$12,D21=$U$7),A21,"")&" "&IF(AND(C22=$Q$12,D22=$U$7),A22,"")&" "&IF(AND(C23=$Q$12,D23=$U$7),A23,"")&" "&IF(AND(C24=$Q$12,D24=$U$7),A24,"")&" "&IF(AND(C25=$Q$12,D25=$U$7),A25,"")&" "&IF(AND(C26=$Q$12,D26=$U$7),A26,"")&" "&IF(AND(C27=$Q$12,D27=$U$7),A27,"") | M12: =+IF(AND(C8=$Q$12,D8=$V$7),A8,"")&" "&IF(AND(C9=$Q$12,D9=$V$7),A9,"")&" "&IF(AND(C10=$Q$12,D10=$V$7),A10,"")&" "&IF(AND(C11=$Q$12,D11=$V$7),A11,"")&" "&IF(AND(C12=$Q$12,D12=$V$7),A12,"")&" "&IF(AND(C13=$Q$12,D13=$V$7),A13,"")&" "&IF(AND(C14=$Q$12,D14=$V$7),A14,"")&" "&IF(AND(C15=$Q$12,D15=$V$7),A15,"")&" "&IF(AND(C16=$Q$12,D16=$V$7),A16,"")&" "&IF(AND(C17=$Q$12,D17=$V$7),A17,"")&" "&IF(AND(C18=$Q$12,D18=$V$7),A18,"")&" "&IF(AND(C19=$Q$12,D19=$V$7),A19,"")&" "&IF(AND(C20=$Q$12,D20=$V$7),A20,"")&" "&IF(AND(C21=$Q$12,D21=$V$7),A21,"")&" "&IF(AND(C22=$Q$12,D22=$V$7),A22,"")&" "&IF(AND(C23=$Q$12,D23=$V$7),A23,"")&" "&IF(AND(C24=$Q$12,D24=$V$7),A24,"")&" "&IF(AND(C25=$Q$12,D25=$V$7),A25,"")&" "&IF(AND(C26=$Q$12,D26=$V$7),A26,"")&" "&IF(AND(C27=$Q$12,D27=$V$7),A27,"") | P12: 0.2 | Q12: Muy Baja | R12: Bajo | S12: Bajo | T12: Moderado | U12: Alto | V12: Extremo
A13: ='2 CONTEXTO E IDENTIFICACIÓN'!A12 -> R6 | B13: =+'2 CONTEXTO E IDENTIFICACIÓN'!E12 -> Posibilidad de afectación operativa y financiera por sabotaje cibernético en los pagos de insumos debido a vulnerabilidades en la seguridad de los medios digitales utilizados para las transacciones. | C13: =+'3 PROBABIL E IMPACTO INHERENTE'!F13 -> Baja | D13: =+'3 PROBABIL E IMPACTO INHERENTE'!N13 -> Moderado | E13: =+IF(C13=$Q$8,IF(D13=$R$7,$R$8,IF(D13=$S$7,$S$8,IF(D13=$T$7,$T$8,IF(D13=$U$7,$U$8,IF(D13=$V$7,$V$8))))),IF(C13=$Q$9,IF(D13=$R$7,$R$9,IF(D13=$S$7,$S$9,IF(D13=$T$7,$T$9,IF(D13=$U$7,$U$9,IF(D13=$V$7,$V$9))))),IF(C13=$Q$10,IF(D13=$R$7,$R$10,IF(D13=$S$7,$S$10,IF(D13=$T$7,$T$10,IF(D13=$U$7,$U$10,IF(D13=$V$7,$V$10))))),IF(C13=$Q$11,IF(D13=$R$7,$R$11,IF(D13=$S$7,$S$11,IF(D13=$T$7,$T$11,IF(D13=$U$7,$U$11,IF(D13=$V$7,$V$11))))),IF(C13=$Q$12,IF(D13=$R$7,$R$12,IF(D13=$S$7,$S$12,IF(D13=$T$7,$T$12,IF(D13=$U$7,$U$12,IF(D13=$V$7,$V$12))))),""))))) -> Moderado
A14: ='2 CONTEXTO E IDENTIFICACIÓN'!A13 -> R7 | B14: =+'2 CONTEXTO E IDENTIFICACIÓN'!E13 -> 0 | R14: NIVELES DE RIESGO
A15: ='2 CONTEXTO E IDENTIFICACIÓN'!A14 -> R8 | B15: =+'2 CONTEXTO E IDENTIFICACIÓN'!E14 -> 0 | E15: =+IF(C15=$Q$8,IF(D15=$R$7,$R$8,IF(D15=$S$7,$S$8,IF(D15=$T$7,$T$8,IF(D15=$U$7,$U$8,IF(D15=$V$7,$V$8))))),IF(C15=$Q$9,IF(D15=$R$7,$R$9,IF(D15=$S$7,$S$9,IF(D15=$T$7,$T$9,IF(D15=$U$7,$U$9,IF(D15=$V$7,$V$9))))),IF(C15=$Q$10,IF(D15=$R$7,$R$10,IF(D15=$S$7,$S$10,IF(D15=$T$7,$T$10,IF(D15=$U$7,$U$10,IF(D15=$V$7,$V$10))))),IF(C15=$Q$11,IF(D15=$R$7,$R$11,IF(D15=$S$7,$S$11,IF(D15=$T$7,$T$11,IF(D15=$U$7,$U$11,IF(D15=$V$7,$V$11))))),IF(C15=$Q$12,IF(D15=$R$7,$R$12,IF(D15=$S$7,$S$12,IF(D15=$T$7,$T$12,IF(D15=$U$7,$U$12,IF(D15=$V$7,$V$12))))),""))))) | R15: Extremo
A16: ='2 CONTEXTO E IDENTIFICACIÓN'!A13 -> R7 | B16: =+'2 CONTEXTO E IDENTIFICACIÓN'!E13 -> 0 | C16: =+'3 PROBABIL E IMPACTO INHERENTE'!F14 | D16: =+'3 PROBABIL E IMPACTO INHERENTE'!N14 | E16: =+IF(C16=$Q$8,IF(D16=$R$7,$R$8,IF(D16=$S$7,$S$8,IF(D16=$T$7,$T$8,IF(D16=$U$7,$U$8,IF(D16=$V$7,$V$8))))),IF(C16=$Q$9,IF(D16=$R$7,$R$9,IF(D16=$S$7,$S$9,IF(D16=$T$7,$T$9,IF(D16=$U$7,$U$9,IF(D16=$V$7,$V$9))))),IF(C16=$Q$10,IF(D16=$R$7,$R$10,IF(D16=$S$7,$S$10,IF(D16=$T$7,$T$10,IF(D16=$U$7,$U$10,IF(D16=$V$7,$V$10))))),IF(C16=$Q$11,IF(D16=$R$7,$R$11,IF(D16=$S$7,$S$11,IF(D16=$T$7,$T$11,IF(D16=$U$7,$U$11,IF(D16=$V$7,$V$11))))),IF(C16=$Q$12,IF(D16=$R$7,$R$12,IF(D16=$S$7,$S$12,IF(D16=$T$7,$T$12,IF(D16=$U$7,$U$12,IF(D16=$V$7,$V$12))))),""))))) | R16: Alto
A17: ='2 CONTEXTO E IDENTIFICACIÓN'!A14 -> R8 | B17: =+'2 CONTEXTO E IDENTIFICACIÓN'!E14 -> 0 | C17: =+'3 PROBABIL E IMPACTO INHERENTE'!F15 | D17: =+'3 PROBABIL E IMPACTO INHERENTE'!N15 | E17: =+IF(C17=$Q$8,IF(D17=$R$7,$R$8,IF(D17=$S$7,$S$8,IF(D17=$T$7,$T$8,IF(D17=$U$7,$U$8,IF(D17=$V$7,$V$8))))),IF(C17=$Q$9,IF(D17=$R$7,$R$9,IF(D17=$S$7,$S$9,IF(D17=$T$7,$T$9,IF(D17=$U$7,$U$9,IF(D17=$V$7,$V$9))))),IF(C17=$Q$10,IF(D17=$R$7,$R$10,IF(D17=$S$7,$S$10,IF(D17=$T$7,$T$10,IF(D17=$U$7,$U$10,IF(D17=$V$7,$V$10))))),IF(C17=$Q$11,IF(D17=$R$7,$R$11,IF(D17=$S$7,$S$11,IF(D17=$T$7,$T$11,IF(D17=$U$7,$U$11,IF(D17=$V$7,$V$11))))),IF(C17=$Q$12,IF(D17=$R$7,$R$12,IF(D17=$S$7,$S$12,IF(D17=$T$7,$T$12,IF(D17=$U$7,$U$12,IF(D17=$V$7,$V$12))))),""))))) | R17: Moderado
A18: ='2 CONTEXTO E IDENTIFICACIÓN'!A15 -> R9 | B18: =+'2 CONTEXTO E IDENTIFICACIÓN'!E15 | C18: =+'3 PROBABIL E IMPACTO INHERENTE'!F16 | D18: =+'3 PROBABIL E IMPACTO INHERENTE'!N16 | E18: =+IF(C18=$Q$8,IF(D18=$R$7,$R$8,IF(D18=$S$7,$S$8,IF(D18=$T$7,$T$8,IF(D18=$U$7,$U$8,IF(D18=$V$7,$V$8))))),IF(C18=$Q$9,IF(D18=$R$7,$R$9,IF(D18=$S$7,$S$9,IF(D18=$T$7,$T$9,IF(D18=$U$7,$U$9,IF(D18=$V$7,$V$9))))),IF(C18=$Q$10,IF(D18=$R$7,$R$10,IF(D18=$S$7,$S$10,IF(D18=$T$7,$T$10,IF(D18=$U$7,$U$10,IF(D18=$V$7,$V$10))))),IF(C18=$Q$11,IF(D18=$R$7,$R$11,IF(D18=$S$7,$S$11,IF(D18=$T$7,$T$11,IF(D18=$U$7,$U$11,IF(D18=$V$7,$V$11))))),IF(C18=$Q$12,IF(D18=$R$7,$R$12,IF(D18=$S$7,$S$12,IF(D18=$T$7,$T$12,IF(D18=$U$7,$U$12,IF(D18=$V$7,$V$12))))),""))))) | R18: Bajo
A19: ='2 CONTEXTO E IDENTIFICACIÓN'!A16 -> R10 | B19: =+'2 CONTEXTO E IDENTIFICACIÓN'!E16 | C19: =+'3 PROBABIL E IMPACTO INHERENTE'!F17 | D19: =+'3 PROBABIL E IMPACTO INHERENTE'!N17 | E19: =+IF(C19=$Q$8,IF(D19=$R$7,$R$8,IF(D19=$S$7,$S$8,IF(D19=$T$7,$T$8,IF(D19=$U$7,$U$8,IF(D19=$V$7,$V$8))))),IF(C19=$Q$9,IF(D19=$R$7,$R$9,IF(D19=$S$7,$S$9,IF(D19=$T$7,$T$9,IF(D19=$U$7,$U$9,IF(D19=$V$7,$V$9))))),IF(C19=$Q$10,IF(D19=$R$7,$R$10,IF(D19=$S$7,$S$10,IF(D19=$T$7,$T$10,IF(D19=$U$7,$U$10,IF(D19=$V$7,$V$10))))),IF(C19=$Q$11,IF(D19=$R$7,$R$11,IF(D19=$S$7,$S$11,IF(D19=$T$7,$T$11,IF(D19=$U$7,$U$11,IF(D19=$V$7,$V$11))))),IF(C19=$Q$12,IF(D19=$R$7,$R$12,IF(D19=$S$7,$S$12,IF(D19=$T$7,$T$12,IF(D19=$U$7,$U$12,IF(D19=$V$7,$V$12))))),"")))))
A20: ='2 CONTEXTO E IDENTIFICACIÓN'!A17 -> R11 | B20: =+'2 CONTEXTO E IDENTIFICACIÓN'!E17 | C20: =+'3 PROBABIL E IMPACTO INHERENTE'!F18 | D20: =+'3 PROBABIL E IMPACTO INHERENTE'!N18 | E20: =+IF(C20=$Q$8,IF(D20=$R$7,$R$8,IF(D20=$S$7,$S$8,IF(D20=$T$7,$T$8,IF(D20=$U$7,$U$8,IF(D20=$V$7,$V$8))))),IF(C20=$Q$9,IF(D20=$R$7,$R$9,IF(D20=$S$7,$S$9,IF(D20=$T$7,$T$9,IF(D20=$U$7,$U$9,IF(D20=$V$7,$V$9))))),IF(C20=$Q$10,IF(D20=$R$7,$R$10,IF(D20=$S$7,$S$10,IF(D20=$T$7,$T$10,IF(D20=$U$7,$U$10,IF(D20=$V$7,$V$10))))),IF(C20=$Q$11,IF(D20=$R$7,$R$11,IF(D20=$S$7,$S$11,IF(D20=$T$7,$T$11,IF(D20=$U$7,$U$11,IF(D20=$V$7,$V$11))))),IF(C20=$Q$12,IF(D20=$R$7,$R$12,IF(D20=$S$7,$S$12,IF(D20=$T$7,$T$12,IF(D20=$U$7,$U$12,IF(D20=$V$7,$V$12))))),"")))))
A21: ='2 CONTEXTO E IDENTIFICACIÓN'!A18 -> R12 | B21: =+'2 CONTEXTO E IDENTIFICACIÓN'!E18 | C21: =+'3 PROBABIL E IMPACTO INHERENTE'!F19 | D21: =+'3 PROBABIL E IMPACTO INHERENTE'!N19 | E21: =+IF(C21=$Q$8,IF(D21=$R$7,$R$8,IF(D21=$S$7,$S$8,IF(D21=$T$7,$T$8,IF(D21=$U$7,$U$8,IF(D21=$V$7,$V$8))))),IF(C21=$Q$9,IF(D21=$R$7,$R$9,IF(D21=$S$7,$S$9,IF(D21=$T$7,$T$9,IF(D21=$U$7,$U$9,IF(D21=$V$7,$V$9))))),IF(C21=$Q$10,IF(D21=$R$7,$R$10,IF(D21=$S$7,$S$10,IF(D21=$T$7,$T$10,IF(D21=$U$7,$U$10,IF(D21=$V$7,$V$10))))),IF(C21=$Q$11,IF(D21=$R$7,$R$11,IF(D21=$S$7,$S$11,IF(D21=$T$7,$T$11,IF(D21=$U$7,$U$11,IF(D21=$V$7,$V$11))))),IF(C21=$Q$12,IF(D21=$R$7,$R$12,IF(D21=$S$7,$S$12,IF(D21=$T$7,$T$12,IF(D21=$U$7,$U$12,IF(D21=$V$7,$V$12))))),"")))))
A22: ='2 CONTEXTO E IDENTIFICACIÓN'!A19 -> R13 | B22: =+'2 CONTEXTO E IDENTIFICACIÓN'!E19 | C22: =+'3 PROBABIL E IMPACTO INHERENTE'!F20 | D22: =+'3 PROBABIL E IMPACTO INHERENTE'!N20 | E22: =+IF(C22=$Q$8,IF(D22=$R$7,$R$8,IF(D22=$S$7,$S$8,IF(D22=$T$7,$T$8,IF(D22=$U$7,$U$8,IF(D22=$V$7,$V$8))))),IF(C22=$Q$9,IF(D22=$R$7,$R$9,IF(D22=$S$7,$S$9,IF(D22=$T$7,$T$9,IF(D22=$U$7,$U$9,IF(D22=$V$7,$V$9))))),IF(C22=$Q$10,IF(D22=$R$7,$R$10,IF(D22=$S$7,$S$10,IF(D22=$T$7,$T$10,IF(D22=$U$7,$U$10,IF(D22=$V$7,$V$10))))),IF(C22=$Q$11,IF(D22=$R$7,$R$11,IF(D22=$S$7,$S$11,IF(D22=$T$7,$T$11,IF(D22=$U$7,$U$11,IF(D22=$V$7,$V$11))))),IF(C22=$Q$12,IF(D22=$R$7,$R$12,IF(D22=$S$7,$S$12,IF(D22=$T$7,$T$12,IF(D22=$U$7,$U$12,IF(D22=$V$7,$V$12))))),"")))))
A23: ='2 CONTEXTO E IDENTIFICACIÓN'!A20 -> R16 | B23: =+'2 CONTEXTO E IDENTIFICACIÓN'!E20 | C23: =+'3 PROBABIL E IMPACTO INHERENTE'!F21 | D23: =+'3 PROBABIL E IMPACTO INHERENTE'!N21 | E23: =+IF(C23=$Q$8,IF(D23=$R$7,$R$8,IF(D23=$S$7,$S$8,IF(D23=$T$7,$T$8,IF(D23=$U$7,$U$8,IF(D23=$V$7,$V$8))))),IF(C23=$Q$9,IF(D23=$R$7,$R$9,IF(D23=$S$7,$S$9,IF(D23=$T$7,$T$9,IF(D23=$U$7,$U$9,IF(D23=$V$7,$V$9))))),IF(C23=$Q$10,IF(D23=$R$7,$R$10,IF(D23=$S$7,$S$10,IF(D23=$T$7,$T$10,IF(D23=$U$7,$U$10,IF(D23=$V$7,$V$10))))),IF(C23=$Q$11,IF(D23=$R$7,$R$11,IF(D23=$S$7,$S$11,IF(D23=$T$7,$T$11,IF(D23=$U$7,$U$11,IF(D23=$V$7,$V$11))))),IF(C23=$Q$12,IF(D23=$R$7,$R$12,IF(D23=$S$7,$S$12,IF(D23=$T$7,$T$12,IF(D23=$U$7,$U$12,IF(D23=$V$7,$V$12))))),"")))))
A24: ='2 CONTEXTO E IDENTIFICACIÓN'!A21 -> R17 | B24: =+'2 CONTEXTO E IDENTIFICACIÓN'!E21 | C24: =+'3 PROBABIL E IMPACTO INHERENTE'!F22 | D24: =+'3 PROBABIL E IMPACTO INHERENTE'!N22 | E24: =+IF(C24=$Q$8,IF(D24=$R$7,$R$8,IF(D24=$S$7,$S$8,IF(D24=$T$7,$T$8,IF(D24=$U$7,$U$8,IF(D24=$V$7,$V$8))))),IF(C24=$Q$9,IF(D24=$R$7,$R$9,IF(D24=$S$7,$S$9,IF(D24=$T$7,$T$9,IF(D24=$U$7,$U$9,IF(D24=$V$7,$V$9))))),IF(C24=$Q$10,IF(D24=$R$7,$R$10,IF(D24=$S$7,$S$10,IF(D24=$T$7,$T$10,IF(D24=$U$7,$U$10,IF(D24=$V$7,$V$10))))),IF(C24=$Q$11,IF(D24=$R$7,$R$11,IF(D24=$S$7,$S$11,IF(D24=$T$7,$T$11,IF(D24=$U$7,$U$11,IF(D24=$V$7,$V$11))))),IF(C24=$Q$12,IF(D24=$R$7,$R$12,IF(D24=$S$7,$S$12,IF(D24=$T$7,$T$12,IF(D24=$U$7,$U$12,IF(D24=$V$7,$V$12))))),"")))))
A25: ='2 CONTEXTO E IDENTIFICACIÓN'!A22 -> R18 | B25: =+'2 CONTEXTO E IDENTIFICACIÓN'!E22 | C25: =+'3 PROBABIL E IMPACTO INHERENTE'!F23 | D25: =+'3 PROBABIL E IMPACTO INHERENTE'!N23 | E25: =+IF(C25=$Q$8,IF(D25=$R$7,$R$8,IF(D25=$S$7,$S$8,IF(D25=$T$7,$T$8,IF(D25=$U$7,$U$8,IF(D25=$V$7,$V$8))))),IF(C25=$Q$9,IF(D25=$R$7,$R$9,IF(D25=$S$7,$S$9,IF(D25=$T$7,$T$9,IF(D25=$U$7,$U$9,IF(D25=$V$7,$V$9))))),IF(C25=$Q$10,IF(D25=$R$7,$R$10,IF(D25=$S$7,$S$10,IF(D25=$T$7,$T$10,IF(D25=$U$7,$U$10,IF(D25=$V$7,$V$10))))),IF(C25=$Q$11,IF(D25=$R$7,$R$11,IF(D25=$S$7,$S$11,IF(D25=$T$7,$T$11,IF(D25=$U$7,$U$11,IF(D25=$V$7,$V$11))))),IF(C25=$Q$12,IF(D25=$R$7,$R$12,IF(D25=$S$7,$S$12,IF(D25=$T$7,$T$12,IF(D25=$U$7,$U$12,IF(D25=$V$7,$V$12))))),"")))))
A26: ='2 CONTEXTO E IDENTIFICACIÓN'!A23 -> R19 | B26: =+'2 CONTEXTO E IDENTIFICACIÓN'!E23 | C26: =+'3 PROBABIL E IMPACTO INHERENTE'!F24 | D26: =+'3 PROBABIL E IMPACTO INHERENTE'!N24 | E26: =+IF(C26=$Q$8,IF(D26=$R$7,$R$8,IF(D26=$S$7,$S$8,IF(D26=$T$7,$T$8,IF(D26=$U$7,$U$8,IF(D26=$V$7,$V$8))))),IF(C26=$Q$9,IF(D26=$R$7,$R$9,IF(D26=$S$7,$S$9,IF(D26=$T$7,$T$9,IF(D26=$U$7,$U$9,IF(D26=$V$7,$V$9))))),IF(C26=$Q$10,IF(D26=$R$7,$R$10,IF(D26=$S$7,$S$10,IF(D26=$T$7,$T$10,IF(D26=$U$7,$U$10,IF(D26=$V$7,$V$10))))),IF(C26=$Q$11,IF(D26=$R$7,$R$11,IF(D26=$S$7,$S$11,IF(D26=$T$7,$T$11,IF(D26=$U$7,$U$11,IF(D26=$V$7,$V$11))))),IF(C26=$Q$12,IF(D26=$R$7,$R$12,IF(D26=$S$7,$S$12,IF(D26=$T$7,$T$12,IF(D26=$U$7,$U$12,IF(D26=$V$7,$V$12))))),"")))))
A27: ='2 CONTEXTO E IDENTIFICACIÓN'!A24 -> R20 | B27: =+'2 CONTEXTO E IDENTIFICACIÓN'!E24 | C27: =+'3 PROBABIL E IMPACTO INHERENTE'!F25 | D27: =+'3 PROBABIL E IMPACTO INHERENTE'!N25 | E27: =+IF(C27=$Q$8,IF(D27=$R$7,$R$8,IF(D27=$S$7,$S$8,IF(D27=$T$7,$T$8,IF(D27=$U$7,$U$8,IF(D27=$V$7,$V$8))))),IF(C27=$Q$9,IF(D27=$R$7,$R$9,IF(D27=$S$7,$S$9,IF(D27=$T$7,$T$9,IF(D27=$U$7,$U$9,IF(D27=$V$7,$V$9))))),IF(C27=$Q$10,IF(D27=$R$7,$R$10,IF(D27=$S$7,$S$10,IF(D27=$T$7,$T$10,IF(D27=$U$7,$U$10,IF(D27=$V$7,$V$10))))),IF(C27=$Q$11,IF(D27=$R$7,$R$11,IF(D27=$S$7,$S$11,IF(D27=$T$7,$T$11,IF(D27=$U$7,$U$11,IF(D27=$V$7,$V$11))))),IF(C27=$Q$12,IF(D27=$R$7,$R$12,IF(D27=$S$7,$S$12,IF(D27=$T$7,$T$12,IF(D27=$U$7,$U$12,IF(D27=$V$7,$V$12))))),"")))))

Sheet 5 VALORACIÓN DEL CONTROL
A1: #VALUE! | B1: MAPA Y PLAN DE TRATAMIENTO DE RIESGOS DE GESTIÓN COMERCIAL | D1: #VALUE!
A3: PROCESO: | B3: =+IF('2 CONTEXTO E IDENTIFICACIÓN'!$B$3="","",'2 CONTEXTO E IDENTIFICACIÓN'!$B$3) -> GESTIÓN COMERCIAL | F3: VALORACIÓN DEL CONTROL | R3: Peso del Control + Peso de la implementación | S3: % Probabilidad Riesgo Inherente-(% Probabilidad Riesgo Inherente*Valor Total del Control) | T3: % Impacto Riesgo Inherente-(% Impacto Riesgo Inherente*Valor Total del Control) | X3: NIVEL
J4: Atributos del control | X4: Nivel | Y4: % MIN | Z4: % MAX
A5: No. Riesgo | B5: Riesgo | C5: % Probabilidad Riesgo Inherente | D5: % Impacto Riesgo Inherente | E5: No. Control | F5: Descripción del Control | J5: Eficiencia | O5: Informativos | X5: Muy Baja | Y5: 0.01 | Z5: 0.2
F6: Responsable (Cargo y/o Aplicativo) | G6: Acción (Inicia con un verbo) | H6: Complemento (Periodicidad - Observaciones o Desviaciones) | I6: Descripción del control | J6: Tipo de control | K6: Peso del Control | L6: Afectación o Desplazamiento en la Matriz | M6: Implementación | N6: Peso de la implementación | O6: Documentación | P6: Frecuencia | Q6: Evidencia | R6: Valor Total del Control | S6: Probabilidad residual | T6: Impacto Residual | U6: Probabilidad residual Final | V6: Impacto Residual Final | X6: Baja | Y6: 0.21 | Z6: 0.4
A7: ='2 CONTEXTO E IDENTIFICACIÓN'!A7 -> R1 | B7: =+'2 CONTEXTO E IDENTIFICACIÓN'!E7 -> Posibilidad de pérdida Reputacional por no realizar medidas correctivas de acuerdos a los resultados que arroja la encuesta de satisfacción debido a ausencias de planes de mejora que orienten el fortalecimiento del servicio. | C7: =+'3 PROBABIL E IMPACTO INHERENTE'!E8 -> 0.2 | D7: =+'3 PROBABIL E IMPACTO INHERENTE'!M8 -> 0.6 | E7: 1 | F7: el subgerente comercial es el encargado de | G7: verificar el plan de acción | H7: para hacer seguimiento al cumplimiento de las metas y fechas de las actividades establecidas | I7: =+CONCATENATE(F7," ",G7," ",H7) -> el subgerente comercial es el encargado de verificar el plan de acción para hacer seguimiento al cumplimiento de las metas y fechas de las actividades establecidas | J7: Correctivo | K7: =+IF(J7='11 FORMULAS'!$E$4,'11 FORMULAS'!$F$4,IF(J7='11 FORMULAS'!$E$5,'11 FORMULAS'!$F$5,IF(J7='11 FORMULAS'!$E$6,'11 FORMULAS'!$F$6,""))) -> 0.1 | L7: =+IF(OR(J7='11 FORMULAS'!$O$4,J7='11 FORMULAS'!$O$5),'11 FORMULAS'!$P$5,IF(J7='11 FORMULAS'!$O$6,'11 FORMULAS'!$P$6,"")) -> Impacto | M7: Manual | N7: =+IF(M7='11 FORMULAS'!$H$4,'11 FORMULAS'!$I$4,IF(M7='11 FORMULAS'!$H$5,'11 FORMULAS'!$I$5,"")) -> 0.15 | O7: Documentado | P7: Continua | Q7: Con Registro | R7: =+IFERROR(K7+N7,"") -> 0.25 | S7: =IF(L7='11 FORMULAS'!$P$5,C7-(C7*R7),C7) -> 0.2 | T7: =IF(L7='11 FORMULAS'!$P$6,D7-(D7*R7),D7) -> 0.45 | U7: =+IF(S10="","",S10) -> 0.2 | V7: =+IF(T10="","",T10) -> 0.253125 | X7: Media | Y7: 0.41 | Z7: 0.6
E8: 2 | F8: el lider de atención al usuario es el encargado de | G8: elaborar el plan de acción | H8: para hacer seguimiento al cumplimiento de las metas y fechas de las actividades establecidas | I8: =+CONCATENATE(F8," ",G8," ",H8) -> el lider de atención al usuario es el encargado de elaborar el plan de acción para hacer seguimiento al cumplimiento de las metas y fechas de las actividades establecidas | J8: Correctivo | K8: =+IF(J8='11 FORMULAS'!$E$4,'11 FORMULAS'!$F$4,IF(J8='11 FORMULAS'!$E$5,'11 FORMULAS'!$F$5,IF(J8='11 FORMULAS'!$E$6,'11 FORMULAS'!$F$6,""))) -> 0.1 | L8: =+IF(OR(J8='11 FORMULAS'!$O$4,J8='11 FORMULAS'!$O$5),'11 FORMULAS'!$P$5,IF(J8='11 FORMULAS'!$O$6,'11 FORMULAS'!$P$6,"")) -> Impacto | M8: Manual | N8: =+IF(M8='11 FORMULAS'!$H$4,'11 FORMULAS'!$I$4,IF(M8='11 FORMULAS'!$H$5,'11 FORMULAS'!$I$5,"")) -> 0.15 | O8: Documentado | P8: Continua | Q8: Con Registro | R8: =+IFERROR(K8+N8,"") -> 0.25 | S8: =IF(L8='11 FORMULAS'!$P$5,S7-(S7*R8),S7) -> 0.2 | T8: =IF(L8='11 FORMULAS'!$P$6,T7-(T7*R8),T7) -> 0.3375 | X8: Alta | Y8: 0.61 | Z8: 0.8
E9: 3 | F9: el contratista de contar center es el encargado de | G9: ejecutar la encuesta y ejecutar el plan de acción | H9: para hacer seguimiento al cumplimiento de las metas y fechas de las actividades establecidas | I9: =+CONCATENATE(F9," ",G9," ",H9) -> el contratista de contar center es el encargado de ejecutar la encuesta y ejecutar el plan de acción para hacer seguimiento al cumplimiento de las metas y fechas de las actividades establecidas | J9: Correctivo | K9: =+IF(J9='11 FORMULAS'!$E$4,'11 FORMULAS'!$F$4,IF(J9='11 FORMULAS'!$E$5,'11 FORMULAS'!$F$5,IF(J9='11 FORMULAS'!$E$6,'11 FORMULAS'!$F$6,""))) -> 0.1 | L9: =+IF(OR(J9='11 FORMULAS'!$O$4,J9='11 FORMULAS'!$O$5),'11 FORMULAS'!$P$5,IF(J9='11 FORMULAS'!$O$6,'11 FORMULAS'!$P$6,"")) -> Impacto | M9: Manual | N9: =+IF(M9='11 FORMULAS'!$H$4,'11 FORMULAS'!$I$4,IF(M9='11 FORMULAS'!$H$5,'11 FORMULAS'!$I$5,"")) -> 0.15 | O9: Documentado | P9: Continua | Q9: Con Registro | R9: =+IFERROR(K9+N9,"") -> 0.25 | S9: =IF(L9='11 FORMULAS'!$P$5,S8-(S8*R9),S8) -> 0.2 | T9: =IF(L9='11 FORMULAS'!$P$6,T8-(T8*R9),T8) -> 0.253125 | X9: Muy Alta | Y9: 0.81 | Z9: 1
E10: 4 | I10: =+CONCATENATE(F10," ",G10," ",H10) | K10: =+IF(J10='11 FORMULAS'!$E$4,'11 FORMULAS'!$F$4,IF(J10='11 FORMULAS'!$E$5,'11 FORMULAS'!$F$5,IF(J10='11 FORMULAS'!$E$6,'11 FORMULAS'!$F$6,""))) | L10: =+IF(OR(J10='11 FORMULAS'!$O$4,J10='11 FORMULAS'!$O$5),'11 FORMULAS'!$P$5,IF(J10='11 FORMULAS'!$O$6,'11 FORMULAS'!$P$6,"")) | N10: =+IF(M10='11 FORMULAS'!$H$4,'11 FORMULAS'!$I$4,IF(M10='11 FORMULAS'!$H$5,'11 FORMULAS'!$I$5,"")) | R10: =+IFERROR(K10+N10,"") | S10: =IF(L10='11 FORMULAS'!$P$5,S9-(S9*R10),S9) -> 0.2 | T10: =IF(L10='11 FORMULAS'!$P$6,T9-(T9*R10),T9) -> 0.253125
A11: ='2 CONTEXTO E IDENTIFICACIÓN'!A8 -> R2 | B11: =+'2 CONTEXTO E IDENTIFICACIÓN'!E8 -> Posibilidad de pérdida Económica y Reputacional por incumplimiento en los términos de ley para la atención de PQRS debido a la falta de seguimiento y control a los tiempos de respuesta de los PQRS. | C11: =+'3 PROBABIL E IMPACTO INHERENTE'!E9 -> 0.6 | D11: =+'3 PROBABIL E IMPACTO INHERENTE'!M9 -> 0.6 | E11: 1 | F11: El jefe de oficina de atención al usuario es el encargado de | G11: supervisar los tiempos de respuesta al usuario | H11: con seguimiento diario | I11: =+CONCATENATE(F11," ",G11," ",H11) -> El jefe de oficina de atención al usuario es el encargado de supervisar los tiempos de respuesta al usuario con seguimiento diario | J11: Preventivo | K11: =+IF(J11='11 FORMULAS'!$E$4,'11 FORMULAS'!$F$4,IF(J11='11 FORMULAS'!$E$5,'11 FORMULAS'!$F$5,IF(J11='11 FORMULAS'!$E$6,'11 FORMULAS'!$F$6,""))) -> 0.25 | L11: =+IF(OR(J11='11 FORMULAS'!$O$4,J11='11 FORMULAS'!$O$5),'11 FORMULAS'!$P$5,IF(J11='11 FORMULAS'!$O$6,'11 FORMULAS'!$P$6,"")) -> Probabilidad | M11: Automático | N11: =+IF(M11='11 FORMULAS'!$H$4,'11 FORMULAS'!$I$4,IF(M11='11 FORMULAS'!$H$5,'11 FORMULAS'!$I$5,"")) -> 0.25 | O11: Documentado | P11: Continua | Q11: Con Registro | R11: =+IFERROR(K11+N11,"") -> 0.5 | S11: =IF(L11='11 FORMULAS'!$P$5,C11-(C11*R11),C11) -> 0.3 | T11: =IF(L11='11 FORMULAS'!$P$6,D11-(D11*R11),D11) -> 0.6 | U11: =+IF(S14="","",S14) -> 0.3 | V11: =+IF(T14="","",T14) -> 0.6
E12: 2 | I12: =+CONCATENATE(F12," ",G12," ",H12) | K12: =+IF(J12='11 FORMULAS'!$E$4,'11 FORMULAS'!$F$4,IF(J12='11 FORMULAS'!$E$5,'11 FORMULAS'!$F$5,IF(J12='11 FORMULAS'!$E$6,'11 FORMULAS'!$F$6,""))) | L12: =+IF(OR(J12='11 FORMULAS'!$O$4,J12='11 FORMULAS'!$O$5),'11 FORMULAS'!$P$5,IF(J12='11 FORMULAS'!$O$6,'11 FORMULAS'!$P$6,"")) | N12: =+IF(M12='11 FORMULAS'!$H$4,'11 FORMULAS'!$I$4,IF(M12='11 FORMULAS'!$H$5,'11 FORMULAS'!$I$5,"")) | R12: =+IFERROR(K12+N12,"") | S12: =IF(L12='11 FORMULAS'!$P$5,S11-(S11*R12),S11) -> 0.3 | T12: =IF(L12='11 FORMULAS'!$P$6,T11-(T11*R12),T11) -> 0.6
E13: 3 | I13: =+CONCATENATE(F13," ",G13," ",H13) | K13: =+IF(J13='11 FORMULAS'!$E$4,'11 FORMULAS'!$F$4,IF(J13='11 FORMULAS'!$E$5,'11 FORMULAS'!$F$5,IF(J13='11 FORMULAS'!$E$6,'11 FORMULAS'!$F$6,""))) | L13: =+IF(OR(J13='11 FORMULAS'!$O$4,J13='11 FORMULAS'!$O$5),'11 FORMULAS'!$P$5,IF(J13='11 FORMULAS'!$O$6,'11 FORMULAS'!$P$6,"")) | N13: =+IF(M13='11 FORMULAS'!$H$4,'11 FORMULAS'!$I$4,IF(M13='11 FORMULAS'!$H$5,'11 FORMULAS'!$I$5,"")) | R13: =+IFERROR(K13+N13,"") | S13: =IF(L13='11 FORMULAS'!$P$5,S12-(S12*R13),S12) -> 0.3 | T13: =IF(L13='11 FORMULAS'!$P$6,T12-(T12*R13),T12) -> 0.6
E14: 4 | I14: =+CONCATENATE(F14," ",G14," ",H14) | K14: =+IF(J14='11 FORMULAS'!$E$4,'11 FORMULAS'!$F$4,IF(J14='11 FORMULAS'!$E$5,'11 FORMULAS'!$F$5,IF(J14='11 FORMULAS'!$E$6,'11 FORMULAS'!$F$6,""))) | L14: =+IF(OR(J14='11 FORMULAS'!$O$4,J14='11 FORMULAS'!$O$5),'11 FORMULAS'!$P$5,IF(J14='11 FORMULAS'!$O$6,'11 FORMULAS'!$P$6,"")) | N14: =+IF(M14='11 FORMULAS'!$H$4,'11 FORMULAS'!$I$4,IF(M14='11 FORMULAS'!$H$5,'11 FORMULAS'!$I$5,"")) | R14: =+IFERROR(K14+N14,"") | S14: =IF(L14='11 FORMULAS'!$P$5,S13-(S13*R14),S13) -> 0.3 | T14: =IF(L14='11 FORMULAS'!$P$6,T13-(T13*R14),T13) -> 0.6
A15: ='2 CONTEXTO E IDENTIFICACIÓN'!A9 -> R3 | B15: =+'2 CONTEXTO E IDENTIFICACIÓN'!E9 -> Posibilidad de pérdida Reputacional por incumplimiento en la atención de los servicios complementarios solicitados por los usuarios debido a deficiencias en el seguimiento y control en la atención de los servicios complementarios. | C15: =+'3 PROBABIL E IMPACTO INHERENTE'!E10 -> 0.6 | D15: =+'3 PROBABIL E IMPACTO INHERENTE'!M10 -> 0.4 | E15: 1 | F15: el contratista de comercial para servicios complementarios es el encargado de | G15: realizar seguimiento al buen funcionamiento de los servicios complementarios | H15: de manera diaria | I15: =+CONCATENATE(F15," ",G15," ",H15) -> el contratista de comercial para servicios complementarios es el encargado de realizar seguimiento al buen funcionamiento de los servicios complementarios de manera diaria | J15: Detectivo | K15: =+IF(J15='11 FORMULAS'!$E$4,'11 FORMULAS'!$F$4,IF(J15='11 FORMULAS'!$E$5,'11 FORMULAS'!$F$5,IF(J15='11 FORMULAS'!$E$6,'11 FORMULAS'!$F$6,""))) -> 0.15 | L15: =+IF(OR(J15='11 FORMULAS'!$O$4,J15='11 FORMULAS'!$O$5),'11 FORMULAS'!$P$5,IF(J15='11 FORMULAS'!$O$6,'11 FORMULAS'!$P$6,"")) -> Probabilidad | M15: Manual | N15: =+IF(M15='11 FORMULAS'!$H$4,'11 FORMULAS'!$I$4,IF(M15='11 FORMULAS'!$H$5,'11 FORMULAS'!$I$5,"")) -> 0.15 | O15: Documentado | P15: Continua | Q15: Con Registro | R15: =+IFERROR(K15+N15,"") -> 0.3 | S15: =IF(L15='11 FORMULAS'!$P$5,C15-(C15*R15),C15) -> 0.42 | T15: =IF(L15='11 FORMULAS'!$P$6,D15-(D15*R15),D15) -> 0.4 | U15: =+IF(S18="","",S18) -> 0.42 | V15: =+IF(T18="","",T18) -> 0.4
E16: 2 | I16: =+CONCATENATE(F16," ",G16," ",H16) | K16: =+IF(J16='11 FORMULAS'!$E$4,'11 FORMULAS'!$F$4,IF(J16='11 FORMULAS'!$E$5,'11 FORMULAS'!$F$5,IF(J16='11 FORMULAS'!$E$6,'11 FORMULAS'!$F$6,""))) | L16: =+IF(OR(J16='11 FORMULAS'!$O$4,J16='11 FORMULAS'!$O$5),'11 FORMULAS'!$P$5,IF(J16='11 FORMULAS'!$O$6,'11 FORMULAS'!$P$6,"")) | N16: =+IF(M16='11 FORMULAS'!$H$4,'11 FORMULAS'!$I$4,IF(M16='11 FORMULAS'!$H$5,'11 FORMULAS'!$I$5,"")) | R16: =+IFERROR(K16+N16,"") | S16: =IF(L16='11 FORMULAS'!$P$5,S15-(S15*R16),S15) -> 0.42 | T16: =IF(L16='11 FORMULAS'!$P$6,T15-(T15*R16),T15) -> 0.4
E17: 3 | I17: =+CONCATENATE(F17," ",G17," ",H17) | K17: =+IF(J17='11 FORMULAS'!$E$4,'11 FORMULAS'!$F$4,IF(J17='11 FORMULAS'!$E$5,'11 FORMULAS'!$F$5,IF(J17='11 FORMULAS'!$E$6,'11 FORMULAS'!$F$6,""))) | L17: =+IF(OR(J17='11 FORMULAS'!$O$4,J17='11 FORMULAS'!$O$5),'11 FORMULAS'!$P$5,IF(J17='11 FORMULAS'!$O$6,'11 FORMULAS'!$P$6,"")) | N17: =+IF(M17='11 FORMULAS'!$H$4,'11 FORMULAS'!$I$4,IF(M17='11 FORMULAS'!$H$5,'11 FORMULAS'!$I$5,"")) | R17: =+IFERROR(K17+N17,"") | S17: =IF(L17='11 FORMULAS'!$P$5,S16-(S16*R17),S16) -> 0.42 | T17: =IF(L17='11 FORMULAS'!$P$6,T16-(T16*R17),T16) -> 0.4
E18: 4 | I18: =+CONCATENATE(F18," ",G18," ",H18) | K18: =+IF(J18='11 FORMULAS'!$E$4,'11 FORMULAS'!$F$4,IF(J18='11 FORMULAS'!$E$5,'11 FORMULAS'!$F$5,IF(J18='11 FORMULAS'!$E$6,'11 FORMULAS'!$F$6,""))) | L18: =+IF(OR(J18='11 FORMULAS'!$O$4,J18='11 FORMULAS'!$O$5),'11 FORMULAS'!$P$5,IF(J18='11 FORMULAS'!$O$6,'11 FORMULAS'!$P$6,"")) | N18: =+IF(M18='11 FORMULAS'!$H$4,'11 FORMULAS'!$I$4,IF(M18='11 FORMULAS'!$H$5,'11 FORMULAS'!$I$5,"")) | R18: =+IFERROR(K18+N18,"") | S18: =IF(L18='11 FORMULAS'!$P$5,S17-(S17*R18),S17) -> 0.42 | T18: =IF(L18='11 FORMULAS'!$P$6,T17-(T17*R18),T17) -> 0.4
A19: ='2 CONTEXTO E IDENTIFICACIÓN'!A10 -> R4 | B19: =+'2 CONTEXTO E IDENTIFICACIÓN'!E10 -> Posibilidad de pérdida Reputacional por incumplimiento en la entrega de bienes y servicios por parte de los proveedores debido a deficiencias en el seguimiento y control de la gestión contractual. | C19: =+'3 PROBABIL E IMPACTO INHERENTE'!E11 -> 0.6 | D19: =+'3 PROBABIL E IMPACTO INHERENTE'!M11 -> 0.4 | E19: 1 | F19: el jefe de la oficina de cartera es el encargado de | G19: coordinar las actividades propias del área para | H19: gestionar la cartera de manera permanete | I19: =+CONCATENATE(F19," ",G19," ",H19) -> el jefe de la oficina de cartera es el encargado de coordinar las actividades propias del área para gestionar la cartera de manera permanete | J19: Preventivo | K19: =+IF(J19='11 FORMULAS'!$E$4,'11 FORMULAS'!$F$4,IF(J19='11 FORMULAS'!$E$5,'11 FORMULAS'!$F$5,IF(J19='11 FORMULAS'!$E$6,'11 FORMULAS'!$F$6,""))) -> 0.25 | L19: =+IF(OR(J19='11 FORMULAS'!$O$4,J19='11 FORMULAS'!$O$5),'11 FORMULAS'!$P$5,IF(J19='11 FORMULAS'!$O$6,'11 FORMULAS'!$P$6,"")) -> Probabilidad | M19: Manual | N19: =+IF(M19='11 FORMULAS'!$H$4,'11 FORMULAS'!$I$4,IF(M19='11 FORMULAS'!$H$5,'11 FORMULAS'!$I$5,"")) -> 0.15 | O19: Documentado | P19: Continua | Q19: Con Registro | R19: =+IFERROR(K19+N19,"") -> 0.4 | S19: =IF(L19='11 FORMULAS'!$P$5,C19-(C19*R19),C19) -> 0.36 | T19: =IF(L19='11 FORMULAS'!$P$6,D19-(D19*R19),D19) -> 0.4 | U19: =+IF(S22="","",S22) -> 0.252 | V19: =+IF(T22="","",T22) -> 0.4
E20: 2 | F20: el jefe de la oficina de cartera es el encargado de | G20: realizar seguimiento a la cartera frente a lo facturado | H20: de manera mensual | I20: =+CONCATENATE(F20," ",G20," ",H20) -> el jefe de la oficina de cartera es el encargado de realizar seguimiento a la cartera frente a lo facturado de manera mensual | J20: Detectivo | K20: =+IF(J20='11 FORMULAS'!$E$4,'11 FORMULAS'!$F$4,IF(J20='11 FORMULAS'!$E$5,'11 FORMULAS'!$F$5,IF(J20='11 FORMULAS'!$E$6,'11 FORMULAS'!$F$6,""))) -> 0.15 | L20: =+IF(OR(J20='11 FORMULAS'!$O$4,J20='11 FORMULAS'!$O$5),'11 FORMULAS'!$P$5,IF(J20='11 FORMULAS'!$O$6,'11 FORMULAS'!$P$6,"")) -> Probabilidad | M20: Manual | N20: =+IF(M20='11 FORMULAS'!$H$4,'11 FORMULAS'!$I$4,IF(M20='11 FORMULAS'!$H$5,'11 FORMULAS'!$I$5,"")) -> 0.15 | O20: Documentado | P20: Continua | Q20: Con Registro | R20: =+IFERROR(K20+N20,"") -> 0.3 | S20: =IF(L20='11 FORMULAS'!$P$5,S19-(S19*R20),S19) -> 0.252 | T20: =IF(L20='11 FORMULAS'!$P$6,T19-(T19*R20),T19) -> 0.4
E21: 3 | I21: =+CONCATENATE(F21," ",G21," ",H21) | K21: =+IF(J21='11 FORMULAS'!$E$4,'11 FORMULAS'!$F$4,IF(J21='11 FORMULAS'!$E$5,'11 FORMULAS'!$F$5,IF(J21='11 FORMULAS'!$E$6,'11 FORMULAS'!$F$6,""))) | L21: =+IF(OR(J21='11 FORMULAS'!$O$4,J21='11 FORMULAS'!$O$5),'11 FORMULAS'!$P$5,IF(J21='11 FORMULAS'!$O$6,'11 FORMULAS'!$P$6,"")) | N21: =+IF(M21='11 FORMULAS'!$H$4,'11 FORMULAS'!$I$4,IF(M21='11 FORMULAS'!$H$5,'11 FORMULAS'!$I$5,"")) | R21: =+IFERROR(K21+N21,"") | S21: =IF(L21='11 FORMULAS'!$P$5,S20-(S20*R21),S20) -> 0.252 | T21: =IF(L21='11 FORMULAS'!$P$6,T20-(T20*R21),T20) -> 0.4
E22: 4 | I22: =+CONCATENATE(F22," ",G22," ",H22) | K22: =+IF(J22='11 FORMULAS'!$E$4,'11 FORMULAS'!$F$4,IF(J22='11 FORMULAS'!$E$5,'11 FORMULAS'!$F$5,IF(J22='11 FORMULAS'!$E$6,'11 FORMULAS'!$F$6,""))) | L22: =+IF(OR(J22='11 FORMULAS'!$O$4,J22='11 FORMULAS'!$O$5),'11 FORMULAS'!$P$5,IF(J22='11 FORMULAS'!$O$6,'11 FORMULAS'!$P$6,"")) | N22: =+IF(M22='11 FORMULAS'!$H$4,'11 FORMULAS'!$I$4,IF(M22='11 FORMULAS'!$H$5,'11 FORMULAS'!$I$5,"")) | R22: =+IFERROR(K22+N22,"") | S22: =IF(L22='11 FORMULAS'!$P$5,S21-(S21*R22),S21) -> 0.252 | T22: =IF(L22='11 FORMULAS'!$P$6,T21-(T21*R22),T21) -> 0.4
A23: ='2 CONTEXTO E IDENTIFICACIÓN'!A11 -> R5 | B23: =+'2 CONTEXTO E IDENTIFICACIÓN'!E11 -> Posibilidad de pérdida Reputacional por fallas en el software de facturación debido a deficiencias en el funcionamiento o mantenimiento del sistema de facturación | C23: =+'3 PROBABIL E IMPACTO INHERENTE'!E12 -> 0.4 | D23: =+'3 PROBABIL E IMPACTO INHERENTE'!M12 -> 0.4 | E23: 1 | F23: El profesional especializado en gestión de perdidas es el encargado de | G23: identificar e implementar estrategias para la reposición de medidodes | H23: cuando lo requiere | I23: =+CONCATENATE(F23," ",G23," ",H23) -> El profesional especializado en gestión de perdidas es el encargado de identificar e implementar estrategias para la reposición de medidodes cuando lo requiere | J23: Correctivo | K23: =+IF(J23='11 FORMULAS'!$E$4,'11 FORMULAS'!$F$4,IF(J23='11 FORMULAS'!$E$5,'11 FORMULAS'!$F$5,IF(J23='11 FORMULAS'!$E$6,'11 FORMULAS'!$F$6,""))) -> 0.1 | L23: =+IF(OR(J23='11 FORMULAS'!$O$4,J23='11 FORMULAS'!$O$5),'11 FORMULAS'!$P$5,IF(J23='11 FORMULAS'!$O$6,'11 FORMULAS'!$P$6,"")) -> Impacto | M23: Manual | N23: =+IF(M23='11 FORMULAS'!$H$4,'11 FORMULAS'!$I$4,IF(M23='11 FORMULAS'!$H$5,'11 FORMULAS'!$I$5,"")) -> 0.15 | O23: Documentado | P23: Continua | Q23: Con Registro | R23: =+IFERROR(K23+N23,"") -> 0.25 | S23: =IF(L23='11 FORMULAS'!$P$5,C23-(C23*R23),C23) -> 0.4 | T23: =IF(L23='11 FORMULAS'!$P$6,D23-(D23*R23),D23) -> 0.3 | U23: =+IF(S26="","",S26) -> 0.168 | V23: =+IF(T26="","",T26) -> 0.3
E24: 2 | F24: El profesional especializado en gestión de perdidas es el encargado de | G24: realizar seguimiento y atención de los procesos por defraudación de fluidos | H24: de manera diaria | I24: =+CONCATENATE(F24," ",G24," ",H24) -> El profesional especializado en gestión de perdidas es el encargado de realizar seguimiento y atención de los procesos por defraudación de fluidos de manera diaria | J24: Preventivo | K24: =+IF(J24='11 FORMULAS'!$E$4,'11 FORMULAS'!$F$4,IF(J24='11 FORMULAS'!$E$5,'11 FORMULAS'!$F$5,IF(J24='11 FORMULAS'!$E$6,'11 FORMULAS'!$F$6,""))) -> 0.25 | L24: =+IF(OR(J24='11 FORMULAS'!$O$4,J24='11 FORMULAS'!$O$5),'11 FORMULAS'!$P$5,IF(J24='11 FORMULAS'!$O$6,'11 FORMULAS'!$P$6,"")) -> Probabilidad | M24: Manual | N24: =+IF(M24='11 FORMULAS'!$H$4,'11 FORMULAS'!$I$4,IF(M24='11 FORMULAS'!$H$5,'11 FORMULAS'!$I$5,"")) -> 0.15 | O24: Documentado | P24: Continua | Q24: Con Registro | R24: =+IFERROR(K24+N24,"") -> 0.4 | S24: =IF(L24='11 FORMULAS'!$P$5,S23-(S23*R24),S23) -> 0.24 | T24: =IF(L24='11 FORMULAS'!$P$6,T23-(T23*R24),T23) -> 0.3
E25: 3 | F25: El profesional de apoyo en gestión de perdidas es el encargado de | G25: tramitar y analizar todos los procesos asociados, con el fin de identificar y determinar posibles casos de defraudación de fluidos | H25: de manera diaria | I25: =+CONCATENATE(F25," ",G25," ",H25) -> El profesional de apoyo en gestión de perdidas es el encargado de tramitar y analizar todos los procesos asociados, con el fin de identificar y determinar posibles casos de defraudación de fluidos de manera diaria | J25: Detectivo | K25: =+IF(J25='11 FORMULAS'!$E$4,'11 FORMULAS'!$F$4,IF(J25='11 FORMULAS'!$E$5,'11 FORMULAS'!$F$5,IF(J25='11 FORMULAS'!$E$6,'11 FORMULAS'!$F$6,""))) -> 0.15 | L25: =+IF(OR(J25='11 FORMULAS'!$O$4,J25='11 FORMULAS'!$O$5),'11 FORMULAS'!$P$5,IF(J25='11 FORMULAS'!$O$6,'11 FORMULAS'!$P$6,"")) -> Probabilidad | M25: Manual | N25: =+IF(M25='11 FORMULAS'!$H$4,'11 FORMULAS'!$I$4,IF(M25='11 FORMULAS'!$H$5,'11 FORMULAS'!$I$5,"")) -> 0.15 | O25: Documentado | P25: Continua | Q25: Con Registro | R25: =+IFERROR(K25+N25,"") -> 0.3 | S25: =IF(L25='11 FORMULAS'!$P$5,S24-(S24*R25),S24) -> 0.168 | T25: =IF(L25='11 FORMULAS'!$P$6,T24-(T24*R25),T24) -> 0.3
E26: 4 | I26: =+CONCATENATE(F26," ",G26," ",H26) | K26: =+IF(J26='11 FORMULAS'!$E$4,'11 FORMULAS'!$F$4,IF(J26='11 FORMULAS'!$E$5,'11 FORMULAS'!$F$5,IF(J26='11 FORMULAS'!$E$6,'11 FORMULAS'!$F$6,""))) | L26: =+IF(OR(J26='11 FORMULAS'!$O$4,J26='11 FORMULAS'!$O$5),'11 FORMULAS'!$P$5,IF(J26='11 FORMULAS'!$O$6,'11 FORMULAS'!$P$6,"")) | N26: =+IF(M26='11 FORMULAS'!$H$4,'11 FORMULAS'!$I$4,IF(M26='11 FORMULAS'!$H$5,'11 FORMULAS'!$I$5,"")) | R26: =+IFERROR(K26+N26,"") | S26: =IF(L26='11 FORMULAS'!$P$5,S25-(S25*R26),S25) -> 0.168 | T26: =IF(L26='11 FORMULAS'!$P$6,T25-(T25*R26),T25) -> 0.3
A27: ='2 CONTEXTO E IDENTIFICACIÓN'!A12 -> R6 | B27: =+'2 CONTEXTO E IDENTIFICACIÓN'!E12 -> Posibilidad de afectación operativa y financiera por sabotaje cibernético en los pagos de insumos debido a vulnerabilidades en la seguridad de los medios digitales utilizados para las transacciones. | C27: =+'3 PROBABIL E IMPACTO INHERENTE'!E13 -> 0.4 | D27: =+'3 PROBABIL E IMPACTO INHERENTE'!M13 -> 0.6 | E27: 1 | I27: =+CONCATENATE(F27," ",G27," ",H27) | K27: =+IF(J27='11 FORMULAS'!$E$4,'11 FORMULAS'!$F$4,IF(J27='11 FORMULAS'!$E$5,'11 FORMULAS'!$F$5,IF(J27='11 FORMULAS'!$E$6,'11 FORMULAS'!$F$6,""))) | L27: =+IF(OR(J27='11 FORMULAS'!$O$4,J27='11 FORMULAS'!$O$5),'11 FORMULAS'!$P$5,IF(J27='11 FORMULAS'!$O$6,'11 FORMULAS'!$P$6,"")) | N27: =+IF(M27='11 FORMULAS'!$H$4,'11 FORMULAS'!$I$4,IF(M27='11 FORMULAS'!$H$5,'11 FORMULAS'!$I$5,"")) | R27: =+IFERROR(K27+N27,"") | S27: =IF(L27='11 FORMULAS'!$P$5,C27-(C27*R27),C27) -> 0.4 | T27: =IF(L27='11 FORMULAS'!$P$6,D27-(D27*R27),D27) -> 0.6 | U27: =+IF(S30="","",S30) -> 0.4 | V27: =+IF(T30="","",T30) -> 0.6
E28: 2 | I28: =+CONCATENATE(F28," ",G28," ",H28) | K28: =+IF(J28='11 FORMULAS'!$E$4,'11 FORMULAS'!$F$4,IF(J28='11 FORMULAS'!$E$5,'11 FORMULAS'!$F$5,IF(J28='11 FORMULAS'!$E$6,'11 FORMULAS'!$F$6,""))) | L28: =+IF(OR(J28='11 FORMULAS'!$O$4,J28='11 FORMULAS'!$O$5),'11 FORMULAS'!$P$5,IF(J28='11 FORMULAS'!$O$6,'11 FORMULAS'!$P$6,"")) | N28: =+IF(M28='11 FORMULAS'!$H$4,'11 FORMULAS'!$I$4,IF(M28='11 FORMULAS'!$H$5,'11 FORMULAS'!$I$5,"")) | R28: =+IFERROR(K28+N28,"") | S28: =IF(L28='11 FORMULAS'!$P$5,S27-(S27*R28),S27) -> 0.4 | T28: =IF(L28='11 FORMULAS'!$P$6,T27-(T27*R28),T27) -> 0.6
E29: 3 | I29: =+CONCATENATE(F29," ",G29," ",H29) | K29: =+IF(J29='11 FORMULAS'!$E$4,'11 FORMULAS'!$F$4,IF(J29='11 FORMULAS'!$E$5,'11 FORMULAS'!$F$5,IF(J29='11 FORMULAS'!$E$6,'11 FORMULAS'!$F$6,""))) | L29: =+IF(OR(J29='11 FORMULAS'!$O$4,J29='11 FORMULAS'!$O$5),'11 FORMULAS'!$P$5,IF(J29='11 FORMULAS'!$O$6,'11 FORMULAS'!$P$6,"")) | N29: =+IF(M29='11 FORMULAS'!$H$4,'11 FORMULAS'!$I$4,IF(M29='11 FORMULAS'!$H$5,'11 FORMULAS'!$I$5,"")) | R29: =+IFERROR(K29+N29,"") | S29: =IF(L29='11 FORMULAS'!$P$5,S28-(S28*R29),S28) -> 0.4 | T29: =IF(L29='11 FORMULAS'!$P$6,T28-(T28*R29),T28) -> 0.6
E30: 4 | I30: =+CONCATENATE(F30," ",G30," ",H30) | K30: =+IF(J30='11 FORMULAS'!$E$4,'11 FORMULAS'!$F$4,IF(J30='11 FORMULAS'!$E$5,'11 FORMULAS'!$F$5,IF(J30='11 FORMULAS'!$E$6,'11 FORMULAS'!$F$6,""))) | L30: =+IF(OR(J30='11 FORMULAS'!$O$4,J30='11 FORMULAS'!$O$5),'11 FORMULAS'!$P$5,IF(J30='11 FORMULAS'!$O$6,'11 FORMULAS'!$P$6,"")) | N30: =+IF(M30='11 FORMULAS'!$H$4,'11 FORMULAS'!$I$4,IF(M30='11 FORMULAS'!$H$5,'11 FORMULAS'!$I$5,"")) | R30: =+IFERROR(K30+N30,"") | S30: =IF(L30='11 FORMULAS'!$P$5,S29-(S29*R30),S29) -> 0.4 | T30: =IF(L30='11 FORMULAS'!$P$6,T29-(T29*R30),T29) -> 0.6
A31: ='2 CONTEXTO E IDENTIFICACIÓN'!A13 -> R7 | E31: 1 | I31: =+CONCATENATE(F31," ",G31," ",H31) | K31: =+IF(J31='11 FORMULAS'!$E$4,'11 FORMULAS'!$F$4,IF(J31='11 FORMULAS'!$E$5,'11 FORMULAS'!$F$5,IF(J31='11 FORMULAS'!$E$6,'11 FORMULAS'!$F$6,""))) | L31: =+IF(OR(J31='11 FORMULAS'!$O$4,J31='11 FORMULAS'!$O$5),'11 FORMULAS'!$P$5,IF(J31='11 FORMULAS'!$O$6,'11 FORMULAS'!$P$6,"")) | N31: =+IF(M31='11 FORMULAS'!$H$4,'11 FORMULAS'!$I$4,IF(M31='11 FORMULAS'!$H$5,'11 FORMULAS'!$I$5,"")) | R31: =+IFERROR(K31+N31,"") | S31: =IF(L31='11 FORMULAS'!$P$5,C31-(C31*R31),C31) -> 0 | T31: =IF(L31='11 FORMULAS'!$P$6,D31-(D31*R31),D31) -> 0 | U31: =+IF(S34="","",S34) -> 0 | V31: =+IF(T34="","",T34) -> 0
E32: 2 | I32: =+CONCATENATE(F32," ",G32," ",H32) | K32: =+IF(J32='11 FORMULAS'!$E$4,'11 FORMULAS'!$F$4,IF(J32='11 FORMULAS'!$E$5,'11 FORMULAS'!$F$5,IF(J32='11 FORMULAS'!$E$6,'11 FORMULAS'!$F$6,""))) | L32: =+IF(OR(J32='11 FORMULAS'!$O$4,J32='11 FORMULAS'!$O$5),'11 FORMULAS'!$P$5,IF(J32='11 FORMULAS'!$O$6,'11 FORMULAS'!$P$6,"")) | N32: =+IF(M32='11 FORMULAS'!$H$4,'11 FORMULAS'!$I$4,IF(M32='11 FORMULAS'!$H$5,'11 FORMULAS'!$I$5,"")) | R32: =+IFERROR(K32+N32,"") | S32: =IF(L32='11 FORMULAS'!$P$5,S31-(S31*R32),S31) -> 0 | T32: =IF(L32='11 FORMULAS'!$P$6,T31-(T31*R32),T31) -> 0
E33: 3 | I33: =+CONCATENATE(F33," ",G33," ",H33) | K33: =+IF(J33='11 FORMULAS'!$E$4,'11 FORMULAS'!$F$4,IF(J33='11 FORMULAS'!$E$5,'11 FORMULAS'!$F$5,IF(J33='11 FORMULAS'!$E$6,'11 FORMULAS'!$F$6,""))) | L33: =+IF(OR(J33='11 FORMULAS'!$O$4,J33='11 FORMULAS'!$O$5),'11 FORMULAS'!$P$5,IF(J33='11 FORMULAS'!$O$6,'11 FORMULAS'!$P$6,"")) | N33: =+IF(M33='11 FORMULAS'!$H$4,'11 FORMULAS'!$I$4,IF(M33='11 FORMULAS'!$H$5,'11 FORMULAS'!$I$5,"")) | R33: =+IFERROR(K33+N33,"") | S33: =IF(L33='11 FORMULAS'!$P$5,S32-(S32*R33),S32) -> 0 | T33: =IF(L33='11 FORMULAS'!$P$6,T32-(T32*R33),T32) -> 0
E34: 4 | I34: =+CONCATENATE(F34," ",G34," ",H34) | K34: =+IF(J34='11 FORMULAS'!$E$4,'11 FORMULAS'!$F$4,IF(J34='11 FORMULAS'!$E$5,'11 FORMULAS'!$F$5,IF(J34='11 FORMULAS'!$E$6,'11 FORMULAS'!$F$6,""))) | L34: =+IF(OR(J34='11 FORMULAS'!$O$4,J34='11 FORMULAS'!$O$5),'11 FORMULAS'!$P$5,IF(J34='11 FORMULAS'!$O$6,'11 FORMULAS'!$P$6,"")) | N34: =+IF(M34='11 FORMULAS'!$H$4,'11 FORMULAS'!$I$4,IF(M34='11 FORMULAS'!$H$5,'11 FORMULAS'!$I$5,"")) | R34: =+IFERROR(K34+N34,"") | S34: =IF(L34='11 FORMULAS'!$P$5,S33-(S33*R34),S33) -> 0 | T34: =IF(L34='11 FORMULAS'!$P$6,T33-(T33*R34),T33) -> 0
A35: ='2 CONTEXTO E IDENTIFICACIÓN'!A14 -> R8 | E35: 1 | I35: =+CONCATENATE(F35," ",G35," ",H35) | K35: =+IF(J35='11 FORMULAS'!$E$4,'11 FORMULAS'!$F$4,IF(J35='11 FORMULAS'!$E$5,'11 FORMULAS'!$F$5,IF(J35='11 FORMULAS'!$E$6,'11 FORMULAS'!$F$6,""))) | L35: =+IF(OR(J35='11 FORMULAS'!$O$4,J35='11 FORMULAS'!$O$5),'11 FORMULAS'!$P$5,IF(J35='11 FORMULAS'!$O$6,'11 FORMULAS'!$P$6,"")) | N35: =+IF(M35='11 FORMULAS'!$H$4,'11 FORMULAS'!$I$4,IF(M35='11 FORMULAS'!$H$5,'11 FORMULAS'!$I$5,"")) | R35: =+IFERROR(K35+N35,"") | S35: =IF(L35='11 FORMULAS'!$P$5,C35-(C35*R35),C35) -> 0 | T35: =IF(L35='11 FORMULAS'!$P$6,D35-(D35*R35),D35) -> 0 | U35: =+IF(S38="","",S38) -> 0 | V35: =+IF(T38="","",T38) -> 0
E36: 2 | I36: =+CONCATENATE(F36," ",G36," ",H36) | K36: =+IF(J36='11 FORMULAS'!$E$4,'11 FORMULAS'!$F$4,IF(J36='11 FORMULAS'!$E$5,'11 FORMULAS'!$F$5,IF(J36='11 FORMULAS'!$E$6,'11 FORMULAS'!$F$6,""))) | L36: =+IF(OR(J36='11 FORMULAS'!$O$4,J36='11 FORMULAS'!$O$5),'11 FORMULAS'!$P$5,IF(J36='11 FORMULAS'!$O$6,'11 FORMULAS'!$P$6,"")) | N36: =+IF(M36='11 FORMULAS'!$H$4,'11 FORMULAS'!$I$4,IF(M36='11 FORMULAS'!$H$5,'11 FORMULAS'!$I$5,"")) | R36: =+IFERROR(K36+N36,"") | S36: =IF(L36='11 FORMULAS'!$P$5,S35-(S35*R36),S35) -> 0 | T36: =IF(L36='11 FORMULAS'!$P$6,T35-(T35*R36),T35) -> 0
E37: 3 | I37: =+CONCATENATE(F37," ",G37," ",H37) | K37: =+IF(J37='11 FORMULAS'!$E$4,'11 FORMULAS'!$F$4,IF(J37='11 FORMULAS'!$E$5,'11 FORMULAS'!$F$5,IF(J37='11 FORMULAS'!$E$6,'11 FORMULAS'!$F$6,""))) | L37: =+IF(OR(J37='11 FORMULAS'!$O$4,J37='11 FORMULAS'!$O$5),'11 FORMULAS'!$P$5,IF(J37='11 FORMULAS'!$O$6,'11 FORMULAS'!$P$6,"")) | N37: =+IF(M37='11 FORMULAS'!$H$4,'11 FORMULAS'!$I$4,IF(M37='11 FORMULAS'!$H$5,'11 FORMULAS'!$I$5,"")) | R37: =+IFERROR(K37+N37,"") | S37: =IF(L37='11 FORMULAS'!$P$5,S36-(S36*R37),S36) -> 0 | T37: =IF(L37='11 FORMULAS'!$P$6,T36-(T36*R37),T36) -> 0
E38: 4 | I38: =+CONCATENATE(F38," ",G38," ",H38) | K38: =+IF(J38='11 FORMULAS'!$E$4,'11 FORMULAS'!$F$4,IF(J38='11 FORMULAS'!$E$5,'11 FORMULAS'!$F$5,IF(J38='11 FORMULAS'!$E$6,'11 FORMULAS'!$F$6,""))) | L38: =+IF(OR(J38='11 FORMULAS'!$O$4,J38='11 FORMULAS'!$O$5),'11 FORMULAS'!$P$5,IF(J38='11 FORMULAS'!$O$6,'11 FORMULAS'!$P$6,"")) | N38: =+IF(M38='11 FORMULAS'!$H$4,'11 FORMULAS'!$I$4,IF(M38='11 FORMULAS'!$H$5,'11 FORMULAS'!$I$5,"")) | R38: =+IFERROR(K38+N38,"") | S38: =IF(L38='11 FORMULAS'!$P$5,S37-(S37*R38),S37) -> 0 | T38: =IF(L38='11 FORMULAS'!$P$6,T37-(T37*R38),T37) -> 0
A39: ='2 CONTEXTO E IDENTIFICACIÓN'!A15 -> R9 | B39: =+'2 CONTEXTO E IDENTIFICACIÓN'!E13 -> 0 | C39: =+'3 PROBABIL E IMPACTO INHERENTE'!E14 | D39: =+'3 PROBABIL E IMPACTO INHERENTE'!M14 | E39: 1 | I39: =+CONCATENATE(F39," ",G39," ",H39) | K39: =+IF(J39='11 FORMULAS'!$E$4,'11 FORMULAS'!$F$4,IF(J39='11 FORMULAS'!$E$5,'11 FORMULAS'!$F$5,IF(J39='11 FORMULAS'!$E$6,'11 FORMULAS'!$F$6,""))) | L39: =+IF(OR(J39='11 FORMULAS'!$O$4,J39='11 FORMULAS'!$O$5),'11 FORMULAS'!$P$5,IF(J39='11 FORMULAS'!$O$6,'11 FORMULAS'!$P$6,"")) | N39: =+IF(M39='11 FORMULAS'!$H$4,'11 FORMULAS'!$I$4,IF(M39='11 FORMULAS'!$H$5,'11 FORMULAS'!$I$5,"")) | R39: =+IFERROR(K39+N39,"") | S39: =IF(L39='11 FORMULAS'!$P$5,C39-(C39*R39),C39) | T39: =IF(L39='11 FORMULAS'!$P$6,D39-(D39*R39),D39) | U39: =+IF(S42="","",S42) | V39: =+IF(T42="","",T42)
E40: 2 | I40: =+CONCATENATE(F40," ",G40," ",H40) | K40: =+IF(J40='11 FORMULAS'!$E$4,'11 FORMULAS'!$F$4,IF(J40='11 FORMULAS'!$E$5,'11 FORMULAS'!$F$5,IF(J40='11 FORMULAS'!$E$6,'11 FORMULAS'!$F$6,""))) | L40: =+IF(OR(J40='11 FORMULAS'!$O$4,J40='11 FORMULAS'!$O$5),'11 FORMULAS'!$P$5,IF(J40='11 FORMULAS'!$O$6,'11 FORMULAS'!$P$6,"")) | N40: =+IF(M40='11 FORMULAS'!$H$4,'11 FORMULAS'!$I$4,IF(M40='11 FORMULAS'!$H$5,'11 FORMULAS'!$I$5,"")) | R40: =+IFERROR(K40+N40,"") | S40: =IF(L40='11 FORMULAS'!$P$5,S39-(S39*R40),S39) | T40: =IF(L40='11 FORMULAS'!$P$6,T39-(T39*R40),T39)
E41: 3 | I41: =+CONCATENATE(F41," ",G41," ",H41) | K41: =+IF(J41='11 FORMULAS'!$E$4,'11 FORMULAS'!$F$4,IF(J41='11 FORMULAS'!$E$5,'11 FORMULAS'!$F$5,IF(J41='11 FORMULAS'!$E$6,'11 FORMULAS'!$F$6,""))) | L41: =+IF(OR(J41='11 FORMULAS'!$O$4,J41='11 FORMULAS'!$O$5),'11 FORMULAS'!$P$5,IF(J41='11 FORMULAS'!$O$6,'11 FORMULAS'!$P$6,"")) | N41: =+IF(M41='11 FORMULAS'!$H$4,'11 FORMULAS'!$I$4,IF(M41='11 FORMULAS'!$H$5,'11 FORMULAS'!$I$5,"")) | R41: =+IFERROR(K41+N41,"") | S41: =IF(L41='11 FORMULAS'!$P$5,S40-(S40*R41),S40) | T41: =IF(L41='11 FORMULAS'!$P$6,T40-(T40*R41),T40)
E42: 4 | I42: =+CONCATENATE(F42," ",G42," ",H42) | K42: =+IF(J42='11 FORMULAS'!$E$4,'11 FORMULAS'!$F$4,IF(J42='11 FORMULAS'!$E$5,'11 FORMULAS'!$F$5,IF(J42='11 FORMULAS'!$E$6,'11 FORMULAS'!$F$6,""))) | L42: =+IF(OR(J42='11 FORMULAS'!$O$4,J42='11 FORMULAS'!$O$5),'11 FORMULAS'!$P$5,IF(J42='11 FORMULAS'!$O$6,'11 FORMULAS'!$P$6,"")) | N42: =+IF(M42='11 FORMULAS'!$H$4,'11 FORMULAS'!$I$4,IF(M42='11 FORMULAS'!$H$5,'11 FORMULAS'!$I$5,"")) | R42: =+IFERROR(K42+N42,"") | S42: =IF(L42='11 FORMULAS'!$P$5,S41-(S41*R42),S41) | T42: =IF(L42='11 FORMULAS'!$P$6,T41-(T41*R42),T41)
A43: ='2 CONTEXTO E IDENTIFICACIÓN'!A16 -> R10 | B43: =+'2 CONTEXTO E IDENTIFICACIÓN'!E14 -> 0 | C43: =+'3 PROBABIL E IMPACTO INHERENTE'!E15 | D43: =+'3 PROBABIL E IMPACTO INHERENTE'!M15 | E43: 1 | I43: =+CONCATENATE(F43," ",G43," ",H43) | K43: =+IF(J43='11 FORMULAS'!$E$4,'11 FORMULAS'!$F$4,IF(J43='11 FORMULAS'!$E$5,'11 FORMULAS'!$F$5,IF(J43='11 FORMULAS'!$E$6,'11 FORMULAS'!$F$6,""))) | L43: =+IF(OR(J43='11 FORMULAS'!$O$4,J43='11 FORMULAS'!$O$5),'11 FORMULAS'!$P$5,IF(J43='11 FORMULAS'!$O$6,'11 FORMULAS'!$P$6,"")) | N43: =+IF(M43='11 FORMULAS'!$H$4,'11 FORMULAS'!$I$4,IF(M43='11 FORMULAS'!$H$5,'11 FORMULAS'!$I$5,"")) | R43: =+IFERROR(K43+N43,"") | S43: =IF(L43='11 FORMULAS'!$P$5,C43-(C43*R43),C43) | T43: =IF(L43='11 FORMULAS'!$P$6,D43-(D43*R43),D43) | U43: =+IF(S46="","",S46) | V43: =+IF(T46="","",T46)
E44: 2 | I44: =+CONCATENATE(F44," ",G44," ",H44) | K44: =+IF(J44='11 FORMULAS'!$E$4,'11 FORMULAS'!$F$4,IF(J44='11 FORMULAS'!$E$5,'11 FORMULAS'!$F$5,IF(J44='11 FORMULAS'!$E$6,'11 FORMULAS'!$F$6,""))) | L44: =+IF(OR(J44='11 FORMULAS'!$O$4,J44='11 FORMULAS'!$O$5),'11 FORMULAS'!$P$5,IF(J44='11 FORMULAS'!$O$6,'11 FORMULAS'!$P$6,"")) | N44: =+IF(M44='11 FORMULAS'!$H$4,'11 FORMULAS'!$I$4,IF(M44='11 FORMULAS'!$H$5,'11 FORMULAS'!$I$5,"")) | R44: =+IFERROR(K44+N44,"") | S44: =IF(L44='11 FORMULAS'!$P$5,S43-(S43*R44),S43) | T44: =IF(L44='11 FORMULAS'!$P$6,T43-(T43*R44),T43)
E45: 3 | I45: =+CONCATENATE(F45," ",G45," ",H45) | K45: =+IF(J45='11 FORMULAS'!$E$4,'11 FORMULAS'!$F$4,IF(J45='11 FORMULAS'!$E$5,'11 FORMULAS'!$F$5,IF(J45='11 FORMULAS'!$E$6,'11 FORMULAS'!$F$6,""))) | L45: =+IF(OR(J45='11 FORMULAS'!$O$4,J45='11 FORMULAS'!$O$5),'11 FORMULAS'!$P$5,IF(J45='11 FORMULAS'!$O$6,'11 FORMULAS'!$P$6,"")) | N45: =+IF(M45='11 FORMULAS'!$H$4,'11 FORMULAS'!$I$4,IF(M45='11 FORMULAS'!$H$5,'11 FORMULAS'!$I$5,"")) | R45: =+IFERROR(K45+N45,"") | S45: =IF(L45='11 FORMULAS'!$P$5,S44-(S44*R45),S44) | T45: =IF(L45='11 FORMULAS'!$P$6,T44-(T44*R45),T44)
E46: 4 | I46: =+CONCATENATE(F46," ",G46," ",H46) | K46: =+IF(J46='11 FORMULAS'!$E$4,'11 FORMULAS'!$F$4,IF(J46='11 FORMULAS'!$E$5,'11 FORMULAS'!$F$5,IF(J46='11 FORMULAS'!$E$6,'11 FORMULAS'!$F$6,""))) | L46: =+IF(OR(J46='11 FORMULAS'!$O$4,J46='11 FORMULAS'!$O$5),'11 FORMULAS'!$P$5,IF(J46='11 FORMULAS'!$O$6,'11 FORMULAS'!$P$6,"")) | N46: =+IF(M46='11 FORMULAS'!$H$4,'11 FORMULAS'!$I$4,IF(M46='11 FORMULAS'!$H$5,'11 FORMULAS'!$I$5,"")) | R46: =+IFERROR(K46+N46,"") | S46: =IF(L46='11 FORMULAS'!$P$5,S45-(S45*R46),S45) | T46: =IF(L46='11 FORMULAS'!$P$6,T45-(T45*R46),T45)
A47: ='2 CONTEXTO E IDENTIFICACIÓN'!A17 -> R11 | B47: =+'2 CONTEXTO E IDENTIFICACIÓN'!E15 | C47: =+'3 PROBABIL E IMPACTO INHERENTE'!E16 | D47: =+'3 PROBABIL E IMPACTO INHERENTE'!M16 | E47: 1 | I47: =+CONCATENATE(F47," ",G47," ",H47) | K47: =+IF(J47='11 FORMULAS'!$E$4,'11 FORMULAS'!$F$4,IF(J47='11 FORMULAS'!$E$5,'11 FORMULAS'!$F$5,IF(J47='11 FORMULAS'!$E$6,'11 FORMULAS'!$F$6,""))) | L47: =+IF(OR(J47='11 FORMULAS'!$O$4,J47='11 FORMULAS'!$O$5),'11 FORMULAS'!$P$5,IF(J47='11 FORMULAS'!$O$6,'11 FORMULAS'!$P$6,"")) | N47: =+IF(M47='11 FORMULAS'!$H$4,'11 FORMULAS'!$I$4,IF(M47='11 FORMULAS'!$H$5,'11 FORMULAS'!$I$5,"")) | R47: =+IFERROR(K47+N47,"") | S47: =IF(L47='11 FORMULAS'!$P$5,C47-(C47*R47),C47) | T47: =IF(L47='11 FORMULAS'!$P$6,D47-(D47*R47),D47) | U47: =+IF(S50="","",S50) | V47: =+IF(T50="","",T50)
E48: 2 | I48: =+CONCATENATE(F48," ",G48," ",H48) | K48: =+IF(J48='11 FORMULAS'!$E$4,'11 FORMULAS'!$F$4,IF(J48='11 FORMULAS'!$E$5,'11 FORMULAS'!$F$5,IF(J48='11 FORMULAS'!$E$6,'11 FORMULAS'!$F$6,""))) | L48: =+IF(OR(J48='11 FORMULAS'!$O$4,J48='11 FORMULAS'!$O$5),'11 FORMULAS'!$P$5,IF(J48='11 FORMULAS'!$O$6,'11 FORMULAS'!$P$6,"")) | N48: =+IF(M48='11 FORMULAS'!$H$4,'11 FORMULAS'!$I$4,IF(M48='11 FORMULAS'!$H$5,'11 FORMULAS'!$I$5,"")) | R48: =+IFERROR(K48+N48,"") | S48: =IF(L48='11 FORMULAS'!$P$5,S47-(S47*R48),S47) | T48: =IF(L48='11 FORMULAS'!$P$6,T47-(T47*R48),T47)
E49: 3 | I49: =+CONCATENATE(F49," ",G49," ",H49) | K49: =+IF(J49='11 FORMULAS'!$E$4,'11 FORMULAS'!$F$4,IF(J49='11 FORMULAS'!$E$5,'11 FORMULAS'!$F$5,IF(J49='11 FORMULAS'!$E$6,'11 FORMULAS'!$F$6,""))) | L49: =+IF(OR(J49='11 FORMULAS'!$O$4,J49='11 FORMULAS'!$O$5),'11 FORMULAS'!$P$5,IF(J49='11 FORMULAS'!$O$6,'11 FORMULAS'!$P$6,"")) | N49: =+IF(M49='11 FORMULAS'!$H$4,'11 FORMULAS'!$I$4,IF(M49='11 FORMULAS'!$H$5,'11 FORMULAS'!$I$5,"")) | R49: =+IFERROR(K49+N49,"") | S49: =IF(L49='11 FORMULAS'!$P$5,S48-(S48*R49),S48) | T49: =IF(L49='11 FORMULAS'!$P$6,T48-(T48*R49),T48)
E50: 4 | I50: =+CONCATENATE(F50," ",G50," ",H50) | K50: =+IF(J50='11 FORMULAS'!$E$4,'11 FORMULAS'!$F$4,IF(J50='11 FORMULAS'!$E$5,'11 FORMULAS'!$F$5,IF(J50='11 FORMULAS'!$E$6,'11 FORMULAS'!$F$6,""))) | L50: =+IF(OR(J50='11 FORMULAS'!$O$4,J50='11 FORMULAS'!$O$5),'11 FORMULAS'!$P$5,IF(J50='11 FORMULAS'!$O$6,'11 FORMULAS'!$P$6,"")) | N50: =+IF(M50='11 FORMULAS'!$H$4,'11 FORMULAS'!$I$4,IF(M50='11 FORMULAS'!$H$5,'11 FORMULAS'!$I$5,"")) | R50: =+IFERROR(K50+N50,"") | S50: =IF(L50='11 FORMULAS'!$P$5,S49-(S49*R50),S49) | T50: =IF(L50='11 FORMULAS'!$P$6,T49-(T49*R50),T49)
A51: ='2 CONTEXTO E IDENTIFICACIÓN'!A16 -> R10 | B51: =+'2 CONTEXTO E IDENTIFICACIÓN'!E16 | C51: =+'3 PROBABIL E IMPACTO INHERENTE'!E17 | D51: =+'3 PROBABIL E IMPACTO INHERENTE'!M17 | E51: 1 | I51: =+CONCATENATE(F51," ",G51," ",H51) | K51: =+IF(J51='11 FORMULAS'!$E$4,'11 FORMULAS'!$F$4,IF(J51='11 FORMULAS'!$E$5,'11 FORMULAS'!$F$5,IF(J51='11 FORMULAS'!$E$6,'11 FORMULAS'!$F$6,""))) | L51: =+IF(OR(J51='11 FORMULAS'!$O$4,J51='11 FORMULAS'!$O$5),'11 FORMULAS'!$P$5,IF(J51='11 FORMULAS'!$O$6,'11 FORMULAS'!$P$6,"")) | N51: =+IF(M51='11 FORMULAS'!$H$4,'11 FORMULAS'!$I$4,IF(M51='11 FORMULAS'!$H$5,'11 FORMULAS'!$I$5,"")) | R51: =+IFERROR(K51+N51,"") | S51: =IF(L51='11 FORMULAS'!$P$5,C51-(C51*R51),C51) | T51: =IF(L51='11 FORMULAS'!$P$6,D51-(D51*R51),D51) | U51: =+IF(S54="","",S54) | V51: =+IF(T54="","",T54)
E52: 2 | I52: =+CONCATENATE(F52," ",G52," ",H52) | K52: =+IF(J52='11 FORMULAS'!$E$4,'11 FORMULAS'!$F$4,IF(J52='11 FORMULAS'!$E$5,'11 FORMULAS'!$F$5,IF(J52='11 FORMULAS'!$E$6,'11 FORMULAS'!$F$6,""))) | L52: =+IF(OR(J52='11 FORMULAS'!$O$4,J52='11 FORMULAS'!$O$5),'11 FORMULAS'!$P$5,IF(J52='11 FORMULAS'!$O$6,'11 FORMULAS'!$P$6,"")) | N52: =+IF(M52='11 FORMULAS'!$H$4,'11 FORMULAS'!$I$4,IF(M52='11 FORMULAS'!$H$5,'11 FORMULAS'!$I$5,"")) | R52: =+IFERROR(K52+N52,"") | S52: =IF(L52='11 FORMULAS'!$P$5,S51-(S51*R52),S51) | T52: =IF(L52='11 FORMULAS'!$P$6,T51-(T51*R52),T51)
E53: 3 | I53: =+CONCATENATE(F53," ",G53," ",H53) | K53: =+IF(J53='11 FORMULAS'!$E$4,'11 FORMULAS'!$F$4,IF(J53='11 FORMULAS'!$E$5,'11 FORMULAS'!$F$5,IF(J53='11 FORMULAS'!$E$6,'11 FORMULAS'!$F$6,""))) | L53: =+IF(OR(J53='11 FORMULAS'!$O$4,J53='11 FORMULAS'!$O$5),'11 FORMULAS'!$P$5,IF(J53='11 FORMULAS'!$O$6,'11 FORMULAS'!$P$6,"")) | N53: =+IF(M53='11 FORMULAS'!$H$4,'11 FORMULAS'!$I$4,IF(M53='11 FORMULAS'!$H$5,'11 FORMULAS'!$I$5,"")) | R53: =+IFERROR(K53+N53,"") | S53: =IF(L53='11 FORMULAS'!$P$5,S52-(S52*R53),S52) | T53: =IF(L53='11 FORMULAS'!$P$6,T52-(T52*R53),T52)
E54: 4 | I54: =+CONCATENATE(F54," ",G54," ",H54) | K54: =+IF(J54='11 FORMULAS'!$E$4,'11 FORMULAS'!$F$4,IF(J54='11 FORMULAS'!$E$5,'11 FORMULAS'!$F$5,IF(J54='11 FORMULAS'!$E$6,'11 FORMULAS'!$F$6,""))) | L54: =+IF(OR(J54='11 FORMULAS'!$O$4,J54='11 FORMULAS'!$O$5),'11 FORMULAS'!$P$5,IF(J54='11 FORMULAS'!$O$6,'11 FORMULAS'!$P$6,"")) | N54: =+IF(M54='11 FORMULAS'!$H$4,'11 FORMULAS'!$I$4,IF(M54='11 FORMULAS'!$H$5,'11 FORMULAS'!$I$5,"")) | R54: =+IFERROR(K54+N54,"") | S54: =IF(L54='11 FORMULAS'!$P$5,S53-(S53*R54),S53) | T54: =IF(L54='11 FORMULAS'!$P$6,T53-(T53*R54),T53)
A55: ='2 CONTEXTO E IDENTIFICACIÓN'!A17 -> R11 | B55: =+'2 CONTEXTO E IDENTIFICACIÓN'!E17 | C55: =+'3 PROBABIL E IMPACTO INHERENTE'!E18 | D55: =+'3 PROBABIL E IMPACTO INHERENTE'!M18 | E55: 1 | I55: =+CONCATENATE(F55," ",G55," ",H55) | K55: =+IF(J55='11 FORMULAS'!$E$4,'11 FORMULAS'!$F$4,IF(J55='11 FORMULAS'!$E$5,'11 FORMULAS'!$F$5,IF(J55='11 FORMULAS'!$E$6,'11 FORMULAS'!$F$6,""))) | L55: =+IF(OR(J55='11 FORMULAS'!$O$4,J55='11 FORMULAS'!$O$5),'11 FORMULAS'!$P$5,IF(J55='11 FORMULAS'!$O$6,'11 FORMULAS'!$P$6,"")) | N55: =+IF(M55='11 FORMULAS'!$H$4,'11 FORMULAS'!$I$4,IF(M55='11 FORMULAS'!$H$5,'11 FORMULAS'!$I$5,"")) | R55: =+IFERROR(K55+N55,"") | S55: =IF(L55='11 FORMULAS'!$P$5,C55-(C55*R55),C55) | T55: =IF(L55='11 FORMULAS'!$P$6,D55-(D55*R55),D55) | U55: =+IF(S58="","",S58) | V55: =+IF(T58="","",T58)
E56: 2 | I56: =+CONCATENATE(F56," ",G56," ",H56) | K56: =+IF(J56='11 FORMULAS'!$E$4,'11 FORMULAS'!$F$4,IF(J56='11 FORMULAS'!$E$5,'11 FORMULAS'!$F$5,IF(J56='11 FORMULAS'!$E$6,'11 FORMULAS'!$F$6,""))) | L56: =+IF(OR(J56='11 FORMULAS'!$O$4,J56='11 FORMULAS'!$O$5),'11 FORMULAS'!$P$5,IF(J56='11 FORMULAS'!$O$6,'11 FORMULAS'!$P$6,"")) | N56: =+IF(M56='11 FORMULAS'!$H$4,'11 FORMULAS'!$I$4,IF(M56='11 FORMULAS'!$H$5,'11 FORMULAS'!$I$5,"")) | R56: =+IFERROR(K56+N56,"") | S56: =IF(L56='11 FORMULAS'!$P$5,S55-(S55*R56),S55) | T56: =IF(L56='11 FORMULAS'!$P$6,T55-(T55*R56),T55)
E57: 3 | I57: =+CONCATENATE(F57," ",G57," ",H57) | K57: =+IF(J57='11 FORMULAS'!$E$4,'11 FORMULAS'!$F$4,IF(J57='11 FORMULAS'!$E$5,'11 FORMULAS'!$F$5,IF(J57='11 FORMULAS'!$E$6,'11 FORMULAS'!$F$6,""))) | L57: =+IF(OR(J57='11 FORMULAS'!$O$4,J57='11 FORMULAS'!$O$5),'11 FORMULAS'!$P$5,IF(J57='11 FORMULAS'!$O$6,'11 FORMULAS'!$P$6,"")) | N57: =+IF(M57='11 FORMULAS'!$H$4,'11 FORMULAS'!$I$4,IF(M57='11 FORMULAS'!$H$5,'11 FORMULAS'!$I$5,"")) | R57: =+IFERROR(K57+N57,"") | S57: =IF(L57='11 FORMULAS'!$P$5,S56-(S56*R57),S56) | T57: =IF(L57='11 FORMULAS'!$P$6,T56-(T56*R57),T56)
E58: 4 | I58: =+CONCATENATE(F58," ",G58," ",H58) | K58: =+IF(J58='11 FORMULAS'!$E$4,'11 FORMULAS'!$F$4,IF(J58='11 FORMULAS'!$E$5,'11 FORMULAS'!$F$5,IF(J58='11 FORMULAS'!$E$6,'11 FORMULAS'!$F$6,""))) | L58: =+IF(OR(J58='11 FORMULAS'!$O$4,J58='11 FORMULAS'!$O$5),'11 FORMULAS'!$P$5,IF(J58='11 FORMULAS'!$O$6,'11 FORMULAS'!$P$6,"")) | N58: =+IF(M58='11 FORMULAS'!$H$4,'11 FORMULAS'!$I$4,IF(M58='11 FORMULAS'!$H$5,'11 FORMULAS'!$I$5,"")) | R58: =+IFERROR(K58+N58,"") | S58: =IF(L58='11 FORMULAS'!$P$5,S57-(S57*R58),S57) | T58: =IF(L58='11 FORMULAS'!$P$6,T57-(T57*R58),T57)
A59: ='2 CONTEXTO E IDENTIFICACIÓN'!A18 -> R12 | B59: =+'2 CONTEXTO E IDENTIFICACIÓN'!E18 | C59: =+'3 PROBABIL E IMPACTO INHERENTE'!E19 | D59: =+'3 PROBABIL E IMPACTO INHERENTE'!M19 | E59: 1 | I59: =+CONCATENATE(F59," ",G59," ",H59) | K59: =+IF(J59='11 FORMULAS'!$E$4,'11 FORMULAS'!$F$4,IF(J59='11 FORMULAS'!$E$5,'11 FORMULAS'!$F$5,IF(J59='11 FORMULAS'!$E$6,'11 FORMULAS'!$F$6,""))) | L59: =+IF(OR(J59='11 FORMULAS'!$O$4,J59='11 FORMULAS'!$O$5),'11 FORMULAS'!$P$5,IF(J59='11 FORMULAS'!$O$6,'11 FORMULAS'!$P$6,"")) | N59: =+IF(M59='11 FORMULAS'!$H$4,'11 FORMULAS'!$I$4,IF(M59='11 FORMULAS'!$H$5,'11 FORMULAS'!$I$5,"")) | R59: =+IFERROR(K59+N59,"") | S59: =IF(L59='11 FORMULAS'!$P$5,C59-(C59*R59),C59) | T59: =IF(L59='11 FORMULAS'!$P$6,D59-(D59*R59),D59) | U59: =+IF(S62="","",S62) | V59: =+IF(T62="","",T62)
E60: 2 | I60: =+CONCATENATE(F60," ",G60," ",H60) | K60: =+IF(J60='11 FORMULAS'!$E$4,'11 FORMULAS'!$F$4,IF(J60='11 FORMULAS'!$E$5,'11 FORMULAS'!$F$5,IF(J60='11 FORMULAS'!$E$6,'11 FORMULAS'!$F$6,""))) | L60: =+IF(OR(J60='11 FORMULAS'!$O$4,J60='11 FORMULAS'!$O$5),'11 FORMULAS'!$P$5,IF(J60='11 FORMULAS'!$O$6,'11 FORMULAS'!$P$6,"")) | N60: =+IF(M60='11 FORMULAS'!$H$4,'11 FORMULAS'!$I$4,IF(M60='11 FORMULAS'!$H$5,'11 FORMULAS'!$I$5,"")) | R60: =+IFERROR(K60+N60,"") | S60: =IF(L60='11 FORMULAS'!$P$5,S59-(S59*R60),S59) | T60: =IF(L60='11 FORMULAS'!$P$6,T59-(T59*R60),T59)
E61: 3 | I61: =+CONCATENATE(F61," ",G61," ",H61) | K61: =+IF(J61='11 FORMULAS'!$E$4,'11 FORMULAS'!$F$4,IF(J61='11 FORMULAS'!$E$5,'11 FORMULAS'!$F$5,IF(J61='11 FORMULAS'!$E$6,'11 FORMULAS'!$F$6,""))) | L61: =+IF(OR(J61='11 FORMULAS'!$O$4,J61='11 FORMULAS'!$O$5),'11 FORMULAS'!$P$5,IF(J61='11 FORMULAS'!$O$6,'11 FORMULAS'!$P$6,"")) | N61: =+IF(M61='11 FORMULAS'!$H$4,'11 FORMULAS'!$I$4,IF(M61='11 FORMULAS'!$H$5,'11 FORMULAS'!$I$5,"")) | R61: =+IFERROR(K61+N61,"") | S61: =IF(L61='11 FORMULAS'!$P$5,S60-(S60*R61),S60) | T61: =IF(L61='11 FORMULAS'!$P$6,T60-(T60*R61),T60)
E62: 4 | I62: =+CONCATENATE(F62," ",G62," ",H62) | K62: =+IF(J62='11 FORMULAS'!$E$4,'11 FORMULAS'!$F$4,IF(J62='11 FORMULAS'!$E$5,'11 FORMULAS'!$F$5,IF(J62='11 FORMULAS'!$E$6,'11 FORMULAS'!$F$6,""))) | L62: =+IF(OR(J62='11 FORMULAS'!$O$4,J62='11 FORMULAS'!$O$5),'11 FORMULAS'!$P$5,IF(J62='11 FORMULAS'!$O$6,'11 FORMULAS'!$P$6,"")) | N62: =+IF(M62='11 FORMULAS'!$H$4,'11 FORMULAS'!$I$4,IF(M62='11 FORMULAS'!$H$5,'11 FORMULAS'!$I$5,"")) | R62: =+IFERROR(K62+N62,"") | S62: =IF(L62='11 FORMULAS'!$P$5,S61-(S61*R62),S61) | T62: =IF(L62='11 FORMULAS'!$P$6,T61-(T61*R62),T61)
A63: ='2 CONTEXTO E IDENTIFICACIÓN'!A19 -> R13 | B63: =+'2 CONTEXTO E IDENTIFICACIÓN'!E19 | C63: =+'3 PROBABIL E IMPACTO INHERENTE'!E20 | D63: =+'3 PROBABIL E IMPACTO INHERENTE'!M20 | E63: 1 | I63: =+CONCATENATE(F63," ",G63," ",H63) | K63: =+IF(J63='11 FORMULAS'!$E$4,'11 FORMULAS'!$F$4,IF(J63='11 FORMULAS'!$E$5,'11 FORMULAS'!$F$5,IF(J63='11 FORMULAS'!$E$6,'11 FORMULAS'!$F$6,""))) | L63: =+IF(OR(J63='11 FORMULAS'!$O$4,J63='11 FORMULAS'!$O$5),'11 FORMULAS'!$P$5,IF(J63='11 FORMULAS'!$O$6,'11 FORMULAS'!$P$6,"")) | N63: =+IF(M63='11 FORMULAS'!$H$4,'11 FORMULAS'!$I$4,IF(M63='11 FORMULAS'!$H$5,'11 FORMULAS'!$I$5,"")) | R63: =+IFERROR(K63+N63,"") | S63: =IF(L63='11 FORMULAS'!$P$5,C63-(C63*R63),C63) | T63: =IF(L63='11 FORMULAS'!$P$6,D63-(D63*R63),D63) | U63: =+IF(S66="","",S66) | V63: =+IF(T66="","",T66)
E64: 2 | I64: =+CONCATENATE(F64," ",G64," ",H64) | K64: =+IF(J64='11 FORMULAS'!$E$4,'11 FORMULAS'!$F$4,IF(J64='11 FORMULAS'!$E$5,'11 FORMULAS'!$F$5,IF(J64='11 FORMULAS'!$E$6,'11 FORMULAS'!$F$6,""))) | L64: =+IF(OR(J64='11 FORMULAS'!$O$4,J64='11 FORMULAS'!$O$5),'11 FORMULAS'!$P$5,IF(J64='11 FORMULAS'!$O$6,'11 FORMULAS'!$P$6,"")) | N64: =+IF(M64='11 FORMULAS'!$H$4,'11 FORMULAS'!$I$4,IF(M64='11 FORMULAS'!$H$5,'11 FORMULAS'!$I$5,"")) | R64: =+IFERROR(K64+N64,"") | S64: =IF(L64='11 FORMULAS'!$P$5,S63-(S63*R64),S63) | T64: =IF(L64='11 FORMULAS'!$P$6,T63-(T63*R64),T63)
E65: 3 | I65: =+CONCATENATE(F65," ",G65," ",H65) | K65: =+IF(J65='11 FORMULAS'!$E$4,'11 FORMULAS'!$F$4,IF(J65='11 FORMULAS'!$E$5,'11 FORMULAS'!$F$5,IF(J65='11 FORMULAS'!$E$6,'11 FORMULAS'!$F$6,""))) | L65: =+IF(OR(J65='11 FORMULAS'!$O$4,J65='11 FORMULAS'!$O$5),'11 FORMULAS'!$P$5,IF(J65='11 FORMULAS'!$O$6,'11 FORMULAS'!$P$6,"")) | N65: =+IF(M65='11 FORMULAS'!$H$4,'11 FORMULAS'!$I$4,IF(M65='11 FORMULAS'!$H$5,'11 FORMULAS'!$I$5,"")) | R65: =+IFERROR(K65+N65,"") | S65: =IF(L65='11 FORMULAS'!$P$5,S64-(S64*R65),S64) | T65: =IF(L65='11 FORMULAS'!$P$6,T64-(T64*R65),T64)
E66: 4 | I66: =+CONCATENATE(F66," ",G66," ",H66) | K66: =+IF(J66='11 FORMULAS'!$E$4,'11 FORMULAS'!$F$4,IF(J66='11 FORMULAS'!$E$5,'11 FORMULAS'!$F$5,IF(J66='11 FORMULAS'!$E$6,'11 FORMULAS'!$F$6,""))) | L66: =+IF(OR(J66='11 FORMULAS'!$O$4,J66='11 FORMULAS'!$O$5),'11 FORMULAS'!$P$5,IF(J66='11 FORMULAS'!$O$6,'11 FORMULAS'!$P$6,"")) | N66: =+IF(M66='11 FORMULAS'!$H$4,'11 FORMULAS'!$I$4,IF(M66='11 FORMULAS'!$H$5,'11 FORMULAS'!$I$5,"")) | R66: =+IFERROR(K66+N66,"") | S66: =IF(L66='11 FORMULAS'!$P$5,S65-(S65*R66),S65) | T66: =IF(L66='11 FORMULAS'!$P$6,T65-(T65*R66),T65)
A67: ='2 CONTEXTO E IDENTIFICACIÓN'!A20 -> R16 | B67: =+'2 CONTEXTO E IDENTIFICACIÓN'!E20 | C67: =+'3 PROBABIL E IMPACTO INHERENTE'!E21 | D67: =+'3 PROBABIL E IMPACTO INHERENTE'!M21 | E67: 1 | I67: =+CONCATENATE(F67," ",G67," ",H67) | K67: =+IF(J67='11 FORMULAS'!$E$4,'11 FORMULAS'!$F$4,IF(J67='11 FORMULAS'!$E$5,'11 FORMULAS'!$F$5,IF(J67='11 FORMULAS'!$E$6,'11 FORMULAS'!$F$6,""))) | L67: =+IF(OR(J67='11 FORMULAS'!$O$4,J67='11 FORMULAS'!$O$5),'11 FORMULAS'!$P$5,IF(J67='11 FORMULAS'!$O$6,'11 FORMULAS'!$P$6,"")) | N67: =+IF(M67='11 FORMULAS'!$H$4,'11 FORMULAS'!$I$4,IF(M67='11 FORMULAS'!$H$5,'11 FORMULAS'!$I$5,"")) | R67: =+IFERROR(K67+N67,"") | S67: =IF(L67='11 FORMULAS'!$P$5,C67-(C67*R67),C67) | T67: =IF(L67='11 FORMULAS'!$P$6,D67-(D67*R67),D67) | U67: =+IF(S70="","",S70) | V67: =+IF(T70="","",T70)
E68: 2 | I68: =+CONCATENATE(F68," ",G68," ",H68) | K68: =+IF(J68='11 FORMULAS'!$E$4,'11 FORMULAS'!$F$4,IF(J68='11 FORMULAS'!$E$5,'11 FORMULAS'!$F$5,IF(J68='11 FORMULAS'!$E$6,'11 FORMULAS'!$F$6,""))) | L68: =+IF(OR(J68='11 FORMULAS'!$O$4,J68='11 FORMULAS'!$O$5),'11 FORMULAS'!$P$5,IF(J68='11 FORMULAS'!$O$6,'11 FORMULAS'!$P$6,"")) | N68: =+IF(M68='11 FORMULAS'!$H$4,'11 FORMULAS'!$I$4,IF(M68='11 FORMULAS'!$H$5,'11 FORMULAS'!$I$5,"")) | R68: =+IFERROR(K68+N68,"") | S68: =IF(L68='11 FORMULAS'!$P$5,S67-(S67*R68),S67) | T68: =IF(L68='11 FORMULAS'!$P$6,T67-(T67*R68),T67)
E69: 3 | I69: =+CONCATENATE(F69," ",G69," ",H69) | K69: =+IF(J69='11 FORMULAS'!$E$4,'11 FORMULAS'!$F$4,IF(J69='11 FORMULAS'!$E$5,'11 FORMULAS'!$F$5,IF(J69='11 FORMULAS'!$E$6,'11 FORMULAS'!$F$6,""))) | L69: =+IF(OR(J69='11 FORMULAS'!$O$4,J69='11 FORMULAS'!$O$5),'11 FORMULAS'!$P$5,IF(J69='11 FORMULAS'!$O$6,'11 FORMULAS'!$P$6,"")) | N69: =+IF(M69='11 FORMULAS'!$H$4,'11 FORMULAS'!$I$4,IF(M69='11 FORMULAS'!$H$5,'11 FORMULAS'!$I$5,"")) | R69: =+IFERROR(K69+N69,"") | S69: =IF(L69='11 FORMULAS'!$P$5,S68-(S68*R69),S68) | T69: =IF(L69='11 FORMULAS'!$P$6,T68-(T68*R69),T68)
E70: 4 | I70: =+CONCATENATE(F70," ",G70," ",H70) | K70: =+IF(J70='11 FORMULAS'!$E$4,'11 FORMULAS'!$F$4,IF(J70='11 FORMULAS'!$E$5,'11 FORMULAS'!$F$5,IF(J70='11 FORMULAS'!$E$6,'11 FORMULAS'!$F$6,""))) | L70: =+IF(OR(J70='11 FORMULAS'!$O$4,J70='11 FORMULAS'!$O$5),'11 FORMULAS'!$P$5,IF(J70='11 FORMULAS'!$O$6,'11 FORMULAS'!$P$6,"")) | N70: =+IF(M70='11 FORMULAS'!$H$4,'11 FORMULAS'!$I$4,IF(M70='11 FORMULAS'!$H$5,'11 FORMULAS'!$I$5,"")) | R70: =+IFERROR(K70+N70,"") | S70: =IF(L70='11 FORMULAS'!$P$5,S69-(S69*R70),S69) | T70: =IF(L70='11 FORMULAS'!$P$6,T69-(T69*R70),T69)
A71: ='2 CONTEXTO E IDENTIFICACIÓN'!A21 -> R17 | B71: =+'2 CONTEXTO E IDENTIFICACIÓN'!E21 | C71: =+'3 PROBABIL E IMPACTO INHERENTE'!E22 | D71: =+'3 PROBABIL E IMPACTO INHERENTE'!M22 | E71: 1 | I71: =+CONCATENATE(F71," ",G71," ",H71) | K71: =+IF(J71='11 FORMULAS'!$E$4,'11 FORMULAS'!$F$4,IF(J71='11 FORMULAS'!$E$5,'11 FORMULAS'!$F$5,IF(J71='11 FORMULAS'!$E$6,'11 FORMULAS'!$F$6,""))) | L71: =+IF(OR(J71='11 FORMULAS'!$O$4,J71='11 FORMULAS'!$O$5),'11 FORMULAS'!$P$5,IF(J71='11 FORMULAS'!$O$6,'11 FORMULAS'!$P$6,"")) | N71: =+IF(M71='11 FORMULAS'!$H$4,'11 FORMULAS'!$I$4,IF(M71='11 FORMULAS'!$H$5,'11 FORMULAS'!$I$5,"")) | R71: =+IFERROR(K71+N71,"") | S71: =IF(L71='11 FORMULAS'!$P$5,C71-(C71*R71),C71) | T71: =IF(L71='11 FORMULAS'!$P$6,D71-(D71*R71),D71) | U71: =+IF(S74="","",S74) | V71: =+IF(T74="","",T74)
E72: 2 | I72: =+CONCATENATE(F72," ",G72," ",H72) | K72: =+IF(J72='11 FORMULAS'!$E$4,'11 FORMULAS'!$F$4,IF(J72='11 FORMULAS'!$E$5,'11 FORMULAS'!$F$5,IF(J72='11 FORMULAS'!$E$6,'11 FORMULAS'!$F$6,""))) | L72: =+IF(OR(J72='11 FORMULAS'!$O$4,J72='11 FORMULAS'!$O$5),'11 FORMULAS'!$P$5,IF(J72='11 FORMULAS'!$O$6,'11 FORMULAS'!$P$6,"")) | N72: =+IF(M72='11 FORMULAS'!$H$4,'11 FORMULAS'!$I$4,IF(M72='11 FORMULAS'!$H$5,'11 FORMULAS'!$I$5,"")) | R72: =+IFERROR(K72+N72,"") | S72: =IF(L72='11 FORMULAS'!$P$5,S71-(S71*R72),S71) | T72: =IF(L72='11 FORMULAS'!$P$6,T71-(T71*R72),T71)
E73: 3 | I73: =+CONCATENATE(F73," ",G73," ",H73) | K73: =+IF(J73='11 FORMULAS'!$E$4,'11 FORMULAS'!$F$4,IF(J73='11 FORMULAS'!$E$5,'11 FORMULAS'!$F$5,IF(J73='11 FORMULAS'!$E$6,'11 FORMULAS'!$F$6,""))) | L73: =+IF(OR(J73='11 FORMULAS'!$O$4,J73='11 FORMULAS'!$O$5),'11 FORMULAS'!$P$5,IF(J73='11 FORMULAS'!$O$6,'11 FORMULAS'!$P$6,"")) | N73: =+IF(M73='11 FORMULAS'!$H$4,'11 FORMULAS'!$I$4,IF(M73='11 FORMULAS'!$H$5,'11 FORMULAS'!$I$5,"")) | R73: =+IFERROR(K73+N73,"") | S73: =IF(L73='11 FORMULAS'!$P$5,S72-(S72*R73),S72) | T73: =IF(L73='11 FORMULAS'!$P$6,T72-(T72*R73),T72)
E74: 4 | I74: =+CONCATENATE(F74," ",G74," ",H74) | K74: =+IF(J74='11 FORMULAS'!$E$4,'11 FORMULAS'!$F$4,IF(J74='11 FORMULAS'!$E$5,'11 FORMULAS'!$F$5,IF(J74='11 FORMULAS'!$E$6,'11 FORMULAS'!$F$6,""))) | L74: =+IF(OR(J74='11 FORMULAS'!$O$4,J74='11 FORMULAS'!$O$5),'11 FORMULAS'!$P$5,IF(J74='11 FORMULAS'!$O$6,'11 FORMULAS'!$P$6,"")) | N74: =+IF(M74='11 FORMULAS'!$H$4,'11 FORMULAS'!$I$4,IF(M74='11 FORMULAS'!$H$5,'11 FORMULAS'!$I$5,"")) | R74: =+IFERROR(K74+N74,"") | S74: =IF(L74='11 FORMULAS'!$P$5,S73-(S73*R74),S73) | T74: =IF(L74='11 FORMULAS'!$P$6,T73-(T73*R74),T73)
A75: ='2 CONTEXTO E IDENTIFICACIÓN'!A22 -> R18 | B75: =+'2 CONTEXTO E IDENTIFICACIÓN'!E22 | C75: =+'3 PROBABIL E IMPACTO INHERENTE'!E23 | D75: =+'3 PROBABIL E IMPACTO INHERENTE'!M23 | E75: 1 | I75: =+CONCATENATE(F75," ",G75," ",H75) | K75: =+IF(J75='11 FORMULAS'!$E$4,'11 FORMULAS'!$F$4,IF(J75='11 FORMULAS'!$E$5,'11 FORMULAS'!$F$5,IF(J75='11 FORMULAS'!$E$6,'11 FORMULAS'!$F$6,""))) | L75: =+IF(OR(J75='11 FORMULAS'!$O$4,J75='11 FORMULAS'!$O$5),'11 FORMULAS'!$P$5,IF(J75='11 FORMULAS'!$O$6,'11 FORMULAS'!$P$6,"")) | N75: =+IF(M75='11 FORMULAS'!$H$4,'11 FORMULAS'!$I$4,IF(M75='11 FORMULAS'!$H$5,'11 FORMULAS'!$I$5,"")) | R75: =+IFERROR(K75+N75,"") | S75: =IF(L75='11 FORMULAS'!$P$5,C75-(C75*R75),C75) | T75: =IF(L75='11 FORMULAS'!$P$6,D75-(D75*R75),D75) | U75: =+IF(S78="","",S78) | V75: =+IF(T78="","",T78)
E76: 2 | I76: =+CONCATENATE(F76," ",G76," ",H76) | K76: =+IF(J76='11 FORMULAS'!$E$4,'11 FORMULAS'!$F$4,IF(J76='11 FORMULAS'!$E$5,'11 FORMULAS'!$F$5,IF(J76='11 FORMULAS'!$E$6,'11 FORMULAS'!$F$6,""))) | L76: =+IF(OR(J76='11 FORMULAS'!$O$4,J76='11 FORMULAS'!$O$5),'11 FORMULAS'!$P$5,IF(J76='11 FORMULAS'!$O$6,'11 FORMULAS'!$P$6,"")) | N76: =+IF(M76='11 FORMULAS'!$H$4,'11 FORMULAS'!$I$4,IF(M76='11 FORMULAS'!$H$5,'11 FORMULAS'!$I$5,"")) | R76: =+IFERROR(K76+N76,"") | S76: =IF(L76='11 FORMULAS'!$P$5,S75-(S75*R76),S75) | T76: =IF(L76='11 FORMULAS'!$P$6,T75-(T75*R76),T75)
E77: 3 | I77: =+CONCATENATE(F77," ",G77," ",H77) | K77: =+IF(J77='11 FORMULAS'!$E$4,'11 FORMULAS'!$F$4,IF(J77='11 FORMULAS'!$E$5,'11 FORMULAS'!$F$5,IF(J77='11 FORMULAS'!$E$6,'11 FORMULAS'!$F$6,""))) | L77: =+IF(OR(J77='11 FORMULAS'!$O$4,J77='11 FORMULAS'!$O$5),'11 FORMULAS'!$P$5,IF(J77='11 FORMULAS'!$O$6,'11 FORMULAS'!$P$6,"")) | N77: =+IF(M77='11 FORMULAS'!$H$4,'11 FORMULAS'!$I$4,IF(M77='11 FORMULAS'!$H$5,'11 FORMULAS'!$I$5,"")) | R77: =+IFERROR(K77+N77,"") | S77: =IF(L77='11 FORMULAS'!$P$5,S76-(S76*R77),S76) | T77: =IF(L77='11 FORMULAS'!$P$6,T76-(T76*R77),T76)
E78: 4 | I78: =+CONCATENATE(F78," ",G78," ",H78) | K78: =+IF(J78='11 FORMULAS'!$E$4,'11 FORMULAS'!$F$4,IF(J78='11 FORMULAS'!$E$5,'11 FORMULAS'!$F$5,IF(J78='11 FORMULAS'!$E$6,'11 FORMULAS'!$F$6,""))) | L78: =+IF(OR(J78='11 FORMULAS'!$O$4,J78='11 FORMULAS'!$O$5),'11 FORMULAS'!$P$5,IF(J78='11 FORMULAS'!$O$6,'11 FORMULAS'!$P$6,"")) | N78: =+IF(M78='11 FORMULAS'!$H$4,'11 FORMULAS'!$I$4,IF(M78='11 FORMULAS'!$H$5,'11 FORMULAS'!$I$5,"")) | R78: =+IFERROR(K78+N78,"") | S78: =IF(L78='11 FORMULAS'!$P$5,S77-(S77*R78),S77) | T78: =IF(L78='11 FORMULAS'!$P$6,T77-(T77*R78),T77)
A79: ='2 CONTEXTO E IDENTIFICACIÓN'!A23 -> R19 | B79: =+'2 CONTEXTO E IDENTIFICACIÓN'!E23 | C79: =+'3 PROBABIL E IMPACTO INHERENTE'!E24 | D79: =+'3 PROBABIL E IMPACTO INHERENTE'!M24 | E79: 1 | I79: =+CONCATENATE(F79," ",G79," ",H79) | K79: =+IF(J79='11 FORMULAS'!$E$4,'11 FORMULAS'!$F$4,IF(J79='11 FORMULAS'!$E$5,'11 FORMULAS'!$F$5,IF(J79='11 FORMULAS'!$E$6,'11 FORMULAS'!$F$6,""))) | L79: =+IF(OR(J79='11 FORMULAS'!$O$4,J79='11 FORMULAS'!$O$5),'11 FORMULAS'!$P$5,IF(J79='11 FORMULAS'!$O$6,'11 FORMULAS'!$P$6,"")) | N79: =+IF(M79='11 FORMULAS'!$H$4,'11 FORMULAS'!$I$4,IF(M79='11 FORMULAS'!$H$5,'11 FORMULAS'!$I$5,"")) | R79: =+IFERROR(K79+N79,"") | S79: =IF(L79='11 FORMULAS'!$P$5,C79-(C79*R79),C79) | T79: =IF(L79='11 FORMULAS'!$P$6,D79-(D79*R79),D79) | U79: =+IF(S82="","",S82) | V79: =+IF(T82="","",T82)
E80: 2 | I80: =+CONCATENATE(F80," ",G80," ",H80) | K80: =+IF(J80='11 FORMULAS'!$E$4,'11 FORMULAS'!$F$4,IF(J80='11 FORMULAS'!$E$5,'11 FORMULAS'!$F$5,IF(J80='11 FORMULAS'!$E$6,'11 FORMULAS'!$F$6,""))) | L80: =+IF(OR(J80='11 FORMULAS'!$O$4,J80='11 FORMULAS'!$O$5),'11 FORMULAS'!$P$5,IF(J80='11 FORMULAS'!$O$6,'11 FORMULAS'!$P$6,"")) | N80: =+IF(M80='11 FORMULAS'!$H$4,'11 FORMULAS'!$I$4,IF(M80='11 FORMULAS'!$H$5,'11 FORMULAS'!$I$5,"")) | R80: =+IFERROR(K80+N80,"") | S80: =IF(L80='11 FORMULAS'!$P$5,S79-(S79*R80),S79) | T80: =IF(L80='11 FORMULAS'!$P$6,T79-(T79*R80),T79)
E81: 3 | I81: =+CONCATENATE(F81," ",G81," ",H81) | K81: =+IF(J81='11 FORMULAS'!$E$4,'11 FORMULAS'!$F$4,IF(J81='11 FORMULAS'!$E$5,'11 FORMULAS'!$F$5,IF(J81='11 FORMULAS'!$E$6,'11 FORMULAS'!$F$6,""))) | L81: =+IF(OR(J81='11 FORMULAS'!$O$4,J81='11 FORMULAS'!$O$5),'11 FORMULAS'!$P$5,IF(J81='11 FORMULAS'!$O$6,'11 FORMULAS'!$P$6,"")) | N81: =+IF(M81='11 FORMULAS'!$H$4,'11 FORMULAS'!$I$4,IF(M81='11 FORMULAS'!$H$5,'11 FORMULAS'!$I$5,"")) | R81: =+IFERROR(K81+N81,"") | S81: =IF(L81='11 FORMULAS'!$P$5,S80-(S80*R81),S80) | T81: =IF(L81='11 FORMULAS'!$P$6,T80-(T80*R81),T80)
E82: 4 | I82: =+CONCATENATE(F82," ",G82," ",H82) | K82: =+IF(J82='11 FORMULAS'!$E$4,'11 FORMULAS'!$F$4,IF(J82='11 FORMULAS'!$E$5,'11 FORMULAS'!$F$5,IF(J82='11 FORMULAS'!$E$6,'11 FORMULAS'!$F$6,""))) | L82: =+IF(OR(J82='11 FORMULAS'!$O$4,J82='11 FORMULAS'!$O$5),'11 FORMULAS'!$P$5,IF(J82='11 FORMULAS'!$O$6,'11 FORMULAS'!$P$6,"")) | N82: =+IF(M82='11 FORMULAS'!$H$4,'11 FORMULAS'!$I$4,IF(M82='11 FORMULAS'!$H$5,'11 FORMULAS'!$I$5,"")) | R82: =+IFERROR(K82+N82,"") | S82: =IF(L82='11 FORMULAS'!$P$5,S81-(S81*R82),S81) | T82: =IF(L82='11 FORMULAS'!$P$6,T81-(T81*R82),T81)
A83: ='2 CONTEXTO E IDENTIFICACIÓN'!A24 -> R20 | B83: =+'2 CONTEXTO E IDENTIFICACIÓN'!E24 | C83: =+'3 PROBABIL E IMPACTO INHERENTE'!E25 | D83: =+'3 PROBABIL E IMPACTO INHERENTE'!M25 | E83: 1 | I83: =+CONCATENATE(F83," ",G83," ",H83) | K83: =+IF(J83='11 FORMULAS'!$E$4,'11 FORMULAS'!$F$4,IF(J83='11 FORMULAS'!$E$5,'11 FORMULAS'!$F$5,IF(J83='11 FORMULAS'!$E$6,'11 FORMULAS'!$F$6,""))) | L83: =+IF(OR(J83='11 FORMULAS'!$O$4,J83='11 FORMULAS'!$O$5),'11 FORMULAS'!$P$5,IF(J83='11 FORMULAS'!$O$6,'11 FORMULAS'!$P$6,"")) | N83: =+IF(M83='11 FORMULAS'!$H$4,'11 FORMULAS'!$I$4,IF(M83='11 FORMULAS'!$H$5,'11 FORMULAS'!$I$5,"")) | R83: =+IFERROR(K83+N83,"") | S83: =IF(L83='11 FORMULAS'!$P$5,C83-(C83*R83),C83) | T83: =IF(L83='11 FORMULAS'!$P$6,D83-(D83*R83),D83) | U83: =+IF(S86="","",S86) | V83: =+IF(T86="","",T86)
E84: 2 | I84: =+CONCATENATE(F84," ",G84," ",H84) | K84: =+IF(J84='11 FORMULAS'!$E$4,'11 FORMULAS'!$F$4,IF(J84='11 FORMULAS'!$E$5,'11 FORMULAS'!$F$5,IF(J84='11 FORMULAS'!$E$6,'11 FORMULAS'!$F$6,""))) | L84: =+IF(OR(J84='11 FORMULAS'!$O$4,J84='11 FORMULAS'!$O$5),'11 FORMULAS'!$P$5,IF(J84='11 FORMULAS'!$O$6,'11 FORMULAS'!$P$6,"")) | N84: =+IF(M84='11 FORMULAS'!$H$4,'11 FORMULAS'!$I$4,IF(M84='11 FORMULAS'!$H$5,'11 FORMULAS'!$I$5,"")) | R84: =+IFERROR(K84+N84,"") | S84: =IF(L84='11 FORMULAS'!$P$5,S83-(S83*R84),S83) | T84: =IF(L84='11 FORMULAS'!$P$6,T83-(T83*R84),T83)
E85: 3 | I85: =+CONCATENATE(F85," ",G85," ",H85) | K85: =+IF(J85='11 FORMULAS'!$E$4,'11 FORMULAS'!$F$4,IF(J85='11 FORMULAS'!$E$5,'11 FORMULAS'!$F$5,IF(J85='11 FORMULAS'!$E$6,'11 FORMULAS'!$F$6,""))) | L85: =+IF(OR(J85='11 FORMULAS'!$O$4,J85='11 FORMULAS'!$O$5),'11 FORMULAS'!$P$5,IF(J85='11 FORMULAS'!$O$6,'11 FORMULAS'!$P$6,"")) | N85: =+IF(M85='11 FORMULAS'!$H$4,'11 FORMULAS'!$I$4,IF(M85='11 FORMULAS'!$H$5,'11 FORMULAS'!$I$5,"")) | R85: =+IFERROR(K85+N85,"") | S85: =IF(L85='11 FORMULAS'!$P$5,S84-(S84*R85),S84) | T85: =IF(L85='11 FORMULAS'!$P$6,T84-(T84*R85),T84)
E86: 4 | I86: =+CONCATENATE(F86," ",G86," ",H86) | K86: =+IF(J86='11 FORMULAS'!$E$4,'11 FORMULAS'!$F$4,IF(J86='11 FORMULAS'!$E$5,'11 FORMULAS'!$F$5,IF(J86='11 FORMULAS'!$E$6,'11 FORMULAS'!$F$6,""))) | L86: =+IF(OR(J86='11 FORMULAS'!$O$4,J86='11 FORMULAS'!$O$5),'11 FORMULAS'!$P$5,IF(J86='11 FORMULAS'!$O$6,'11 FORMULAS'!$P$6,"")) | N86: =+IF(M86='11 FORMULAS'!$H$4,'11 FORMULAS'!$I$4,IF(M86='11 FORMULAS'!$H$5,'11 FORMULAS'!$I$5,"")) | R86: =+IFERROR(K86+N86,"") | S86: =IF(L86='11 FORMULAS'!$P$5,S85-(S85*R86),S85) | T86: =IF(L86='11 FORMULAS'!$P$6,T85-(T85*R86),T85)

Sheet 6 MAPA CALOR RESIDUAL
A1: #VALUE! | B1: MAPA Y PLAN DE TRATAMIENTO DE RIESGOS DE GESTIÓN COMERCIAL | D1: #VALUE!
A3: PROCESO: | B3: =+IF('2 CONTEXTO E IDENTIFICACIÓN'!$B$3="","",'2 CONTEXTO E IDENTIFICACIÓN'!$B$3) -> GESTIÓN COMERCIAL
I5: MAPA DE CALOR RIESGO RESIDUAL | T5: Impacto
E6: CALIFICACIÓN RIESGO RESIDUAL | K6: Impacto | T6: 0.2 | U6: 0.4 | V6: 0.6 | W6: 0.8 | X6: 1
A7: No. Riesgo | B7: RIESGO | C7: Probabilidad Residual | D7: Probabilidad Residual | E7: Probabilidad | F7: Impacto | G7: Severidad (Nivel de Riesgo) | K7: Leve | L7: Menor | M7: Moderado | N7: Mayor | O7: Catastrófico | T7: Leve | U7: Menor | V7: Moderado | W7: Mayor | X7: Catastrófico
A8: ='2 CONTEXTO E IDENTIFICACIÓN'!A7 -> R1 | B8: =+'2 CONTEXTO E IDENTIFICACIÓN'!E7 -> Posibilidad de pérdida Reputacional por no realizar medidas correctivas de acuerdos a los resultados que arroja la encuesta de satisfacción debido a ausencias de planes de mejora que orienten el fortalecimiento del servicio. | C8: =+'5 VALORACIÓN DEL CONTROL'!S10 -> 0.2 | D8: =+'5 VALORACIÓN DEL CONTROL'!T10 -> 0.253125 | E8: =+IF(C8=0,"",IF(C8<=$R$12,$S$12,IF(C8<=$R$11,$S$11,IF(C8<=$R$10,$S$10,IF(C8<=$R$9,$S$9,IF(C8<=$R$8,$S$8,"")))))) -> Muy Baja | F8: =+IF(D8=0,"",IF(D8<=$T$6,$T$7,IF(D8<=$U$6,$U$7,IF(D8<=$V$6,$V$7,IF(D8<=$W$6,$W$7,IF(D8<=$X$6,$X$7,"")))))) -> Menor | G8: =+IF(E8=$S$8,IF(F8=$T$7,$T$8,IF(F8=$U$7,$U$8,IF(F8=$V$7,$V$8,IF(F8=$W$7,$W$8,IF(F8=$X$7,$X$8))))),IF(E8=$S$9,IF(F8=$T$7,$T$9,IF(F8=$U$7,$U$9,IF(F8=$V$7,$V$9,IF(F8=$W$7,$W$9,IF(F8=$X$7,$X$9))))),IF(E8=$S$10,IF(F8=$T$7,$T$10,IF(F8=$U$7,$U$10,IF(F8=$V$7,$V$10,IF(F8=$W$7,$W$10,IF(F8=$X$7,$X$10))))),IF(E8=$S$11,IF(F8=$T$7,$T$11,IF(F8=$U$7,$U$11,IF(F8=$V$7,$V$11,IF(F8=$W$7,$W$11,IF(F8=$X$7,$X$11))))),IF(E8=$S$12,IF(F8=$T$7,$T$12,IF(F8=$U$7,$U$12,IF(F8=$V$7,$V$12,IF(F8=$W$7,$W$12,IF(F8=$X$7,$X$12))))),""))))) -> Bajo | I8: Probabilidad | J8: Muy Alta | K8: =+IF(AND(E8=$S$8,F8=$T$7),A8,"")&" "&IF(AND(E9=$S$8,F9=$T$7),A9,"")&" "&IF(AND(E10=$S$8,F10=$T$7),A10,"")&" "&IF(AND(E11=$S$8,F11=$T$7),A11,"")&" "&IF(AND(E12=$S$8,F12=$T$7),A12,"")&" "&IF(AND(E13=$S$8,F13=$T$7),A13,"")&" "&IF(AND(E14=$S$8,F14=$T$7),A14,"")&" "&IF(AND(E15=$S$8,F15=$T$7),A15,"")&" "&IF(AND(E16=$S$8,F16=$T$7),A16,"")&" "&IF(AND(E17=$S$8,F17=$T$7),A17,"")&" "&IF(AND(E18=$S$8,F18=$T$7),A18,"")&" "&IF(AND(E19=$S$8,F19=$T$7),A19,"")&" "&IF(AND(E20=$S$8,F20=$T$7),A20,"")&" "&IF(AND(E21=$S$8,F21=$T$7),A21,"")&" "&IF(AND(E22=$S$8,F22=$T$7),A22,"")&" "&IF(AND(E23=$S$8,F23=$T$7),A23,"")&" "&IF(AND(E24=$S$8,F24=$T$7),A24,"")&" "&IF(AND(E25=$S$8,F25=$T$7),A25,"")&" "&IF(AND(E26=$S$8,F26=$T$7),A26,"")&" "&IF(AND(E27=$S$8,F27=$T$7),A27,"") | L8: =+IF(AND(E8=$S$8,F8=$U$7),A8,"")&" "&IF(AND(E9=$S$8,F9=$U$7),A9,"")&" "&IF(AND(E10=$S$8,F10=$U$7),A10,"")&" "&IF(AND(E11=$S$8,F11=$U$7),A11,"")&" "&IF(AND(E12=$S$8,F12=$U$7),A12,"")&" "&IF(AND(E13=$S$8,F13=$U$7),A13,"")&" "&IF(AND(E14=$S$8,F14=$U$7),A14,"")&" "&IF(AND(E15=$S$8,F15=$U$7),A15,"")&" "&IF(AND(E16=$S$8,F16=$U$7),A16,"")&" "&IF(AND(E17=$S$8,F17=$U$7),A17,"")&" "&IF(AND(E18=$S$8,F18=$U$7),A18,"")&" "&IF(AND(E19=$S$8,F19=$U$7),A19,"")&" "&IF(AND(E20=$S$8,F20=$U$7),A20,"")&" "&IF(AND(E21=$S$8,F21=$U$7),A21,"")&" "&IF(AND(E22=$S$8,F22=$U$7),A22,"")&" "&IF(AND(E23=$S$8,F23=$U$7),A23,"")&" "&IF(AND(E24=$S$8,F24=$U$7),A24,"")&" "&IF(AND(E25=$S$8,F25=$U$7),A25,"")&" "&IF(AND(E26=$S$8,F26=$U$7),A26,"")&" "&IF(AND(E27=$S$8,F27=$U$7),A27,"") | M8: =+IF(AND(E8=$S$8,F8=$V$7),A8,"")&" "&IF(AND(E9=$S$8,F9=$V$7),A9,"")&" "&IF(AND(E10=$S$8,F10=$V$7),A10,"")&" "&IF(AND(E11=$S$8,F11=$V$7),A11,"")&" "&IF(AND(E12=$S$8,F12=$V$7),A12,"")&" "&IF(AND(E13=$S$8,F13=$V$7),A13,"")&" "&IF(AND(E14=$S$8,F14=$V$7),A14,"")&" "&IF(AND(E15=$S$8,F15=$V$7),A15,"")&" "&IF(AND(E16=$S$8,F16=$V$7),A16,"")&" "&IF(AND(E17=$S$8,F17=$V$7),A17,"")&" "&IF(AND(E18=$S$8,F18=$V$7),A18,"")&" "&IF(AND(E19=$S$8,F19=$V$7),A19,"")&" "&IF(AND(E20=$S$8,F20=$V$7),A20,"")&" "&IF(AND(E21=$S$8,F21=$V$7),A21,"")&" "&IF(AND(E22=$S$8,F22=$V$7),A22,"")&" "&IF(AND(E23=$S$8,F23=$V$7),A23,"")&" "&IF(AND(E24=$S$8,F24=$V$7),A24,"")&" "&IF(AND(E25=$S$8,F25=$V$7),A25,"")&" "&IF(AND(E26=$S$8,F26=$V$7),A26,"")&" "&IF(AND(E27=$S$8,F27=$V$7),A27,"") | N8: =+IF(AND(E8=$S$8,F8=$W$7),A8,"")&" "&IF(AND(E9=$S$8,F9=$W$7),A9,"")&" "&IF(AND(E10=$S$8,F10=$W$7),A10,"")&" "&IF(AND(E11=$S$8,F11=$W$7),A11,"")&" "&IF(AND(E12=$S$8,F12=$W$7),A12,"")&" "&IF(AND(E13=$S$8,F13=$W$7),A13,"")&" "&IF(AND(E14=$S$8,F14=$W$7),A14,"")&" "&IF(AND(E15=$S$8,F15=$W$7),A15,"")&" "&IF(AND(E16=$S$8,F16=$W$7),A16,"")&" "&IF(AND(E17=$S$8,F17=$W$7),A17,"")&" "&IF(AND(E18=$S$8,F18=$W$7),A18,"")&" "&IF(AND(E19=$S$8,F19=$W$7),A19,"")&" "&IF(AND(E20=$S$8,F20=$W$7),A20,"")&" "&IF(AND(E21=$S$8,F21=$W$7),A21,"")&" "&IF(AND(E22=$S$8,F22=$W$7),A22,"")&" "&IF(AND(E23=$S$8,F23=$W$7),A23,"")&" "&IF(AND(E24=$S$8,F24=$W$7),A24,"")&" "&IF(AND(E25=$S$8,F25=$W$7),A25,"")&" "&IF(AND(E26=$S$8,F26=$W$7),A26,"")&" "&IF(AND(E27=$S$8,F27=$W$7),A27,"") | O8: =+IF(AND(E8=$S$8,F8=$X$7),A8,"")&" "&IF(AND(E9=$S$8,F9=$X$7),A9,"")&" "&IF(AND(E10=$S$8,F10=$X$7),A10,"")&" "&IF(AND(E11=$S$8,F11=$X$7),A11,"")&" "&IF(AND(E12=$S$8,F12=$X$7),A12,"")&" "&IF(AND(E13=$S$8,F13=$X$7),A13,"")&" "&IF(AND(E14=$S$8,F14=$X$7),A14,"")&" "&IF(AND(E15=$S$8,F15=$X$7),A15,"")&" "&IF(AND(E16=$S$8,F16=$X$7),A16,"")&" "&IF(AND(E17=$S$8,F17=$X$7),A17,"")&" "&IF(AND(E18=$S$8,F18=$X$7),A18,"")&" "&IF(AND(E19=$S$8,F19=$X$7),A19,"")&" "&IF(AND(E20=$S$8,F20=$X$7),A20,"")&" "&IF(AND(E21=$S$8,F21=$X$7),A21,"")&" "&IF(AND(E22=$S$8,F22=$X$7),A22,"")&" "&IF(AND(E23=$S$8,F23=$X$7),A23,"")&" "&IF(AND(E24=$S$8,F24=$X$7),A24,"")&" "&IF(AND(E25=$S$8,F25=$X$7),A25,"")&" "&IF(AND(E26=$S$8,F26=$X$7),A26,"")&" "&IF(AND(E27=$S$8,F27=$X$7),A27,"") | Q8: Probabilidad | R8: 1 | S8: Muy Alta | T8: Alto | U8: Alto | V8: Alto | W8: Alto | X8: Extremo
A9: ='2 CONTEXTO E IDENTIFICACIÓN'!A8 -> R2 | B9: =+'2 CONTEXTO E IDENTIFICACIÓN'!E8 -> Posibilidad de pérdida Económica y Reputacional por incumplimiento en los términos de ley para la atención de PQRS debido a la falta de seguimiento y control a los tiempos de respuesta de los PQRS. | C9: =+'5 VALORACIÓN DEL CONTROL'!S14 -> 0.3 | D9: =+'5 VALORACIÓN DEL CONTROL'!T14 -> 0.6 | E9: =+IF(C9=0,"",IF(C9<=$R$12,$S$12,IF(C9<=$R$11,$S$11,IF(C9<=$R$10,$S$10,IF(C9<=$R$9,$S$9,IF(C9<=$R$8,$S$8,"")))))) -> Baja | F9: =+IF(D9=0,"",IF(D9<=$T$6,$T$7,IF(D9<=$U$6,$U$7,IF(D9<=$V$6,$V$7,IF(D9<=$W$6,$W$7,IF(D9<=$X$6,$X$7,"")))))) -> Moderado | G9: =+IF(E9=$S$8,IF(F9=$T$7,$T$8,IF(F9=$U$7,$U$8,IF(F9=$V$7,$V$8,IF(F9=$W$7,$W$8,IF(F9=$X$7,$X$8))))),IF(E9=$S$9,IF(F9=$T$7,$T$9,IF(F9=$U$7,$U$9,IF(F9=$V$7,$V$9,IF(F9=$W$7,$W$9,IF(F9=$X$7,$X$9))))),IF(E9=$S$10,IF(F9=$T$7,$T$10,IF(F9=$U$7,$U$10,IF(F9=$V$7,$V$10,IF(F9=$W$7,$W$10,IF(F9=$X$7,$X$10))))),IF(E9=$S$11,IF(F9=$T$7,$T$11,IF(F9=$U$7,$U$11,IF(F9=$V$7,$V$11,IF(F9=$W$7,$W$11,IF(F9=$X$7,$X$11))))),IF(E9=$S$12,IF(F9=$T$7,$T$12,IF(F9=$U$7,$U$12,IF(F9=$V$7,$V$12,IF(F9=$W$7,$W$12,IF(F9=$X$7,$X$12))))),""))))) -> Moderado | J9: Alta | K9: =+IF(AND(E8=$S$9,F8=$T$7),A8,"")&" "&IF(AND(E9=$S$9,F9=$T$7),A9,"")&" "&IF(AND(E10=$S$9,F10=$T$7),A10,"")&" "&IF(AND(E11=$S$9,F11=$T$7),A11,"")&" "&IF(AND(E12=$S$9,F12=$T$7),A12,"")&" "&IF(AND(E13=$S$9,F13=$T$7),A13,"")&" "&IF(AND(E14=$S$9,F14=$T$7),A14,"")&" "&IF(AND(E15=$S$9,F15=$T$7),A15,"")&" "&IF(AND(E16=$S$9,F16=$T$7),A16,"")&" "&IF(AND(E17=$S$9,F17=$T$7),A17,"")&" "&IF(AND(E18=$S$9,F18=$T$7),A18,"")&" "&IF(AND(E19=$S$9,F19=$T$7),A19,"")&" "&IF(AND(E20=$S$9,F20=$T$7),A20,"")&" "&IF(AND(E21=$S$9,F21=$T$7),A21,"")&" "&IF(AND(E22=$S$9,F22=$T$7),A22,"")&" "&IF(AND(E23=$S$9,F23=$T$7),A23,"")&" "&IF(AND(E24=$S$9,F24=$T$7),A24,"")&" "&IF(AND(E25=$S$9,F25=$T$7),A25,"")&" "&IF(AND(E26=$S$9,F26=$T$7),A26,"")&" "&IF(AND(E27=$S$9,F27=$T$7),A27,"") | L9: =+IF(AND(E8=$S$9,F8=$U$7),A8,"")&" "&IF(AND(E9=$S$9,F9=$U$7),A9,"")&" "&IF(AND(E10=$S$9,F10=$U$7),A10,"")&" "&IF(AND(E11=$S$9,F11=$U$7),A11,"")&" "&IF(AND(E12=$S$9,F12=$U$7),A12,"")&" "&IF(AND(E13=$S$9,F13=$U$7),A13,"")&" "&IF(AND(E14=$S$9,F14=$U$7),A14,"")&" "&IF(AND(E15=$S$9,F15=$U$7),A15,"")&" "&IF(AND(E16=$S$9,F16=$U$7),A16,"")&" "&IF(AND(E17=$S$9,F17=$U$7),A17,"")&" "&IF(AND(E18=$S$9,F18=$U$7),A18,"")&" "&IF(AND(E19=$S$9,F19=$U$7),A19,"")&" "&IF(AND(E20=$S$9,F20=$U$7),A20,"")&" "&IF(AND(E21=$S$9,F21=$U$7),A21,"")&" "&IF(AND(E22=$S$9,F22=$U$7),A22,"")&" "&IF(AND(E23=$S$9,F23=$U$7),A23,"")&" "&IF(AND(E24=$S$9,F24=$U$7),A24,"")&" "&IF(AND(E25=$S$9,F25=$U$7),A25,"")&" "&IF(AND(E26=$S$9,F26=$U$7),A26,"")&" "&IF(AND(E27=$S$9,F27=$U$7),A27,"") | M9: =+IF(AND(E8=$S$9,F8=$V$7),A8,"")&" "&IF(AND(E9=$S$9,F9=$V$7),A9,"")&" "&IF(AND(E10=$S$9,F10=$V$7),A10,"")&" "&IF(AND(E11=$S$9,F11=$V$7),A11,"")&" "&IF(AND(E12=$S$9,F12=$V$7),A12,"")&" "&IF(AND(E13=$S$9,F13=$V$7),A13,"")&" "&IF(AND(E14=$S$9,F14=$V$7),A14,"")&" "&IF(AND(E15=$S$9,F15=$V$7),A15,"")&" "&IF(AND(E16=$S$9,F16=$V$7),A16,"")&" "&IF(AND(E17=$S$9,F17=$V$7),A17,"")&" "&IF(AND(E18=$S$9,F18=$V$7),A18,"")&" "&IF(AND(E19=$S$9,F19=$V$7),A19,"")&" "&IF(AND(E20=$S$9,F20=$V$7),A20,"")&" "&IF(AND(E21=$S$9,F21=$V$7),A21,"")&" "&IF(AND(E22=$S$9,F22=$V$7),A22,"")&" "&IF(AND(E23=$S$9,F23=$V$7),A23,"")&" "&IF(AND(E24=$S$9,F24=$V$7),A24,"")&" "&IF(AND(E25=$S$9,F25=$V$7),A25,"")&" "&IF(AND(E26=$S$9,F26=$V$7),A26,"")&" "&IF(AND(E27=$S$9,F27=$V$7),A27,"") | N9: =+IF(AND(E8=$S$9,F8=$W$7),A8,"")&" "&IF(AND(E9=$S$9,F9=$W$7),A9,"")&" "&IF(AND(E10=$S$9,F10=$W$7),A10,"")&" "&IF(AND(E11=$S$9,F11=$W$7),A11,"")&" "&IF(AND(E12=$S$9,F12=$W$7),A12,"")&" "&IF(AND(E13=$S$9,F13=$W$7),A13,"")&" "&IF(AND(E14=$S$9,F14=$W$7),A14,"")&" "&IF(AND(E15=$S$9,F15=$W$7),A15,"")&" "&IF(AND(E16=$S$9,F16=$W$7),A16,"")&" "&IF(AND(E17=$S$9,F17=$W$7),A17,"")&" "&IF(AND(E18=$S$9,F18=$W$7),A18,"")&" "&IF(AND(E19=$S$9,F19=$W$7),A19,"")&" "&IF(AND(E20=$S$9,F20=$W$7),A20,"")&" "&IF(AND(E21=$S$9,F21=$W$7),A21,"")&" "&IF(AND(E22=$S$9,F22=$W$7),A22,"")&" "&IF(AND(E23=$S$9,F23=$W$7),A23,"")&" "&IF(AND(E24=$S$9,F24=$W$7),A24,"")&" "&IF(AND(E25=$S$9,F25=$W$7),A25,"")&" "&IF(AND(E26=$S$9,F26=$W$7),A26,"")&" "&IF(AND(E27=$S$9,F27=$W$7),A27,"") | O9: =+IF(AND(E8=$S$9,F8=$X$7),A8,"")&" "&IF(AND(E9=$S$9,F9=$X$7),A9,"")&" "&IF(AND(E10=$S$9,F10=$X$7),A10,"")&" "&IF(AND(E11=$S$9,F11=$X$7),A11,"")&" "&IF(AND(E12=$S$9,F12=$X$7),A12,"")&" "&IF(AND(E13=$S$9,F13=$X$7),A13,"")&" "&IF(AND(E14=$S$9,F14=$X$7),A14,"")&" "&IF(AND(E15=$S$9,F15=$X$7),A15,"")&" "&IF(AND(E16=$S$9,F16=$X$7),A16,"")&" "&IF(AND(E17=$S$9,F17=$X$7),A17,"")&" "&IF(AND(E18=$S$9,F18=$X$7),A18,"")&" "&IF(AND(E19=$S$9,F19=$X$7),A19,"")&" "&IF(AND(E20=$S$9,F20=$X$7),A20,"")&" "&IF(AND(E21=$S$9,F21=$X$7),A21,"")&" "&IF(AND(E22=$S$9,F22=$X$7),A22,"")&" "&IF(AND(E23=$S$9,F23=$X$7),A23,"")&" "&IF(AND(E24=$S$9,F24=$X$7),A24,"")&" "&IF(AND(E25=$S$9,F25=$X$7),A25,"")&" "&IF(AND(E26=$S$9,F26=$X$7),A26,"")&" "&IF(AND(E27=$S$9,F27=$X$7),A27,"") | R9: 0.8 | S9: Alta | T9: Moderado | U9: Moderado | V9: Alto | W9: Alto | X9: Extremo
A10: ='2 CONTEXTO E IDENTIFICACIÓN'!A9 -> R3 | B10: =+'2 CONTEXTO E IDENTIFICACIÓN'!E9 -> Posibilidad de pérdida Reputacional por incumplimiento en la atención de los servicios complementarios solicitados por los usuarios debido a deficiencias en el seguimiento y control en la atención de los servicios complementarios. | C10: =+'5 VALORACIÓN DEL CONTROL'!S18 -> 0.42 | D10: =+'5 VALORACIÓN DEL CONTROL'!T18 -> 0.4 | E10: =+IF(C10=0,"",IF(C10<=$R$12,$S$12,IF(C10<=$R$11,$S$11,IF(C10<=$R$10,$S$10,IF(C10<=$R$9,$S$9,IF(C10<=$R$8,$S$8,"")))))) -> Media | F10: =+IF(D10=0,"",IF(D10<=$T$6,$T$7,IF(D10<=$U$6,$U$7,IF(D10<=$V$6,$V$7,IF(D10<=$W$6,$W$7,IF(D10<=$X$6,$X$7,"")))))) -> Menor | G10: =+IF(E10=$S$8,IF(F10=$T$7,$T$8,IF(F10=$U$7,$U$8,IF(F10=$V$7,$V$8,IF(F10=$W$7,$W$8,IF(F10=$X$7,$X$8))))),IF(E10=$S$9,IF(F10=$T$7,$T$9,IF(F10=$U$7,$U$9,IF(F10=$V$7,$V$9,IF(F10=$W$7,$W$9,IF(F10=$X$7,$X$9))))),IF(E10=$S$10,IF(F10=$T$7,$T$10,IF(F10=$U$7,$U$10,IF(F10=$V$7,$V$10,IF(F10=$W$7,$W$10,IF(F10=$X$7,$X$10))))),IF(E10=$S$11,IF(F10=$T$7,$T$11,IF(F10=$U$7,$U$11,IF(F10=$V$7,$V$11,IF(F10=$W$7,$W$11,IF(F10=$X$7,$X$11))))),IF(E10=$S$12,IF(F10=$T$7,$T$12,IF(F10=$U$7,$U$12,IF(F10=$V$7,$V$12,IF(F10=$W$7,$W$12,IF(F10=$X$7,$X$12))))),""))))) -> Moderado | J10: Media | K10: =+IF(AND(E8=$S$10,F8=$T$7),A8,"")&" "&IF(AND(E9=$S$10,F9=$T$7),A9,"")&" "&IF(AND(E10=$S$10,F10=$T$7),A10,"")&" "&IF(AND(E11=$S$10,F11=$T$7),A11,"")&" "&IF(AND(E12=$S$10,F12=$T$7),A12,"")&" "&IF(AND(E13=$S$10,F13=$T$7),A13,"")&" "&IF(AND(E14=$S$10,F14=$T$7),A14,"")&" "&IF(AND(E15=$S$10,F15=$T$7),A15,"")&" "&IF(AND(E16=$S$10,F16=$T$7),A16,"")&" "&IF(AND(E17=$S$10,F17=$T$7),A17,"")&" "&IF(AND(E18=$S$10,F18=$T$7),A18,"")&" "&IF(AND(E19=$S$10,F19=$T$7),A19,"")&" "&IF(AND(E20=$S$10,F20=$T$7),A20,"")&" "&IF(AND(E21=$S$10,F21=$T$7),A21,"")&" "&IF(AND(E22=$S$10,F22=$T$7),A22,"")&" "&IF(AND(E23=$S$10,F23=$T$7),A23,"")&" "&IF(AND(E24=$S$10,F24=$T$7),A24,"")&" "&IF(AND(E25=$S$10,F25=$T$7),A25,"")&" "&IF(AND(E26=$S$10,F26=$T$7),A26,"")&" "&IF(AND(E27=$S$10,F27=$T$7),A27,"") | L10: =+IF(AND(E8=$S$10,F8=$U$7),A8,"")&" "&IF(AND(E9=$S$10,F9=$U$7),A9,"")&" "&IF(AND(E10=$S$10,F10=$U$7),A10,"")&" "&IF(AND(E11=$S$10,F11=$U$7),A11,"")&" "&IF(AND(E12=$S$10,F12=$U$7),A12,"")&" "&IF(AND(E13=$S$10,F13=$U$7),A13,"")&" "&IF(AND(E14=$S$10,F14=$U$7),A14,"")&" "&IF(AND(E15=$S$10,F15=$U$7),A15,"")&" "&IF(AND(E16=$S$10,F16=$U$7),A16,"")&" "&IF(AND(E17=$S$10,F17=$U$7),A17,"")&" "&IF(AND(E18=$S$10,F18=$U$7),A18,"")&" "&IF(AND(E19=$S$10,F19=$U$7),A19,"")&" "&IF(AND(E20=$S$10,F20=$U$7),A20,"")&" "&IF(AND(E21=$S$10,F21=$U$7),A21,"")&" "&IF(AND(E22=$S$10,F22=$U$7),A22,"")&" "&IF(AND(E23=$S$10,F23=$U$7),A23,"")&" "&IF(AND(E24=$S$10,F24=$U$7),A24,"")&" "&IF(AND(E25=$S$10,F25=$U$7),A25,"")&" "&IF(AND(E26=$S$10,F26=$U$7),A26,"")&" "&IF(AND(E27=$S$10,F27=$U$7),A27,"") -> R3 | M10: =+IF(AND(E8=$S$10,F8=$V$7),A8,"")&" "&IF(AND(E9=$S$10,F9=$V$7),A9,"")&" "&IF(AND(E10=$S$10,F10=$V$7),A10,"")&" "&IF(AND(E11=$S$10,F11=$V$7),A11,"")&" "&IF(AND(E12=$S$10,F12=$V$7),A12,"")&" "&IF(AND(E13=$S$10,F13=$V$7),A13,"")&" "&IF(AND(E14=$S$10,F14=$V$7),A14,"")&" "&IF(AND(E15=$S$10,F15=$V$7),A15,"")&" "&IF(AND(E16=$S$10,F16=$V$7),A16,"")&" "&IF(AND(E17=$S$10,F17=$V$7),A17,"")&" "&IF(AND(E18=$S$10,F18=$V$7),A18,"")&" "&IF(AND(E19=$S$10,F19=$V$7),A19,"")&" "&IF(AND(E20=$S$10,F20=$V$7),A20,"")&" "&IF(AND(E21=$S$10,F21=$V$7),A21,"")&" "&IF(AND(E22=$S$10,F22=$V$7),A22,"")&" "&IF(AND(E23=$S$10,F23=$V$7),A23,"")&" "&IF(AND(E24=$S$10,F24=$V$7),A24,"")&" "&IF(AND(E25=$S$10,F25=$V$7),A25,"")&" "&IF(AND(E26=$S$10,F26=$V$7),A26,"")&" "&IF(AND(E27=$S$10,F27=$V$7),A27,"") | N10: =+IF(AND(E8=$S$10,F8=$W$7),A8,"")&" "&IF(AND(E9=$S$10,F9=$W$7),A9,"")&" "&IF(AND(E10=$S$10,F10=$W$7),A10,"")&" "&IF(AND(E11=$S$10,F11=$W$7),A11,"")&" "&IF(AND(E12=$S$10,F12=$W$7),A12,"")&" "&IF(AND(E13=$S$10,F13=$W$7),A13,"")&" "&IF(AND(E14=$S$10,F14=$W$7),A14,"")&" "&IF(AND(E15=$S$10,F15=$W$7),A15,"")&" "&IF(AND(E16=$S$10,F16=$W$7),A16,"")&" "&IF(AND(E17=$S$10,F17=$W$7),A17,"")&" "&IF(AND(E18=$S$10,F18=$W$7),A18,"")&" "&IF(AND(E19=$S$10,F19=$W$7),A19,"")&" "&IF(AND(E20=$S$10,F20=$W$7),A20,"")&" "&IF(AND(E21=$S$10,F21=$W$7),A21,"")&" "&IF(AND(E22=$S$10,F22=$W$7),A22,"")&" "&IF(AND(E23=$S$10,F23=$W$7),A23,"")&" "&IF(AND(E24=$S$10,F24=$W$7),A24,"")&" "&IF(AND(E25=$S$10,F25=$W$7),A25,"")&" "&IF(AND(E26=$S$10,F26=$W$7),A26,"")&" "&IF(AND(E27=$S$10,F27=$W$7),A27,"") | O10: =+IF(AND(E8=$S$10,F8=$X$7),A8,"")&" "&IF(AND(E9=$S$10,F9=$X$7),A9,"")&" "&IF(AND(E10=$S$10,F10=$X$7),A10,"")&" "&IF(AND(E11=$S$10,F11=$X$7),A11,"")&" "&IF(AND(E12=$S$10,F12=$X$7),A12,"")&" "&IF(AND(E13=$S$10,F13=$X$7),A13,"")&" "&IF(AND(E14=$S$10,F14=$X$7),A14,"")&" "&IF(AND(E15=$S$10,F15=$X$7),A15,"")&" "&IF(AND(E16=$S$10,F16=$X$7),A16,"")&" "&IF(AND(E17=$S$10,F17=$X$7),A17,"")&" "&IF(AND(E18=$S$10,F18=$X$7),A18,"")&" "&IF(AND(E19=$S$10,F19=$X$7),A19,"")&" "&IF(AND(E20=$S$10,F20=$X$7),A20,"")&" "&IF(AND(E21=$S$10,F21=$X$7),A21,"")&" "&IF(AND(E22=$S$10,F22=$X$7),A22,"")&" "&IF(AND(E23=$S$10,F23=$X$7),A23,"")&" "&IF(AND(E24=$S$10,F24=$X$7),A24,"")&" "&IF(AND(E25=$S$10,F25=$X$7),A25,"")&" "&IF(AND(E26=$S$10,F26=$X$7),A26,"")&" "&IF(AND(E27=$S$10,F27=$X$7),A27,"") | R10: 0.6 | S10: Media | T10: Moderado | U10: Moderado | V10: Moderado | W10: Alto | X10: Extremo
A11: ='2 CONTEXTO E IDENTIFICACIÓN'!A10 -> R4 | B11: =+'2 CONTEXTO E IDENTIFICACIÓN'!E10 -> Posibilidad de pérdida Reputacional por incumplimiento en la entrega de bienes y servicios por parte de los proveedores debido a deficiencias en el seguimiento y control de la gestión contractual. | C11: =+'5 VALORACIÓN DEL CONTROL'!S22 -> 0.252 | D11: =+'5 VALORACIÓN DEL CONTROL'!T22 -> 0.4 | E11: =+IF(C11=0,"",IF(C11<=$R$12,$S$12,IF(C11<=$R$11,$S$11,IF(C11<=$R$10,$S$10,IF(C11<=$R$9,$S$9,IF(C11<=$R$8,$S$8,"")))))) -> Baja | F11: =+IF(D11=0,"",IF(D11<=$T$6,$T$7,IF(D11<=$U$6,$U$7,IF(D11<=$V$6,$V$7,IF(D11<=$W$6,$W$7,IF(D11<=$X$6,$X$7,"")))))) -> Menor | G11: =+IF(E11=$S$8,IF(F11=$T$7,$T$8,IF(F11=$U$7,$U$8,IF(F11=$V$7,$V$8,IF(F11=$W$7,$W$8,IF(F11=$X$7,$X$8))))),IF(E11=$S$9,IF(F11=$T$7,$T$9,IF(F11=$U$7,$U$9,IF(F11=$V$7,$V$9,IF(F11=$W$7,$W$9,IF(F11=$X$7,$X$9))))),IF(E11=$S$10,IF(F11=$T$7,$T$10,IF(F11=$U$7,$U$10,IF(F11=$V$7,$V$10,IF(F11=$W$7,$W$10,IF(F11=$X$7,$X$10))))),IF(E11=$S$11,IF(F11=$T$7,$T$11,IF(F11=$U$7,$U$11,IF(F11=$V$7,$V$11,IF(F11=$W$7,$W$11,IF(F11=$X$7,$X$11))))),IF(E11=$S$12,IF(F11=$T$7,$T$12,IF(F11=$U$7,$U$12,IF(F11=$V$7,$V$12,IF(F11=$W$7,$W$12,IF(F11=$X$7,$X$12))))),""))))) -> Moderado | J11: Baja | K11: =+IF(AND(E8=$S$11,F8=$T$7),A8,"")&" "&IF(AND(E9=$S$11,F9=$T$7),A9,"")&" "&IF(AND(E10=$S$11,F10=$T$7),A10,"")&" "&IF(AND(E11=$S$11,F11=$T$7),A11,"")&" "&IF(AND(E12=$S$11,F12=$T$7),A12,"")&" "&IF(AND(E13=$S$11,F13=$T$7),A13,"")&" "&IF(AND(E14=$S$11,F14=$T$7),A14,"")&" "&IF(AND(E15=$S$11,F15=$T$7),A15,"")&" "&IF(AND(E16=$S$11,F16=$T$7),A16,"")&" "&IF(AND(E17=$S$11,F17=$T$7),A17,"")&" "&IF(AND(E18=$S$11,F18=$T$7),A18,"")&" "&IF(AND(E19=$S$11,F19=$T$7),A19,"")&" "&IF(AND(E20=$S$11,F20=$T$7),A20,"")&" "&IF(AND(E21=$S$11,F21=$T$7),A21,"")&" "&IF(AND(E22=$S$11,F22=$T$7),A22,"")&" "&IF(AND(E23=$S$11,F23=$T$7),A23,"")&" "&IF(AND(E24=$S$11,F24=$T$7),A24,"")&" "&IF(AND(E25=$S$11,F25=$T$7),A25,"")&" "&IF(AND(E26=$S$11,F26=$T$7),A26,"")&" "&IF(AND(E27=$S$11,F27=$T$7),A27,"") | L11: =+IF(AND(E8=$S$11,F8=$U$7),A8,"")&" "&IF(AND(E9=$S$11,F9=$U$7),A9,"")&" "&IF(AND(E10=$S$11,F10=$U$7),A10,"")&" "&IF(AND(E11=$S$11,F11=$U$7),A11,"")&" "&IF(AND(E12=$S$11,F12=$U$7),A12,"")&" "&IF(AND(E13=$S$11,F13=$U$7),A13,"")&" "&IF(AND(E14=$S$11,F14=$U$7),A14,"")&" "&IF(AND(E15=$S$11,F15=$U$7),A15,"")&" "&IF(AND(E16=$S$11,F16=$U$7),A16,"")&" "&IF(AND(E17=$S$11,F17=$U$7),A17,"")&" "&IF(AND(E18=$S$11,F18=$U$7),A18,"")&" "&IF(AND(E19=$S$11,F19=$U$7),A19,"")&" "&IF(AND(E20=$S$11,F20=$U$7),A20,"")&" "&IF(AND(E21=$S$11,F21=$U$7),A21,"")&" "&IF(AND(E22=$S$11,F22=$U$7),A22,"")&" "&IF(AND(E23=$S$11,F23=$U$7),A23,"")&" "&IF(AND(E24=$S$11,F24=$U$7),A24,"")&" "&IF(AND(E25=$S$11,F25=$U$7),A25,"")&" "&IF(AND(E26=$S$11,F26=$U$7),A26,"")&" "&IF(AND(E27=$S$11,F27=$U$7),A27,"") -> R4 | M11: =+IF(AND(E8=$S$11,F8=$V$7),A8,"")&" "&IF(AND(E9=$S$11,F9=$V$7),A9,"")&" "&IF(AND(E10=$S$11,F10=$V$7),A10,"")&" "&IF(AND(E11=$S$11,F11=$V$7),A11,"")&" "&IF(AND(E12=$S$11,F12=$V$7),A12,"")&" "&IF(AND(E13=$S$11,F13=$V$7),A13,"")&" "&IF(AND(E14=$S$11,F14=$V$7),A14,"")&" "&IF(AND(E15=$S$11,F15=$V$7),A15,"")&" "&IF(AND(E16=$S$11,F16=$V$7),A16,"")&" "&IF(AND(E17=$S$11,F17=$V$7),A17,"")&" "&IF(AND(E18=$S$11,F18=$V$7),A18,"")&" "&IF(AND(E19=$S$11,F19=$V$7),A19,"")&" "&IF(AND(E20=$S$11,F20=$V$7),A20,"")&" "&IF(AND(E21=$S$11,F21=$V$7),A21,"")&" "&IF(AND(E22=$S$11,F22=$V$7),A22,"")&" "&IF(AND(E23=$S$11,F23=$V$7),A23,"")&" "&IF(AND(E24=$S$11,F24=$V$7),A24,"")&" "&IF(AND(E25=$S$11,F25=$V$7),A25,"")&" "&IF(AND(E26=$S$11,F26=$V$7),A26,"")&" "&IF(AND(E27=$S$11,F27=$V$7),A27,"") -> R2 R6 | N11: =+IF(AND(E8=$S$11,F8=$W$7),A8,"")&" "&IF(AND(E9=$S$11,F9=$W$7),A9,"")&" "&IF(AND(E10=$S$11,F10=$W$7),A10,"")&" "&IF(AND(E11=$S$11,F11=$W$7),A11,"")&" "&IF(AND(E12=$S$11,F12=$W$7),A12,"")&" "&IF(AND(E13=$S$11,F13=$W$7),A13,"")&" "&IF(AND(E14=$S$11,F14=$W$7),A14,"")&" "&IF(AND(E15=$S$11,F15=$W$7),A15,"")&" "&IF(AND(E16=$S$11,F16=$W$7),A16,"")&" "&IF(AND(E17=$S$11,F17=$W$7),A17,"")&" "&IF(AND(E18=$S$11,F18=$W$7),A18,"")&" "&IF(AND(E19=$S$11,F19=$W$7),A19,"")&" "&IF(AND(E20=$S$11,F20=$W$7),A20,"")&" "&IF(AND(E21=$S$11,F21=$W$7),A21,"")&" "&IF(AND(E22=$S$11,F22=$W$7),A22,"")&" "&IF(AND(E23=$S$11,F23=$W$7),A23,"")&" "&IF(AND(E24=$S$11,F24=$W$7),A24,"")&" "&IF(AND(E25=$S$11,F25=$W$7),A25,"")&" "&IF(AND(E26=$S$11,F26=$W$7),A26,"")&" "&IF(AND(E27=$S$11,F27=$W$7),A27,"") | O11: =+IF(AND(E8=$S$11,F8=$X$7),A8,"")&" "&IF(AND(E9=$S$11,F9=$X$7),A9,"")&" "&IF(AND(E10=$S$11,F10=$X$7),A10,"")&" "&IF(AND(E11=$S$11,F11=$X$7),A11,"")&" "&IF(AND(E12=$S$11,F12=$X$7),A12,"")&" "&IF(AND(E13=$S$11,F13=$X$7),A13,"")&" "&IF(AND(E14=$S$11,F14=$X$7),A14,"")&" "&IF(AND(E15=$S$11,F15=$X$7),A15,"")&" "&IF(AND(E16=$S$11,F16=$X$7),A16,"")&" "&IF(AND(E17=$S$11,F17=$X$7),A17,"")&" "&IF(AND(E18=$S$11,F18=$X$7),A18,"")&" "&IF(AND(E19=$S$11,F19=$X$7),A19,"")&" "&IF(AND(E20=$S$11,F20=$X$7),A20,"")&" "&IF(AND(E21=$S$11,F21=$X$7),A21,"")&" "&IF(AND(E22=$S$11,F22=$X$7),A22,"")&" "&IF(AND(E23=$S$11,F23=$X$7),A23,"")&" "&IF(AND(E24=$S$11,F24=$X$7),A24,"")&" "&IF(AND(E25=$S$11,F25=$X$7),A25,"")&" "&IF(AND(E26=$S$11,F26=$X$7),A26,"")&" "&IF(AND(E27=$S$11,F27=$X$7),A27,"") | R11: 0.4 | S11: Baja | T11: Bajo | U11: Moderado | V11: Moderado | W11: Alto | X11: Extremo
A12: ='2 CONTEXTO E IDENTIFICACIÓN'!A11 -> R5 | B12: =+'2 CONTEXTO E IDENTIFICACIÓN'!E11 -> Posibilidad de pérdida Reputacional por fallas en el software de facturación debido a deficiencias en el funcionamiento o mantenimiento del sistema de facturación | C12: =+'5 VALORACIÓN DEL CONTROL'!S26 -> 0.168 | D12: =+'5 VALORACIÓN DEL CONTROL'!T26 -> 0.3 | E12: =+IF(C12=0,"",IF(C12<=$R$12,$S$12,IF(C12<=$R$11,$S$11,IF(C12<=$R$10,$S$10,IF(C12<=$R$9,$S$9,IF(C12<=$R$8,$S$8,"")))))) -> Muy Baja | F12: =+IF(D12=0,"",IF(D12<=$T$6,$T$7,IF(D12<=$U$6,$U$7,IF(D12<=$V$6,$V$7,IF(D12<=$W$6,$W$7,IF(D12<=$X$6,$X$7,"")))))) -> Menor | G12: =+IF(E12=$S$8,IF(F12=$T$7,$T$8,IF(F12=$U$7,$U$8,IF(F12=$V$7,$V$8,IF(F12=$W$7,$W$8,IF(F12=$X$7,$X$8))))),IF(E12=$S$9,IF(F12=$T$7,$T$9,IF(F12=$U$7,$U$9,IF(F12=$V$7,$V$9,IF(F12=$W$7,$W$9,IF(F12=$X$7,$X$9))))),IF(E12=$S$10,IF(F12=$T$7,$T$10,IF(F12=$U$7,$U$10,IF(F12=$V$7,$V$10,IF(F12=$W$7,$W$10,IF(F12=$X$7,$X$10))))),IF(E12=$S$11,IF(F12=$T$7,$T$11,IF(F12=$U$7,$U$11,IF(F12=$V$7,$V$11,IF(F12=$W$7,$W$11,IF(F12=$X$7,$X$11))))),IF(E12=$S$12,IF(F12=$T$7,$T$12,IF(F12=$U$7,$U$12,IF(F12=$V$7,$V$12,IF(F12=$W$7,$W$12,IF(F12=$X$7,$X$12))))),""))))) -> Bajo | J12: Muy Baja | K12: =+IF(AND(E8=$S$12,F8=$T$7),A8,"")&" "&IF(AND(E9=$S$12,F9=$T$7),A9,"")&" "&IF(AND(E10=$S$12,F10=$T$7),A10,"")&" "&IF(AND(E11=$S$12,F11=$T$7),A11,"")&" "&IF(AND(E12=$S$12,F12=$T$7),A12,"")&" "&IF(AND(E13=$S$12,F13=$T$7),A13,"")&" "&IF(AND(E14=$S$12,F14=$T$7),A14,"")&" "&IF(AND(E15=$S$12,F15=$T$7),A15,"")&" "&IF(AND(E16=$S$12,F16=$T$7),A16,"")&" "&IF(AND(E17=$S$12,F17=$T$7),A17,"")&" "&IF(AND(E18=$S$12,F18=$T$7),A18,"")&" "&IF(AND(E19=$S$12,F19=$T$7),A19,"")&" "&IF(AND(E20=$S$12,F20=$T$7),A20,"")&" "&IF(AND(E21=$S$12,F21=$T$7),A21,"")&" "&IF(AND(E22=$S$12,F22=$T$7),A22,"")&" "&IF(AND(E23=$S$12,F23=$T$7),A23,"")&" "&IF(AND(E24=$S$12,F24=$T$7),A24,"")&" "&IF(AND(E25=$S$12,F25=$T$7),A25,"")&" "&IF(AND(E26=$S$12,F26=$T$7),A26,"")&" "&IF(AND(E27=$S$12,F27=$T$7),A27,"") | L12: =+IF(AND(E8=$S$12,F8=$U$7),A8,"")&" "&IF(AND(E9=$S$12,F9=$U$7),A9,"")&" "&IF(AND(E10=$S$12,F10=$U$7),A10,"")&" "&IF(AND(E11=$S$12,F11=$U$7),A11,"")&" "&IF(AND(E12=$S$12,F12=$U$7),A12,"")&" "&IF(AND(E13=$S$12,F13=$U$7),A13,"")&" "&IF(AND(E14=$S$12,F14=$U$7),A14,"")&" "&IF(AND(E15=$S$12,F15=$U$7),A15,"")&" "&IF(AND(E16=$S$12,F16=$U$7),A16,"")&" "&IF(AND(E17=$S$12,F17=$U$7),A17,"")&" "&IF(AND(E18=$S$12,F18=$U$7),A18,"")&" "&IF(AND(E19=$S$12,F19=$U$7),A19,"")&" "&IF(AND(E20=$S$12,F20=$U$7),A20,"")&" "&IF(AND(E21=$S$12,F21=$U$7),A21,"")&" "&IF(AND(E22=$S$12,F22=$U$7),A22,"")&" "&IF(AND(E23=$S$12,F23=$U$7),A23,"")&" "&IF(AND(E24=$S$12,F24=$U$7),A24,"")&" "&IF(AND(E25=$S$12,F25=$U$7),A25,"")&" "&IF(AND(E26=$S$12,F26=$U$7),A26,"")&" "&IF(AND(E27=$S$12,F27=$U$7),A27,"") -> R1 R5 | M12: =+IF(AND(E8=$S$12,F8=$V$7),A8,"")&" "&IF(AND(E9=$S$12,F9=$V$7),A9,"")&" "&IF(AND(E10=$S$12,F10=$V$7),A10,"")&" "&IF(AND(E11=$S$12,F11=$V$7),A11,"")&" "&IF(AND(E12=$S$12,F12=$V$7),A12,"")&" "&IF(AND(E13=$S$12,F13=$V$7),A13,"")&" "&IF(AND(E14=$S$12,F14=$V$7),A14,"")&" "&IF(AND(E15=$S$12,F15=$V$7),A15,"")&" "&IF(AND(E16=$S$12,F16=$V$7),A16,"")&" "&IF(AND(E17=$S$12,F17=$V$7),A17,"")&" "&IF(AND(E18=$S$12,F18=$V$7),A18,"")&" "&IF(AND(E19=$S$12,F19=$V$7),A19,"")&" "&IF(AND(E20=$S$12,F20=$V$7),A20,"")&" "&IF(AND(E21=$S$12,F21=$V$7),A21,"")&" "&IF(AND(E22=$S$12,F22=$V$7),A22,"")&" "&IF(AND(E23=$S$12,F23=$V$7),A23,"")&" "&IF(AND(E24=$S$12,F24=$V$7),A24,"")&" "&IF(AND(E25=$S$12,F25=$V$7),A25,"")&" "&IF(AND(E26=$S$12,F26=$V$7),A26,"")&" "&IF(AND(E27=$S$12,F27=$V$7),A27,"") | N12: =+IF(AND(E8=$S$12,F8=$W$7),A8,"")&" "&IF(AND(E9=$S$12,F9=$W$7),A9,"")&" "&IF(AND(E10=$S$12,F10=$W$7),A10,"")&" "&IF(AND(E11=$S$12,F11=$W$7),A11,"")&" "&IF(AND(E12=$S$12,F12=$W$7),A12,"")&" "&IF(AND(E13=$S$12,F13=$W$7),A13,"")&" "&IF(AND(E14=$S$12,F14=$W$7),A14,"")&" "&IF(AND(E15=$S$12,F15=$W$7),A15,"")&" "&IF(AND(E16=$S$12,F16=$W$7),A16,"")&" "&IF(AND(E17=$S$12,F17=$W$7),A17,"")&" "&IF(AND(E18=$S$12,F18=$W$7),A18,"")&" "&IF(AND(E19=$S$12,F19=$W$7),A19,"")&" "&IF(AND(E20=$S$12,F20=$W$7),A20,"")&" "&IF(AND(E21=$S$12,F21=$W$7),A21,"")&" "&IF(AND(E22=$S$12,F22=$W$7),A22,"")&" "&IF(AND(E23=$S$12,F23=$W$7),A23,"")&" "&IF(AND(E24=$S$12,F24=$W$7),A24,"")&" "&IF(AND(E25=$S$12,F25=$W$7),A25,"")&" "&IF(AND(E26=$S$12,F26=$W$7),A26,"")&" "&IF(AND(E27=$S$12,F27=$W$7),A27,"") | O12: =+IF(AND(E8=$S$12,F8=$X$7),A8,"")&" "&IF(AND(E9=$S$12,F9=$X$7),A9,"")&" "&IF(AND(E10=$S$12,F10=$X$7),A10,"")&" "&IF(AND(E11=$S$12,F11=$X$7),A11,"")&" "&IF(AND(E12=$S$12,F12=$X$7),A12,"")&" "&IF(AND(E13=$S$12,F13=$X$7),A13,"")&" "&IF(AND(E14=$S$12,F14=$X$7),A14,"")&" "&IF(AND(E15=$S$12,F15=$X$7),A15,"")&" "&IF(AND(E16=$S$12,F16=$X$7),A16,"")&" "&IF(AND(E17=$S$12,F17=$X$7),A17,"")&" "&IF(AND(E18=$S$12,F18=$X$7),A18,"")&" "&IF(AND(E19=$S$12,F19=$X$7),A19,"")&" "&IF(AND(E20=$S$12,F20=$X$7),A20,"")&" "&IF(AND(E21=$S$12,F21=$X$7),A21,"")&" "&IF(AND(E22=$S$12,F22=$X$7),A22,"")&" "&IF(AND(E23=$S$12,F23=$X$7),A23,"")&" "&IF(AND(E24=$S$12,F24=$X$7),A24,"")&" "&IF(AND(E25=$S$12,F25=$X$7),A25,"")&" "&IF(AND(E26=$S$12,F26=$X$7),A26,"")&" "&IF(AND(E27=$S$12,F27=$X$7),A27,"") | R12: 0.2 | S12: Muy Baja | T12: Bajo | U12: Bajo | V12: Moderado | W12: Alto | X12: Extremo
A13: ='2 CONTEXTO E IDENTIFICACIÓN'!A12 -> R6 | B13: =+'2 CONTEXTO E IDENTIFICACIÓN'!E12 -> Posibilidad de afectación operativa y financiera por sabotaje cibernético en los pagos de insumos debido a vulnerabilidades en la seguridad de los medios digitales utilizados para las transacciones. | C13: =+'5 VALORACIÓN DEL CONTROL'!S30 -> 0.4 | D13: =+'5 VALORACIÓN DEL CONTROL'!T30 -> 0.6 | E13: =+IF(C13=0,"",IF(C13<=$R$12,$S$12,IF(C13<=$R$11,$S$11,IF(C13<=$R$10,$S$10,IF(C13<=$R$9,$S$9,IF(C13<=$R$8,$S$8,"")))))) -> Baja | F13: =+IF(D13=0,"",IF(D13<=$T$6,$T$7,IF(D13<=$U$6,$U$7,IF(D13<=$V$6,$V$7,IF(D13<=$W$6,$W$7,IF(D13<=$X$6,$X$7,"")))))) -> Moderado | G13: =+IF(E13=$S$8,IF(F13=$T$7,$T$8,IF(F13=$U$7,$U$8,IF(F13=$V$7,$V$8,IF(F13=$W$7,$W$8,IF(F13=$X$7,$X$8))))),IF(E13=$S$9,IF(F13=$T$7,$T$9,IF(F13=$U$7,$U$9,IF(F13=$V$7,$V$9,IF(F13=$W$7,$W$9,IF(F13=$X$7,$X$9))))),IF(E13=$S$10,IF(F13=$T$7,$T$10,IF(F13=$U$7,$U$10,IF(F13=$V$7,$V$10,IF(F13=$W$7,$W$10,IF(F13=$X$7,$X$10))))),IF(E13=$S$11,IF(F13=$T$7,$T$11,IF(F13=$U$7,$U$11,IF(F13=$V$7,$V$11,IF(F13=$W$7,$W$11,IF(F13=$X$7,$X$11))))),IF(E13=$S$12,IF(F13=$T$7,$T$12,IF(F13=$U$7,$U$12,IF(F13=$V$7,$V$12,IF(F13=$W$7,$W$12,IF(F13=$X$7,$X$12))))),""))))) -> Moderado
A14: ='2 CONTEXTO E IDENTIFICACIÓN'!A13 -> R7 | B14: =+'2 CONTEXTO E IDENTIFICACIÓN'!E13 -> 0 | E14: =+IF(C14=0,"",IF(C14<=$R$12,$S$12,IF(C14<=$R$11,$S$11,IF(C14<=$R$10,$S$10,IF(C14<=$R$9,$S$9,IF(C14<=$R$8,$S$8,"")))))) | F14: =+IF(D14=0,"",IF(D14<=$T$6,$T$7,IF(D14<=$U$6,$U$7,IF(D14<=$V$6,$V$7,IF(D14<=$W$6,$W$7,IF(D14<=$X$6,$X$7,"")))))) | G14: =+IF(E14=$S$8,IF(F14=$T$7,$T$8,IF(F14=$U$7,$U$8,IF(F14=$V$7,$V$8,IF(F14=$W$7,$W$8,IF(F14=$X$7,$X$8))))),IF(E14=$S$9,IF(F14=$T$7,$T$9,IF(F14=$U$7,$U$9,IF(F14=$V$7,$V$9,IF(F14=$W$7,$W$9,IF(F14=$X$7,$X$9))))),IF(E14=$S$10,IF(F14=$T$7,$T$10,IF(F14=$U$7,$U$10,IF(F14=$V$7,$V$10,IF(F14=$W$7,$W$10,IF(F14=$X$7,$X$10))))),IF(E14=$S$11,IF(F14=$T$7,$T$11,IF(F14=$U$7,$U$11,IF(F14=$V$7,$V$11,IF(F14=$W$7,$W$11,IF(F14=$X$7,$X$11))))),IF(E14=$S$12,IF(F14=$T$7,$T$12,IF(F14=$U$7,$U$12,IF(F14=$V$7,$V$12,IF(F14=$W$7,$W$12,IF(F14=$X$7,$X$12))))),""))))) | T14: NIVELES DE RIESGO
A15: ='2 CONTEXTO E IDENTIFICACIÓN'!A14 -> R8 | B15: =+'2 CONTEXTO E IDENTIFICACIÓN'!E14 -> 0 | E15: =+IF(C15=0,"",IF(C15<=$R$12,$S$12,IF(C15<=$R$11,$S$11,IF(C15<=$R$10,$S$10,IF(C15<=$R$9,$S$9,IF(C15<=$R$8,$S$8,"")))))) | F15: =+IF(D15=0,"",IF(D15<=$T$6,$T$7,IF(D15<=$U$6,$U$7,IF(D15<=$V$6,$V$7,IF(D15<=$W$6,$W$7,IF(D15<=$X$6,$X$7,"")))))) | G15: =+IF(E15=$S$8,IF(F15=$T$7,$T$8,IF(F15=$U$7,$U$8,IF(F15=$V$7,$V$8,IF(F15=$W$7,$W$8,IF(F15=$X$7,$X$8))))),IF(E15=$S$9,IF(F15=$T$7,$T$9,IF(F15=$U$7,$U$9,IF(F15=$V$7,$V$9,IF(F15=$W$7,$W$9,IF(F15=$X$7,$X$9))))),IF(E15=$S$10,IF(F15=$T$7,$T$10,IF(F15=$U$7,$U$10,IF(F15=$V$7,$V$10,IF(F15=$W$7,$W$10,IF(F15=$X$7,$X$10))))),IF(E15=$S$11,IF(F15=$T$7,$T$11,IF(F15=$U$7,$U$11,IF(F15=$V$7,$V$11,IF(F15=$W$7,$W$11,IF(F15=$X$7,$X$11))))),IF(E15=$S$12,IF(F15=$T$7,$T$12,IF(F15=$U$7,$U$12,IF(F15=$V$7,$V$12,IF(F15=$W$7,$W$12,IF(F15=$X$7,$X$12))))),""))))) | T15: Extremo
A16: ='2 CONTEXTO E IDENTIFICACIÓN'!A15 -> R9 | B16: =+'2 CONTEXTO E IDENTIFICACIÓN'!E15 | C16: =+'5 VALORACIÓN DEL CONTROL'!S42 | D16: =+'5 VALORACIÓN DEL CONTROL'!T42 | E16: =+IF(C16=0,"",IF(C16<=$R$12,$S$12,IF(C16<=$R$11,$S$11,IF(C16<=$R$10,$S$10,IF(C16<=$R$9,$S$9,IF(C16<=$R$8,$S$8,"")))))) | F16: =+IF(D16=0,"",IF(D16<=$T$6,$T$7,IF(D16<=$U$6,$U$7,IF(D16<=$V$6,$V$7,IF(D16<=$W$6,$W$7,IF(D16<=$X$6,$X$7,"")))))) | G16: =+IF(E16=$S$8,IF(F16=$T$7,$T$8,IF(F16=$U$7,$U$8,IF(F16=$V$7,$V$8,IF(F16=$W$7,$W$8,IF(F16=$X$7,$X$8))))),IF(E16=$S$9,IF(F16=$T$7,$T$9,IF(F16=$U$7,$U$9,IF(F16=$V$7,$V$9,IF(F16=$W$7,$W$9,IF(F16=$X$7,$X$9))))),IF(E16=$S$10,IF(F16=$T$7,$T$10,IF(F16=$U$7,$U$10,IF(F16=$V$7,$V$10,IF(F16=$W$7,$W$10,IF(F16=$X$7,$X$10))))),IF(E16=$S$11,IF(F16=$T$7,$T$11,IF(F16=$U$7,$U$11,IF(F16=$V$7,$V$11,IF(F16=$W$7,$W$11,IF(F16=$X$7,$X$11))))),IF(E16=$S$12,IF(F16=$T$7,$T$12,IF(F16=$U$7,$U$12,IF(F16=$V$7,$V$12,IF(F16=$W$7,$W$12,IF(F16=$X$7,$X$12))))),""))))) | T16: Alto
A17: ='2 CONTEXTO E IDENTIFICACIÓN'!A16 -> R10 | B17: =+'2 CONTEXTO E IDENTIFICACIÓN'!E16 | C17: =+'5 VALORACIÓN DEL CONTROL'!S46 | D17: =+'5 VALORACIÓN DEL CONTROL'!T46 | E17: =+IF(C17=0,"",IF(C17<=$R$12,$S$12,IF(C17<=$R$11,$S$11,IF(C17<=$R$10,$S$10,IF(C17<=$R$9,$S$9,IF(C17<=$R$8,$S$8,"")))))) | F17: =+IF(D17=0,"",IF(D17<=$T$6,$T$7,IF(D17<=$U$6,$U$7,IF(D17<=$V$6,$V$7,IF(D17<=$W$6,$W$7,IF(D17<=$X$6,$X$7,"")))))) | G17: =+IF(E17=$S$8,IF(F17=$T$7,$T$8,IF(F17=$U$7,$U$8,IF(F17=$V$7,$V$8,IF(F17=$W$7,$W$8,IF(F17=$X$7,$X$8))))),IF(E17=$S$9,IF(F17=$T$7,$T$9,IF(F17=$U$7,$U$9,IF(F17=$V$7,$V$9,IF(F17=$W$7,$W$9,IF(F17=$X$7,$X$9))))),IF(E17=$S$10,IF(F17=$T$7,$T$10,IF(F17=$U$7,$U$10,IF(F17=$V$7,$V$10,IF(F17=$W$7,$W$10,IF(F17=$X$7,$X$10))))),IF(E17=$S$11,IF(F17=$T$7,$T$11,IF(F17=$U$7,$U$11,IF(F17=$V$7,$V$11,IF(F17=$W$7,$W$11,IF(F17=$X$7,$X$11))))),IF(E17=$S$12,IF(F17=$T$7,$T$12,IF(F17=$U$7,$U$12,IF(F17=$V$7,$V$12,IF(F17=$W$7,$W$12,IF(F17=$X$7,$X$12))))),""))))) | T17: Moderado
A18: ='2 CONTEXTO E IDENTIFICACIÓN'!A17 -> R11 | B18: =+'2 CONTEXTO E IDENTIFICACIÓN'!E17 | C18: =+'5 VALORACIÓN DEL CONTROL'!S50 | D18: =+'5 VALORACIÓN DEL CONTROL'!T50 | E18: =+IF(C18=0,"",IF(C18<=$R$12,$S$12,IF(C18<=$R$11,$S$11,IF(C18<=$R$10,$S$10,IF(C18<=$R$9,$S$9,IF(C18<=$R$8,$S$8,"")))))) | F18: =+IF(D18=0,"",IF(D18<=$T$6,$T$7,IF(D18<=$U$6,$U$7,IF(D18<=$V$6,$V$7,IF(D18<=$W$6,$W$7,IF(D18<=$X$6,$X$7,"")))))) | G18: =+IF(E18=$S$8,IF(F18=$T$7,$T$8,IF(F18=$U$7,$U$8,IF(F18=$V$7,$V$8,IF(F18=$W$7,$W$8,IF(F18=$X$7,$X$8))))),IF(E18=$S$9,IF(F18=$T$7,$T$9,IF(F18=$U$7,$U$9,IF(F18=$V$7,$V$9,IF(F18=$W$7,$W$9,IF(F18=$X$7,$X$9))))),IF(E18=$S$10,IF(F18=$T$7,$T$10,IF(F18=$U$7,$U$10,IF(F18=$V$7,$V$10,IF(F18=$W$7,$W$10,IF(F18=$X$7,$X$10))))),IF(E18=$S$11,IF(F18=$T$7,$T$11,IF(F18=$U$7,$U$11,IF(F18=$V$7,$V$11,IF(F18=$W$7,$W$11,IF(F18=$X$7,$X$11))))),IF(E18=$S$12,IF(F18=$T$7,$T$12,IF(F18=$U$7,$U$12,IF(F18=$V$7,$V$12,IF(F18=$W$7,$W$12,IF(F18=$X$7,$X$12))))),""))))) | T18: Bajo
A19: ='2 CONTEXTO E IDENTIFICACIÓN'!A18 -> R12 | B19: =+'2 CONTEXTO E IDENTIFICACIÓN'!E16 | C19: =+'5 VALORACIÓN DEL CONTROL'!S54 | D19: =+'5 VALORACIÓN DEL CONTROL'!T54 | E19: =+IF(C19=0,"",IF(C19<=$R$12,$S$12,IF(C19<=$R$11,$S$11,IF(C19<=$R$10,$S$10,IF(C19<=$R$9,$S$9,IF(C19<=$R$8,$S$8,"")))))) | F19: =+IF(D19=0,"",IF(D19<=$T$6,$T$7,IF(D19<=$U$6,$U$7,IF(D19<=$V$6,$V$7,IF(D19<=$W$6,$W$7,IF(D19<=$X$6,$X$7,"")))))) | G19: =+IF(E19=$S$8,IF(F19=$T$7,$T$8,IF(F19=$U$7,$U$8,IF(F19=$V$7,$V$8,IF(F19=$W$7,$W$8,IF(F19=$X$7,$X$8))))),IF(E19=$S$9,IF(F19=$T$7,$T$9,IF(F19=$U$7,$U$9,IF(F19=$V$7,$V$9,IF(F19=$W$7,$W$9,IF(F19=$X$7,$X$9))))),IF(E19=$S$10,IF(F19=$T$7,$T$10,IF(F19=$U$7,$U$10,IF(F19=$V$7,$V$10,IF(F19=$W$7,$W$10,IF(F19=$X$7,$X$10))))),IF(E19=$S$11,IF(F19=$T$7,$T$11,IF(F19=$U$7,$U$11,IF(F19=$V$7,$V$11,IF(F19=$W$7,$W$11,IF(F19=$X$7,$X$11))))),IF(E19=$S$12,IF(F19=$T$7,$T$12,IF(F19=$U$7,$U$12,IF(F19=$V$7,$V$12,IF(F19=$W$7,$W$12,IF(F19=$X$7,$X$12))))),"")))))
A20: ='2 CONTEXTO E IDENTIFICACIÓN'!A19 -> R13 | B20: =+'2 CONTEXTO E IDENTIFICACIÓN'!E17 | C20: =+'5 VALORACIÓN DEL CONTROL'!S58 | D20: =+'5 VALORACIÓN DEL CONTROL'!T58 | E20: =+IF(C20=0,"",IF(C20<=$R$12,$S$12,IF(C20<=$R$11,$S$11,IF(C20<=$R$10,$S$10,IF(C20<=$R$9,$S$9,IF(C20<=$R$8,$S$8,"")))))) | F20: =+IF(D20=0,"",IF(D20<=$T$6,$T$7,IF(D20<=$U$6,$U$7,IF(D20<=$V$6,$V$7,IF(D20<=$W$6,$W$7,IF(D20<=$X$6,$X$7,"")))))) | G20: =+IF(E20=$S$8,IF(F20=$T$7,$T$8,IF(F20=$U$7,$U$8,IF(F20=$V$7,$V$8,IF(F20=$W$7,$W$8,IF(F20=$X$7,$X$8))))),IF(E20=$S$9,IF(F20=$T$7,$T$9,IF(F20=$U$7,$U$9,IF(F20=$V$7,$V$9,IF(F20=$W$7,$W$9,IF(F20=$X$7,$X$9))))),IF(E20=$S$10,IF(F20=$T$7,$T$10,IF(F20=$U$7,$U$10,IF(F20=$V$7,$V$10,IF(F20=$W$7,$W$10,IF(F20=$X$7,$X$10))))),IF(E20=$S$11,IF(F20=$T$7,$T$11,IF(F20=$U$7,$U$11,IF(F20=$V$7,$V$11,IF(F20=$W$7,$W$11,IF(F20=$X$7,$X$11))))),IF(E20=$S$12,IF(F20=$T$7,$T$12,IF(F20=$U$7,$U$12,IF(F20=$V$7,$V$12,IF(F20=$W$7,$W$12,IF(F20=$X$7,$X$12))))),"")))))
A21: ='2 CONTEXTO E IDENTIFICACIÓN'!A20 -> R16 | B21: =+'2 CONTEXTO E IDENTIFICACIÓN'!E18 | C21: =+'5 VALORACIÓN DEL CONTROL'!S62 | D21: =+'5 VALORACIÓN DEL CONTROL'!T62 | E21: =+IF(C21=0,"",IF(C21<=$R$12,$S$12,IF(C21<=$R$11,$S$11,IF(C21<=$R$10,$S$10,IF(C21<=$R$9,$S$9,IF(C21<=$R$8,$S$8,"")))))) | F21: =+IF(D21=0,"",IF(D21<=$T$6,$T$7,IF(D21<=$U$6,$U$7,IF(D21<=$V$6,$V$7,IF(D21<=$W$6,$W$7,IF(D21<=$X$6,$X$7,"")))))) | G21: =+IF(E21=$S$8,IF(F21=$T$7,$T$8,IF(F21=$U$7,$U$8,IF(F21=$V$7,$V$8,IF(F21=$W$7,$W$8,IF(F21=$X$7,$X$8))))),IF(E21=$S$9,IF(F21=$T$7,$T$9,IF(F21=$U$7,$U$9,IF(F21=$V$7,$V$9,IF(F21=$W$7,$W$9,IF(F21=$X$7,$X$9))))),IF(E21=$S$10,IF(F21=$T$7,$T$10,IF(F21=$U$7,$U$10,IF(F21=$V$7,$V$10,IF(F21=$W$7,$W$10,IF(F21=$X$7,$X$10))))),IF(E21=$S$11,IF(F21=$T$7,$T$11,IF(F21=$U$7,$U$11,IF(F21=$V$7,$V$11,IF(F21=$W$7,$W$11,IF(F21=$X$7,$X$11))))),IF(E21=$S$12,IF(F21=$T$7,$T$12,IF(F21=$U$7,$U$12,IF(F21=$V$7,$V$12,IF(F21=$W$7,$W$12,IF(F21=$X$7,$X$12))))),"")))))
A22: ='2 CONTEXTO E IDENTIFICACIÓN'!A21 -> R17 | B22: =+'2 CONTEXTO E IDENTIFICACIÓN'!E19 | C22: =+'5 VALORACIÓN DEL CONTROL'!S66 | D22: =+'5 VALORACIÓN DEL CONTROL'!T66 | E22: =+IF(C22=0,"",IF(C22<=$R$12,$S$12,IF(C22<=$R$11,$S$11,IF(C22<=$R$10,$S$10,IF(C22<=$R$9,$S$9,IF(C22<=$R$8,$S$8,"")))))) | F22: =+IF(D22=0,"",IF(D22<=$T$6,$T$7,IF(D22<=$U$6,$U$7,IF(D22<=$V$6,$V$7,IF(D22<=$W$6,$W$7,IF(D22<=$X$6,$X$7,"")))))) | G22: =+IF(E22=$S$8,IF(F22=$T$7,$T$8,IF(F22=$U$7,$U$8,IF(F22=$V$7,$V$8,IF(F22=$W$7,$W$8,IF(F22=$X$7,$X$8))))),IF(E22=$S$9,IF(F22=$T$7,$T$9,IF(F22=$U$7,$U$9,IF(F22=$V$7,$V$9,IF(F22=$W$7,$W$9,IF(F22=$X$7,$X$9))))),IF(E22=$S$10,IF(F22=$T$7,$T$10,IF(F22=$U$7,$U$10,IF(F22=$V$7,$V$10,IF(F22=$W$7,$W$10,IF(F22=$X$7,$X$10))))),IF(E22=$S$11,IF(F22=$T$7,$T$11,IF(F22=$U$7,$U$11,IF(F22=$V$7,$V$11,IF(F22=$W$7,$W$11,IF(F22=$X$7,$X$11))))),IF(E22=$S$12,IF(F22=$T$7,$T$12,IF(F22=$U$7,$U$12,IF(F22=$V$7,$V$12,IF(F22=$W$7,$W$12,IF(F22=$X$7,$X$12))))),"")))))
A23: ='2 CONTEXTO E IDENTIFICACIÓN'!A22 -> R18 | B23: =+'2 CONTEXTO E IDENTIFICACIÓN'!E20 | C23: =+'5 VALORACIÓN DEL CONTROL'!S70 | D23: =+'5 VALORACIÓN DEL CONTROL'!T70 | E23: =+IF(C23=0,"",IF(C23<=$R$12,$S$12,IF(C23<=$R$11,$S$11,IF(C23<=$R$10,$S$10,IF(C23<=$R$9,$S$9,IF(C23<=$R$8,$S$8,"")))))) | F23: =+IF(D23=0,"",IF(D23<=$T$6,$T$7,IF(D23<=$U$6,$U$7,IF(D23<=$V$6,$V$7,IF(D23<=$W$6,$W$7,IF(D23<=$X$6,$X$7,"")))))) | G23: =+IF(E23=$S$8,IF(F23=$T$7,$T$8,IF(F23=$U$7,$U$8,IF(F23=$V$7,$V$8,IF(F23=$W$7,$W$8,IF(F23=$X$7,$X$8))))),IF(E23=$S$9,IF(F23=$T$7,$T$9,IF(F23=$U$7,$U$9,IF(F23=$V$7,$V$9,IF(F23=$W$7,$W$9,IF(F23=$X$7,$X$9))))),IF(E23=$S$10,IF(F23=$T$7,$T$10,IF(F23=$U$7,$U$10,IF(F23=$V$7,$V$10,IF(F23=$W$7,$W$10,IF(F23=$X$7,$X$10))))),IF(E23=$S$11,IF(F23=$T$7,$T$11,IF(F23=$U$7,$U$11,IF(F23=$V$7,$V$11,IF(F23=$W$7,$W$11,IF(F23=$X$7,$X$11))))),IF(E23=$S$12,IF(F23=$T$7,$T$12,IF(F23=$U$7,$U$12,IF(F23=$V$7,$V$12,IF(F23=$W$7,$W$12,IF(F23=$X$7,$X$12))))),"")))))
A24: ='2 CONTEXTO E IDENTIFICACIÓN'!A23 -> R19 | B24: =+'2 CONTEXTO E IDENTIFICACIÓN'!E21 | C24: =+'5 VALORACIÓN DEL CONTROL'!S74 | D24: =+'5 VALORACIÓN DEL CONTROL'!T74 | E24: =+IF(C24=0,"",IF(C24<=$R$12,$S$12,IF(C24<=$R$11,$S$11,IF(C24<=$R$10,$S$10,IF(C24<=$R$9,$S$9,IF(C24<=$R$8,$S$8,"")))))) | F24: =+IF(D24=0,"",IF(D24<=$T$6,$T$7,IF(D24<=$U$6,$U$7,IF(D24<=$V$6,$V$7,IF(D24<=$W$6,$W$7,IF(D24<=$X$6,$X$7,"")))))) | G24: =+IF(E24=$S$8,IF(F24=$T$7,$T$8,IF(F24=$U$7,$U$8,IF(F24=$V$7,$V$8,IF(F24=$W$7,$W$8,IF(F24=$X$7,$X$8))))),IF(E24=$S$9,IF(F24=$T$7,$T$9,IF(F24=$U$7,$U$9,IF(F24=$V$7,$V$9,IF(F24=$W$7,$W$9,IF(F24=$X$7,$X$9))))),IF(E24=$S$10,IF(F24=$T$7,$T$10,IF(F24=$U$7,$U$10,IF(F24=$V$7,$V$10,IF(F24=$W$7,$W$10,IF(F24=$X$7,$X$10))))),IF(E24=$S$11,IF(F24=$T$7,$T$11,IF(F24=$U$7,$U$11,IF(F24=$V$7,$V$11,IF(F24=$W$7,$W$11,IF(F24=$X$7,$X$11))))),IF(E24=$S$12,IF(F24=$T$7,$T$12,IF(F24=$U$7,$U$12,IF(F24=$V$7,$V$12,IF(F24=$W$7,$W$12,IF(F24=$X$7,$X$12))))),"")))))
A25: ='2 CONTEXTO E IDENTIFICACIÓN'!A24 -> R20 | B25: =+'2 CONTEXTO E IDENTIFICACIÓN'!E22 | C25: =+'5 VALORACIÓN DEL CONTROL'!S78 | D25: =+'5 VALORACIÓN DEL CONTROL'!T78 | E25: =+IF(C25=0,"",IF(C25<=$R$12,$S$12,IF(C25<=$R$11,$S$11,IF(C25<=$R$10,$S$10,IF(C25<=$R$9,$S$9,IF(C25<=$R$8,$S$8,"")))))) | F25: =+IF(D25=0,"",IF(D25<=$T$6,$T$7,IF(D25<=$U$6,$U$7,IF(D25<=$V$6,$V$7,IF(D25<=$W$6,$W$7,IF(D25<=$X$6,$X$7,"")))))) | G25: =+IF(E25=$S$8,IF(F25=$T$7,$T$8,IF(F25=$U$7,$U$8,IF(F25=$V$7,$V$8,IF(F25=$W$7,$W$8,IF(F25=$X$7,$X$8))))),IF(E25=$S$9,IF(F25=$T$7,$T$9,IF(F25=$U$7,$U$9,IF(F25=$V$7,$V$9,IF(F25=$W$7,$W$9,IF(F25=$X$7,$X$9))))),IF(E25=$S$10,IF(F25=$T$7,$T$10,IF(F25=$U$7,$U$10,IF(F25=$V$7,$V$10,IF(F25=$W$7,$W$10,IF(F25=$X$7,$X$10))))),IF(E25=$S$11,IF(F25=$T$7,$T$11,IF(F25=$U$7,$U$11,IF(F25=$V$7,$V$11,IF(F25=$W$7,$W$11,IF(F25=$X$7,$X$11))))),IF(E25=$S$12,IF(F25=$T$7,$T$12,IF(F25=$U$7,$U$12,IF(F25=$V$7,$V$12,IF(F25=$W$7,$W$12,IF(F25=$X$7,$X$12))))),"")))))
B26: =+'2 CONTEXTO E IDENTIFICACIÓN'!E23 | C26: =+'5 VALORACIÓN DEL CONTROL'!S82 | D26: =+'5 VALORACIÓN DEL CONTROL'!T82 | E26: =+IF(C26=0,"",IF(C26<=$R$12,$S$12,IF(C26<=$R$11,$S$11,IF(C26<=$R$10,$S$10,IF(C26<=$R$9,$S$9,IF(C26<=$R$8,$S$8,"")))))) | F26: =+IF(D26=0,"",IF(D26<=$T$6,$T$7,IF(D26<=$U$6,$U$7,IF(D26<=$V$6,$V$7,IF(D26<=$W$6,$W$7,IF(D26<=$X$6,$X$7,"")))))) | G26: =+IF(E26=$S$8,IF(F26=$T$7,$T$8,IF(F26=$U$7,$U$8,IF(F26=$V$7,$V$8,IF(F26=$W$7,$W$8,IF(F26=$X$7,$X$8))))),IF(E26=$S$9,IF(F26=$T$7,$T$9,IF(F26=$U$7,$U$9,IF(F26=$V$7,$V$9,IF(F26=$W$7,$W$9,IF(F26=$X$7,$X$9))))),IF(E26=$S$10,IF(F26=$T$7,$T$10,IF(F26=$U$7,$U$10,IF(F26=$V$7,$V$10,IF(F26=$W$7,$W$10,IF(F26=$X$7,$X$10))))),IF(E26=$S$11,IF(F26=$T$7,$T$11,IF(F26=$U$7,$U$11,IF(F26=$V$7,$V$11,IF(F26=$W$7,$W$11,IF(F26=$X$7,$X$11))))),IF(E26=$S$12,IF(F26=$T$7,$T$12,IF(F26=$U$7,$U$12,IF(F26=$V$7,$V$12,IF(F26=$W$7,$W$12,IF(F26=$X$7,$X$12))))),"")))))
B27: =+'2 CONTEXTO E IDENTIFICACIÓN'!E24 | C27: =+'5 VALORACIÓN DEL CONTROL'!S86 | D27: =+'5 VALORACIÓN DEL CONTROL'!T86 | E27: =+IF(C27=0,"",IF(C27<=$R$12,$S$12,IF(C27<=$R$11,$S$11,IF(C27<=$R$10,$S$10,IF(C27<=$R$9,$S$9,IF(C27<=$R$8,$S$8,"")))))) | F27: =+IF(D27=0,"",IF(D27<=$T$6,$T$7,IF(D27<=$U$6,$U$7,IF(D27<=$V$6,$V$7,IF(D27<=$W$6,$W$7,IF(D27<=$X$6,$X$7,"")))))) | G27: =+IF(E27=$S$8,IF(F27=$T$7,$T$8,IF(F27=$U$7,$U$8,IF(F27=$V$7,$V$8,IF(F27=$W$7,$W$8,IF(F27=$X$7,$X$8))))),IF(E27=$S$9,IF(F27=$T$7,$T$9,IF(F27=$U$7,$U$9,IF(F27=$V$7,$V$9,IF(F27=$W$7,$W$9,IF(F27=$X$7,$X$9))))),IF(E27=$S$10,IF(F27=$T$7,$T$10,IF(F27=$U$7,$U$10,IF(F27=$V$7,$V$10,IF(F27=$W$7,$W$10,IF(F27=$X$7,$X$10))))),IF(E27=$S$11,IF(F27=$T$7,$T$11,IF(F27=$U$7,$U$11,IF(F27=$V$7,$V$11,IF(F27=$W$7,$W$11,IF(F27=$X$7,$X$11))))),IF(E27=$S$12,IF(F27=$T$7,$T$12,IF(F27=$U$7,$U$12,IF(F27=$V$7,$V$12,IF(F27=$W$7,$W$12,IF(F27=$X$7,$X$12))))),"")))))

Sheet 7 MAPA CALOR INHEREN Y RESIDUAL
A1: #VALUE! | B1: MAPA Y PLAN DE TRATAMIENTO DE RIESGOS DE GESTIÓN COMERCIAL | D1: #VALUE!
A3: PROCESO: | B3: =+IF('2 CONTEXTO E IDENTIFICACIÓN'!$B$3="","",'2 CONTEXTO E IDENTIFICACIÓN'!$B$3) -> GESTIÓN COMERCIAL
A5: MAPA DE CALOR RIESGO INHERENTE | I5: MAPA DE CALOR RIESGO RESIDUAL | T5: Impacto
C6: Impacto | K6: Impacto | T6: 0.2 | U6: 0.4 | V6: 0.6 | W6: 0.8 | X6: 1
C7: Leve | D7: Menor | E7: Moderado | F7: Mayor | G7: Catastrófico | K7: Leve | L7: Menor | M7: Moderado | N7: Mayor | O7: Catastrófico | T7: Leve | U7: Menor | V7: Moderado | W7: Mayor | X7: Catastrófico
A8: Probabilidad | B8: Muy Alta | C8: =+'4 MAPA CALOR INHERENTE'!I8 | D8: =+'4 MAPA CALOR INHERENTE'!J8 | E8: =+'4 MAPA CALOR INHERENTE'!K8 | F8: =+'4 MAPA CALOR INHERENTE'!L8 | G8: =+'4 MAPA CALOR INHERENTE'!M8 | I8: Probabilidad | J8: Muy Alta | K8: =+'6 MAPA CALOR RESIDUAL'!K8 | L8: =+'6 MAPA CALOR RESIDUAL'!L8 | M8: =+'6 MAPA CALOR RESIDUAL'!M8 | N8: =+'6 MAPA CALOR RESIDUAL'!N8 | O8: =+'6 MAPA CALOR RESIDUAL'!O8 | Q8: Probabilidad | R8: 1 | S8: Muy Alta | T8: Alto | U8: Alto | V8: Alto | W8: Alto | X8: Extremo
B9: Alta | C9: =+'4 MAPA CALOR INHERENTE'!I9 | D9: =+'4 MAPA CALOR INHERENTE'!J9 | E9: =+'4 MAPA CALOR INHERENTE'!K9 | F9: =+'4 MAPA CALOR INHERENTE'!L9 | G9: =+'4 MAPA CALOR INHERENTE'!M9 | J9: Alta | K9: =+'6 MAPA CALOR RESIDUAL'!K9 | L9: =+'6 MAPA CALOR RESIDUAL'!L9 | M9: =+'6 MAPA CALOR RESIDUAL'!M9 | N9: =+'6 MAPA CALOR RESIDUAL'!N9 | O9: =+'6 MAPA CALOR RESIDUAL'!O9 | R9: 0.8 | S9: Alta | T9: Moderado | U9: Moderado | V9: Alto | W9: Alto | X9: Extremo
B10: Media | C10: =+'4 MAPA CALOR INHERENTE'!I10 | D10: =+'4 MAPA CALOR INHERENTE'!J10 -> R3 R4 | E10: =+'4 MAPA CALOR INHERENTE'!K10 -> R2 | F10: =+'4 MAPA CALOR INHERENTE'!L10 | G10: =+'4 MAPA CALOR INHERENTE'!M10 | J10: Media | K10: =+'6 MAPA CALOR RESIDUAL'!K10 | L10: =+'6 MAPA CALOR RESIDUAL'!L10 -> R3 | M10: =+'6 MAPA CALOR RESIDUAL'!M10 | N10: =+'6 MAPA CALOR RESIDUAL'!N10 | O10: =+'6 MAPA CALOR RESIDUAL'!O10 | R10: 0.6 | S10: Media | T10: Moderado | U10: Moderado | V10: Moderado | W10: Alto | X10: Extremo
B11: Baja | C11: =+'4 MAPA CALOR INHERENTE'!I11 | D11: =+'4 MAPA CALOR INHERENTE'!J11 -> R5 | E11: =+'4 MAPA CALOR INHERENTE'!K11 -> R6 | F11: =+'4 MAPA CALOR INHERENTE'!L11 | G11: =+'4 MAPA CALOR INHERENTE'!M11 | J11: Baja | K11: =+'6 MAPA CALOR RESIDUAL'!K11 | L11: =+'6 MAPA CALOR RESIDUAL'!L11 -> R4 | M11: =+'6 MAPA CALOR RESIDUAL'!M11 -> R2 R6 | N11: =+'6 MAPA CALOR RESIDUAL'!N11 | O11: =+'6 MAPA CALOR RESIDUAL'!O11 | R11: 0.4 | S11: Baja | T11: Bajo | U11: Moderado | V11: Moderado | W11: Alto | X11: Extremo
B12: Muy Baja | C12: =+'4 MAPA CALOR INHERENTE'!I12 | D12: =+'4 MAPA CALOR INHERENTE'!J12 | E12: =+'4 MAPA CALOR INHERENTE'!K12 -> R1 | F12: =+'4 MAPA CALOR INHERENTE'!L12 | G12: =+'4 MAPA CALOR INHERENTE'!M12 | J12: Muy Baja | K12: =+'6 MAPA CALOR RESIDUAL'!K12 | L12: =+'6 MAPA CALOR RESIDUAL'!L12 -> R1 R5 | M12: =+'6 MAPA CALOR RESIDUAL'!M12 | N12: =+'6 MAPA CALOR RESIDUAL'!N12 | O12: =+'6 MAPA CALOR RESIDUAL'!O12 | R12: 0.2 | S12: Muy Baja | T12: Bajo | U12: Bajo | V12: Moderado | W12: Alto | X12: Extremo
T14: NIVELES DE RIESGO
T15: Extremo
T16: Alto
T17: Moderado
T18: Bajo

Sheet 8 MAPA RIESGOS
A1: #VALUE! | B1: MAPA Y PLAN DE TRATAMIENTO DE RIESGOS DE GESTIÓN COMERCIAL | D1: #VALUE!
A3: PROCESO: | B3: =+IF('2 CONTEXTO E IDENTIFICACIÓN'!$B$3="","",'2 CONTEXTO E IDENTIFICACIÓN'!$B$3) -> GESTIÓN COMERCIAL
AF4: Impacto
E6: CALIFICACIÓN RIESGO INHERENTE | J6: CALIFICACIÓN RIESGO RESIDUAL | Q6: Plan de Acción | U6: Seguimientos por parte del Líder del Proceso | AF6: 0.2 | AG6: 0.4 | AH6: 0.6 | AI6: 0.8 | AJ6: 1
A7: No. DEL RIESGO | B7: RIESGO | C7: % Probabilidad Inherente | D7: % Impacto Inherente | E7: PROBABILIDAD | F7: IMPACTO | G7: SEVERIDAD (NIVEL DE RIESGO) | H7: % Probabilidad Residual | I7: % Impacto Residual | J7: PROBABILIDAD | K7: IMPACTO | L7: SEVERIDAD (NIVEL DE RIESGO) | M7: ¿Requiere Plan de Acción? | N7: Tratamiento | O7: Determine el tratamiento a seguir | P7: Definición del Tratamiento | Q7: Descripción de la Acción, basado en el análisis de causas | R7: Responsable (Cargo) | S7: Fecha de Inicio | T7: Fecha de Finalización | U7: Seguimiento 1 (1er Cuatrimestre abril 2026) | V7: Seguimiento 2 (Fecha y avance) | W7: Seguimiento 3 ... (Fecha y avance) | X7: Verificación por parte de segunda línea de defensa o quien haga sus veces (Fecha y Descripción) | Y7: Verificación por parte de la Oficina de Control Interno o quien haga sus veces (Fecha y Descripción) | Z7: Estado | AF7: Leve | AG7: Menor | AH7: Moderado | AI7: Mayor | AJ7: Catastrófico
A8: ='2 CONTEXTO E IDENTIFICACIÓN'!A7 -> R1 | B8: =+'2 CONTEXTO E IDENTIFICACIÓN'!E7 -> Posibilidad de pérdida Reputacional por no realizar medidas correctivas de acuerdos a los resultados que arroja la encuesta de satisfacción debido a ausencias de planes de mejora que orienten el fortalecimiento del servicio. | C8: =+'3 PROBABIL E IMPACTO INHERENTE'!E8 -> 0.2 | D8: =+'3 PROBABIL E IMPACTO INHERENTE'!M8 -> 0.6 | E8: =+'4 MAPA CALOR INHERENTE'!C8 -> Muy Baja | F8: =+'4 MAPA CALOR INHERENTE'!D8 -> Moderado | G8: =+'4 MAPA CALOR INHERENTE'!E8 -> Moderado | H8: =+'6 MAPA CALOR RESIDUAL'!C8 -> 0.2 | I8: =+'6 MAPA CALOR RESIDUAL'!D8 -> 0.253125 | J8: =+'6 MAPA CALOR RESIDUAL'!E8 -> Muy Baja | K8: =+'6 MAPA CALOR RESIDUAL'!F8 -> Menor | L8: =+'6 MAPA CALOR RESIDUAL'!G8 -> Bajo | M8: =+IF($N8="","",IF($N8=$AG$15,$AH$15,IF($N8=$AG$18,$AH$18))) -> No requiere Plan de Acción | N8: =+IF(L8="","",IF(OR(L8=$AF$15,L8=$AF$16,L8=$AF$17),$AG$15,IF(L8=$AF$18,$AG$18))) -> Aceptar | P8: =+IF($M8="","",IF($M8=$AH$18,$AG$18,$O8)) -> Aceptar | U8: Durante el período de seguimiento se verificó la aplicación de las encuestas de satisfacción y el análisis de los resultados obtenidos. Se realizó seguimiento a las situaciones identificadas y se evidenció que no se presentaron eventos que generaran pérdida reputacional asociada a la ausencia de acciones de mejora. Los controles implementados permitieron identificar oportunamente las oportunidades de mejora y mantener el nivel de satisfacción de los usuarios. Control eficaz. No se evidenció materialización del riesgo ni afectación reputacional. El control permitió mantener el riesgo en un nivel bajo, por lo cual no se considera necesario establecer un plan de acción adicional, sin perjuicio de continuar con el seguimiento periódico. | AC8: Probabilidad | AD8: 1 | AE8: Muy Alta | AF8: Alto | AG8: Alto | AH8: Alto | AI8: Alto | AJ8: Extremo
A9: ='2 CONTEXTO E IDENTIFICACIÓN'!A8 -> R2 | B9: =+'2 CONTEXTO E IDENTIFICACIÓN'!E8 -> Posibilidad de pérdida Económica y Reputacional por incumplimiento en los términos de ley para la atención de PQRS debido a la falta de seguimiento y control a los tiempos de respuesta de los PQRS. | C9: =+'3 PROBABIL E IMPACTO INHERENTE'!E9 -> 0.6 | D9: =+'3 PROBABIL E IMPACTO INHERENTE'!M9 -> 0.6 | E9: =+'4 MAPA CALOR INHERENTE'!C9 -> Media | F9: =+'4 MAPA CALOR INHERENTE'!D9 -> Moderado | G9: =+'4 MAPA CALOR INHERENTE'!E9 -> Moderado | H9: =+'5 VALORACIÓN DEL CONTROL'!S14 -> 0.3 | I9: =+'5 VALORACIÓN DEL CONTROL'!T14 -> 0.6 | J9: =+IF(H9=0,"",IF(H9<=$AD$12,$AE$12,IF(H9<=$AD$11,$AE$11,IF(H9<=$AD$10,$AE$10,IF(H9<=$AD$9,$AE$9,IF(H9<=$AD$8,$AE$8,"")))))) -> Baja | K9: =+IF(I9=0,"",IF(I9<=$AF$6,$AF$7,IF(I9<=$AG$6,$AG$7,IF(I9<=$AH$6,$AH$7,IF(I9<=$AI$6,$AI$7,IF(I9<=$AJ$6,$AJ$7,"")))))) -> Moderado | L9: =+IF(J9=$AE$8,IF(K9=$AF$7,$AF$8,IF(K9=$AG$7,$AG$8,IF(K9=$AH$7,$AH$8,IF(K9=$AI$7,$AI$8,IF(K9=$AJ$7,$AJ$8))))),IF(J9=$AE$9,IF(K9=$AF$7,$AF$9,IF(K9=$AG$7,$AG$9,IF(K9=$AH$7,$AH$9,IF(K9=$AI$7,$AI$9,IF(K9=$AJ$7,$AJ$9))))),IF(J9=$AE$10,IF(K9=$AF$7,$AF$10,IF(K9=$AG$7,$AG$10,IF(K9=$AH$7,$AH$10,IF(K9=$AI$7,$AI$10,IF(K9=$AJ$7,$AJ$10))))),IF(J9=$AE$11,IF(K9=$AF$7,$AF$11,IF(K9=$AG$7,$AG$11,IF(K9=$AH$7,$AH$11,IF(K9=$AI$7,$AI$11,IF(K9=$AJ$7,$AJ$11))))),IF(J9=$AE$12,IF(K9=$AF$7,$AF$12,IF(K9=$AG$7,$AG$12,IF(K9=$AH$7,$AH$12,IF(K9=$AI$7,$AI$12,IF(K9=$AJ$7,$AJ$12))))),""))))) -> Moderado | M9: =+IF($N9="","",IF($N9=$AG$15,$AH$15,IF($N9=$AG$18,$AH$18))) -> Requiere Plan de Acción | N9: =+IF(L9="","",IF(OR(L9=$AF$15,L9=$AF$16,L9=$AF$17),$AG$15,IF(L9=$AF$18,$AG$18))) -> Reducir_mitigar_Transferir_Evitar | O9: Reducir_Mitigar | P9: =+IF($M9="","",IF($M9=$AH$18,$AG$18,$O9)) -> Reducir_Mitigar | U9: Se efectuó seguimiento a los mecanismos de control establecidos para la recepción, registro, clasificación y atención de las PQRS, verificando el cumplimiento de los términos establecidos para su respuesta. Durante el período evaluado no se evidenciaron incumplimientos significativos de los términos legales ni consecuencias económicas o reputacionales derivadas de la atención de PQRS. Control eficaz. El seguimiento permitió verificar el cumplimiento de los tiempos de respuesta y prevenir la materialización del riesgo. El riesgo residual se mantiene en nivel moderado; sin embargo, los controles existentes resultaron suficientes para evitar su materialización. | AD9: 0.8 | AE9: Alta | AF9: Moderado | AG9: Moderado | AH9: Alto | AI9: Alto | AJ9: Extremo
